Workbook
Name Button_1: "Pokreal_CHC_List"
Name Button_2: "Pokreal_CHC_List"
Name KP: #REF!
Name KP: #REF!
Name г.Ош: #REF!
Name ГР: #REF!
Name демогр7: #REF!
Name ЕГР: #REF!
Name ЕГРСЕ1: #REF!
Name ЕГРСЕ2: #REF!
Name й12312: #REF!
Name КРыз: #REF!
Name КРыз: #REF!
Name т123: #REF!
Name тр: #REF!
Name тур: #REF!

Sheet свод
A1: 1. Административно-территориальное деление
A2: Ошской области
A3: (на конец года, единиц)
C4: 2020 | D4: 2021 | E4: 2022 | F4: 2023 | G4: 2024
A5: Число районов | C5: 7 | D5: 7 | E5: 7 | F5: 7 | G5: 7
A6: Число городов | C6: 3 | D6: 3 | E6: 3 | F6: 3 | G6: 3
A7: Число айыльных аймаков | C7: 88 | D7: 88 | E7: 88 | F7: 88 | G7: 58
A8: Число сельских населенных пунктов | C8: 526 | D8: 526 | E8: 530 | F8: 536 | G8: 504
A11: 1.2 Основные социально-экономические характеристики
A12: Ошской области
B13: Ед. изм. | C13: 2020 | D13: 2021 | E13: 2022 | F13: 2023 | G13: 2024
A15: Объем производства промышленной
A16: продукции (по видам экономической деятельности) без стоимости давальческого сырья | B16: млн.сомов | C16: 9457.8 | D16: 13516.8 | E16: 14596.6 | F16: 17317.6 | G16: 18474.2
A17: Производство основных видов
A18: промышленной продукции
A19: (по основным производимым видам):
A20: Уголь каменный и лигнит | B20: тыс.тонн (т) | C20: 535.1 | D20: 875.2 | E20: 977 | F20: 1001.6 | G20: 783.7
A21: Мясо и пищевые субпродукты | B21: т | C21: 4706.1 | D21: 5061.6 | E21: 4476.2 | F21: 4945.7 | G21: 5963.8
A22: Масло растительное | B22: т | C22: 508.7 | D22: 402.4 | E22: 366.4 | F22: 404.1 | G22: 530
A23: Табак промышленно изготовленный | B23: т | C23: - | D23: 107 | E23: 96.6 | F23: 33 | G23: 71.5
A24: Волокно хлопковое, кардо и гребнечесаное | B24: т | C24: 8368.9 | D24: 8258.9 | E24: 9730.3 | F24: 9058.4 | G24: 7739.3
A25: Мука из зерновых культур | B25: тыс. т | C25: 25 | D25: 17.8 | E25: 20.5 | F25: 22.3 | G25: 21.4
A26: Производство основных видов
A27: сельскохозяйственной продукции:
A28: Зерно (в весе после доработки) | B28: т | C28: 308769.6 | D28: 306939.8 | E28: 327810 | F28: 333370.3 | G28: 357785.2
A29: Картофель | B29: т | C29: 204947.3 | D29: 207365.6 | E29: 206648 | F29: 211356.5 | G29: 219944.3
A30: Овощи | B30: т | C30: 173538.5 | D30: 179111.8 | E30: 186387 | F30: 198183.7 | G30: 189107.4
A31: Мясо (в живой массе) | B31: т | C31: 86155.5 | D31: 87256.6 | E31: 88448.2 | F31: 90043 | G31: 90144.3
A32: Мясо (в убойной массе) | B32: т | C32: 46853 | D32: 47342 | E32: 50070.8 | F32: 48781.9 | G32: 49456.4
A33: Молоко сырое | B33: т | C33: 328068 | D33: 335023.5 | E33: 340341.6 | F33: 339592.9 | G33: 76470.5
A34: Шерсть (в физическом весе) | B34: т | C34: 2307 | D34: 2276.6 | E34: 2263.6 | F34: 2363.1 | G34: 2262.5
A35: Яйца | B35: тыс.шт | C35: 61683.1 | D35: 64196.9 | E35: 65462.3 | F35: 66670.8 | G35: 76470.5
A36: Инвестиции в основной капитал
A37: (капитальные вложения) | B37: млн.сомов | C37: 5088.1 | D37: 5481.1 | E37: 11810 | F37: 12863.7 | G37: 23593.5
A38: Перевозки грузов автомобильным
A39: транспортом | B39: тыс. т | C39: 2424.2 | D39: 2580.4 | E39: 2680.1 | F39: 2756.8 | G39: 2930.7
A40: Оптовая и розничная торговля; автомобилей и мотоциклов | B40: млн.сомов | C40: 37473.1 | D40: 48279.8 | E40: 61984.7 | F40: 76071 | G40: 90039.6
A41: Деятельность гостиниц и ресторанов | B41: млн.сомов | C41: 961.9 | D41: 1196.5 | E41: 1435.6 | F41: 1699.2 | G41: 2087.4
A42: Оборот розничной торговли, включая
A43: оборот предприятий питания | B43: млн.сомов | C43: 32093.4 | D43: 43095.9 | E43: 52975.5 | F43: 65192.9 | G43: 78609.2
A44: Выручка (валовой доход) от реализации
A45: продукции (работ, услуг) | B45: млн.сомов | C45: 17308.3 | D45: 15220.2 | E45: 17206.1 | F45: 22426.9 | G45: 32995.3
A46: Число зарегистрированных преступлений | B46: человек | C46: 2307 | D46: 2499 | E46: 2686 | F46: 2866 | G46: 2662
A47: Численность наличного населения (оценка на конец года) | B47: тыс. человек | C47: 1391649 | D47: 1435476 | E47: 1460425 | F47: 1490054 | G47: 1416714

Sheet ЕГРСЕ (3)
A1: 2. ПРЕДПРИЯТИЯ И ОРГАНИЗАЦИИ
A2: 2.1 Количество действующих юридических лиц, филиалов и представительств1
A4: (на 1 января)
B5: 2020 | C5: 2021 | D5: 2022 | E5: 2023 | F5: 2024
A6: Всего | B6: 3707 | C6: 3925 | D6: 3987 | E6: 4084 | F6: 4209
A7: Сельское хозяйство, лесное хозяйство и рыболовство. | B7: 258 | C7: 274 | D7: 304 | E7: 305 | F7: 328
A8: Добыча полезных ископаемых | B8: 47 | C8: 66 | D8: 65 | E8: 90 | F8: 92
A9: Обрабатывающие производства (Обрабатывающие промышленность) | B9: 95 | C9: 113 | D9: 105 | E9: 97 | F9: 105
A10: Обеспечение (снабжение) электроэнергией, газом, паром и кондициронированным воздухом. | B10: 5 | C10: 5 | D10: 5 | E10: 16 | F10: 13
A11: Водоснабжение, очистка, обработка отходов и получение вторичного сырья. | B11: 82 | C11: 94 | D11: 96 | E11: 68 | F11: 87
A12: Строительство | B12: 92 | C12: 136 | D12: 133 | E12: 160 | F12: 173
A13: Оптовая и розничная торговля, ремонт автомобилейи мотоциклов. | B13: 107 | C13: 145 | D13: 144 | E13: 206 | F13: 213
A14: Транспортная деятельность и хранение грузов. | B14: 65 | C14: 86 | D14: 84 | E14: 85 | F14: 91
A15: Деятельность гостиниц и ресторанов. | B15: 4 | C15: 4 | D15: 4 | E15: 5 | F15: 5
A16: Информация и связь | B16: 22 | C16: 22 | D16: 23 | E16: 28 | F16: 17
A17: Финансовое посредничество и страхование | B17: 131 | C17: 146 | D17: 151 | E17: 150 | F17: 111
... A25: Прочая обслуживающая деятельность. | B25: 1245 | C25: 1218 | D25: 1223 | E25: 839 | F25: 835
A26: Деятельность экстерриториальных организаций | B26: - | C26: - | D26: - | E26: -
A30: 2.2 Количество действующих юридических лиц, филиалов и представительств1 по территории
A31: (на 1 января)
B32: 2020 | C32: 2021 | D32: 2022 | E32: 2023
A33: Ошская область | B33: 3707 | C33: 3925 | D33: 3987 | E33: 4084 | F33: 4209
A34: Алайский район | B34: 333 | C34: 345 | D34: 347 | E34: 324 | F34: 344
A35: Араванский район | B35: 503 | C35: 493 | D35: 483 | E35: 392 | F35: 391
A36: Кара-Сууский район | B36: 1144 | C36: 1301 | D36: 1323 | E36: 1267 | F36: 1320
A37: Ноокатский район | B37: 684 | C37: 694 | D37: 731 | E37: 834 | F37: 869
A38: Кара-Кулжинский район | B38: 304 | C38: 306 | D38: 304 | E38: 290 | F38: 294
A39: Узгенский район | B39: 604 | C39: 659 | D39: 672 | E39: 791 | F39: 807
A40: Чон-Алайский район | B40: 135 | C40: 127 | D40: 127 | E40: 186 | F40: 184
A43: 2.3 Количество действующих юридических лиц, филиалов и представительств1 по формам собственности
A44: (на 1 января)
B45: 2020 | C45: 2021 | D45: 2022 | E45: 2023 | F45: 2024
A46: Всего | B46: 3707 | C46: 3925 | D46: 3987 | E46: 4084 | F46: 4209
A47: Государственная собственность | B47: 1201 | C47: 1232 | D47: 1252 | E47: 1635 | F47: 1658
A48: Муниципальная (коммунальная) собственность | B48: 250 | C48: 253 | D48: 261 | E48: 294 | F48: 374
A49: Частная собственность | B49: 2256 | C49: 2440 | D49: 2474 | E49: 2155 | F49: 2177
A50: Иные формы собственности | B50: 1 | C50: 1 | D50: 0 | E50: 0 | F50: 0
A53: 2.4 Количество юридических лиц, филиалов и представительств1 по признакам активности
A54: (на 1 января)
B55: 2020 | C55: 2021 | D55: 2022 | E55: 2023 | F55: 2024
A56: Всего | B56: 9061 | C56: 9327 | D56: 9796 | E56: 12032 | F56: 11513
A57: Действующие «1» | B57: 3707 | C57: 3925 | D57: 3987 | E57: 5322 | F57: 4369
A58: Спящие менее года «2» | B58: 911 | C58: 1057 | D58: 1364 | E58: 2144 | F58: 1276
A59: В стадии ликвидации «3» | B59: 119 | C59: 113 | D59: 151 | E59: 183 | F59: 566
A60: Вновь созданные «4» | B60: 187 | C60: 178 | D60: 276 | E60: 387 | F60: 400
A61: Не действующие более одного года "5" | B61: 1861 | C61: 1803 | D61: 1775 | E61: 1755 | F61: 1824
A62: Не действующие более десяти лет "6" | B62: 2269 | C62: 2245 | D62: 2236 | E62: 2228 | F62: 3065
A63: Признак «0» ("призрак") заполняется фактически не существующему субъекту | B63: 7 | C63: 6 | D63: 7 | E63: 13 | F63: 9
A65: 2.5. Количество неправительственных организаций, средств массовой информации, политических партий1
A67: (на 1 января)
B68: 2020 | C68: 2021 | D68: 2022 | E68: 2023 | F68: 2024
A69: Неправительственные организации | B69: 3101 | C69: 3115 | D69: 3194 | E69: 3692 | F69: 4390
A70: из них:
A71: политические партии | B71: 2 | C71: 2 | D71: 3 | E71: 3 | F71: -
A72: Средства массовой информации | B72: 14 | C72: 14 | D72: 14 | E72: 15 | F72: 73

Sheet ВРП И СНС
A1: 3. ВАЛОВЫЙ РЕГИОНАЛЬНЫЙ ПРОДУКТ (ВРП)
A2: 3.1. Валовой региональный продукт (ВРП)
A3: (миллион сомов)
B4: 2020 | C4: 2021 | D4: 2022 | E4: 2023 | F4: 2024
A5: Валовой региональный продукт | B5: 50996.5 | C5: 60550.7 | D5: 77621.9 | E5: 96701 | F5: 106559.6
A6: Валовой региональный стоимость | B6: 15529.8 | C6: 19625.8 | D6: 23151.6 | E6: 25221.9 | F6: 24966.8
A7: Сельское хозяйство, лесное хозяйство и рыбоводство | B7: 539.5 | C7: 1519.8 | D7: 1034 | E7: 1315 | F7: 2618.2
A8: Добыча полезных ископаемых | B8: 4096.7 | C8: 5139.8 | D8: 6850 | E8: 8155.9 | F8: 8799.1
A9: Обрабатывающие производства | B9: 461.6 | C9: 105.5 | D9: 256.3 | E9: 535.2 | F9: 1164.1
A10: Обеспечение (снабжение) электроэнергией, паром и кондицированным воздухом | B10: 63.9 | C10: 67.1 | D10: 80.2 | E10: 111 | F10: 143
A11: Водоснабжение, очистка, обработка отходов и получение вторичного сырья | B11: 2308.5 | C11: 1210.5 | D11: 4037.8 | E11: 7050.7 | F11: 7824.1
A12: Строительство | B12: 8966.7 | C12: 11879.8 | D12: 11904.4 | E12: 17195.2 | F12: 20702.3
A13: Оптовая и розничная торговля, ремонт автомобилей и мотоциклов | B13: 695.5 | C13: 791 | D13: 1014.4 | E13: 1051.7 | F13: 1205.2
A14: Транспортная деятельность и хранение грузов | B14: 549.2 | C14: 545.5 | D14: 677 | E14: 1026.9 | F14: 1451.7
A15: Деятельность гостиниц и ресторанов | B15: 12.7 | C15: 21.2 | D15: 24.9 | E15: 15.3 | F15: 30.3
A16: Информация и связь | B16: 1436.1 | C16: 1477.5 | D16: 4184.1 | E16: 4621.5 | F16: 6058
... A24: Искусство, развлечение и отдых | B24: 238.9 | C24: 339.2 | D24: 322.1 | E24: 384.4 | F24: 540.7
A25: Прочая обслуживающая деятельность | B25: - | C25: - | D25: - | E25: - | F25: -
A26: Косвенно измеряемые услуги финансового посредничества | B26: 12.4 | C26: 28.9 | D26: 36.7 | E26: 36 | F26: 44.7
A27: Чистые налоги на продукты | B27: 695.5 | C27: 1022.8 | D27: 1290.3 | E27: 2432.7 | F27: 2182.6
A30: 3.2. Валовой региональный продукт (ВРП)
A31: (в процентах к предыдущему году)
B32: 2020 | C32: 2021 | D32: 2022 | E32: 2023 | F32: 2024
A34: Валовой региональный продукт | B34: 92.6 | C34: 109.1 | D34: 104.7 | E34: 106.7 | F34: 110.3
A35: Сельское хозяйство, лесное хозяйство и рыбоводство | B35: 101.1 | C35: 101 | D35: 102.9 | E35: 101.7 | F35: 104.2
A36: Добыча полезных ископаемых | B36: 37.2 | C36: 159.3 | D36: 81.4 | E36: 152.1 | F36: 140.7
A37: Обрабатывающие производства | B37: 95.5 | C37: 139.6 | D37: 103.5 | E37: 109.6 | F37: 123.9
A38: Обеспечение (снабжение) электроэнергией, паром и кондицированным воздухом | B38: 101.1 | C38: 97 | D38: 102.3 | E38: 126.6 | F38: 264
A39: Водоснабжение, очистка, обработка отходов и получение вторичного сырья | B39: 97.4 | C39: 102.5 | D39: 113.4 | E39: 116.3 | F39: 116.3
A40: Строительство | B40: 89 | C40: 111.1 | D40: 161.5 | E40: 120 | F40: 140.4
A41: Оптовая и розничная торговля, ремонт автомобилей и мотоциклов | B41: 82.7 | C41: 116.9 | D41: 109.9 | E41: 115.1 | F41: 118.6
A42: Транспортная деятельность и хранение грузов | B42: 92.9 | C42: 91.2 | D42: 99.7 | E42: 110.1 | F42: 114.9
A43: Деятельность гостиниц и ресторанов | B43: 73.9 | C43: 109 | D43: 109.1 | E43: 110.9 | F43: 117.9
A44: Информация и связь | B44: 56 | C44: 144.1 | D44: 114.2 | E44: 130.5 | F44: 200
A45: Финансовое посредничество и страхование | B45: 66.8 | C45: 134.4 | D45: 102.8 | E45: 104.7 | F45: 103.4
... A53: Прочая обслуживающая деятельность | B53: 89.2 | C53: 89.3 | D53: 92.1 | E53: 117.9 | F53: 101.9
A54: Косвенно измеряемые услуги финансового посредничества | B54: - | C54: - | D54: - | E54: -
A55: Чистые налоги на продукты | B55: 93.4 | C55: 122.1 | D55: 111.4 | E55: 113.4 | F55: 112.2
A58: 3.3. Основные фонды по полной стоимости
A59: (на конец года; миллионов сомов)
B61: 2020 | C61: 2021 | D61: 2022 | E61: 2023 | F61: 2024
A63: Всего | B63: 238834.2 | C63: 233888 | D63: 284269.9 | E63: 357260.68 | F63: =F64+F65+F66+F67+F68+F69+F70+F71+F72+F73+F74+F75+F76+F77+F78+F79+F80+F81+F82 -> 47057.8
A64: Сельское хозяйство, охота и лесное хозяйство и рыбоводство | B64: 17477.4 | C64: 20307.7 | D64: 22699.6 | E64: 24091.494 | F64: 1656.9
A65: Добыча полезных ископаемых | B65: 3185.6 | C65: 3255.6 | D65: 3565.6 | E65: 3828.2043 | F65: 3714.4
A66: Обрабатывающая производства | B66: 13414.2 | C66: 13782.1 | D66: 14505.2 | E66: 14808.683 | F66: 14727.8
A67: Обеспечение (снабж) электроэнэргией,газом, паром и кондицированным воздухом | B67: 136.9 | C67: 223.6 | D67: 265.3 | E67: 225.1464 | F67: 390.5
A68: Водоснабжение, очмстка,обработка отходов и получение вторичного сырья | B68: 228.9 | C68: 229 | D68: 244.4 | E68: 397.0685 | F68: 411.3
A69: Строительство | B69: 4460.4 | C69: 4761.1 | D69: 732.7 | E69: 937.4789 | F69: 998.5
A70: Оптовая и розничная торговля, ремонт автомобилей и мотоциклов | B70: 499.9 | C70: 461.8 | D70: 495.3 | E70: 417.8834 | F70: 434.8
A71: Транспортная деательность и хранение грузов | B71: 353.6 | C71: 428.1 | D71: 361.3 | E71: 349.5852 | F71: 286.5
A72: Деательность гостиниц и ресторанов | B72: 220.2 | C72: 484.6 | D72: 265.2 | E72: 528.469 | F72: 0.7
A73: Информация и связь | B73: 7.7 | C73: 5.3 | D73: 5.4 | E73: 5.524 | F73: 5.3
A74: Финансовое посредничество и страхование | B74: 35.7 | C74: 41.2 | D74: 45 | E74: 45.6788 | F74: 46.3
A75: Операции с недвижимым имуществом, аренда и предостовление услуг потребителям | B75: 186411.1 | C75: 176260.6 | D75: 225786.4 | E75: 292054.92 | F75: 189.2
... A82: Прочая обсуживающая деятельность | B82: 139.2 | C82: 144.7 | D82: 171 | E82: 175.2801 | F82: 100.9
A85: 3.4. Основные фонды по остаточной стоимости
A86: (на конец года; миллионов сомов)
B87: 2020 | C87: 2021 | D87: 2022 | E87: 2023 | F87: 2024
A89: Всего | B89: 110574.3 | C89: 100 443 ,9 | D89: 145154.8 | E89: 213370.82 | F89: 42352
A90: Сельское хозяйство, охота и лесное хозяйство и рыбоводство | B90: 9669.1 | C90: 11597.7 | D90: 13004.4 | E90: 13363.372 | F90: 1491.2
A91: Добыча полезных ископаемых | B91: 972.4 | C91: 817.2 | D91: 891.2 | E91: 845.0833 | F91: 3342.8
A92: Обрабатывающая производства | B92: 8036 | C92: 7691.5 | D92: 7737.1 | E92: 7348.0433 | F92: 13255
A93: Обеспечение (снабж) электроэнэргией,газом, паром и кондицированным воздухом | B93: 120.1 | C93: 213.5 | D93: 240.7 | E93: 215.6367 | F93: 351.5
A94: Водоснабжение, очмстка,обработка отходов и получение вторичного сырья | B94: 202.6 | C94: 199.3 | D94: 212.2 | E94: 361.9658 | F94: 370
A95: Строительство | B95: 1949.9 | C95: 2074.3 | D95: -1473.9 | E95: 484.8798 | F95: 898.6
A96: Оптовая и розничная торговля, ремонт автомобилей и мотоциклов | B96: 264.7 | C96: 237.9 | D96: 274 | E96: 207.6367 | F96: 391.3
A97: Транспортная деятельность и хранение грузов | B97: 264.2 | C97: 313.4 | D97: 245.1 | E97: 234.3625 | F97: 257.8
A98: Деятельность гостиниц и ресторанов | B98: 211.4 | C98: 473.6 | D98: 263.3 | E98: 503.4248 | F98: 0.6
A99: Информация и связь | B99: 3.9 | C99: 2 | D99: 3.3 | E99: 3.3365 | F99: 4.8
A100: Финансовое посредничество и страхование | B100: 19.6 | C100: 24 | D100: 27 | E100: 26.6633 | F100: 41.5
A101: Операции с недвижимым имуществом, аренда и предостовление услуг потребителям | B101: 80054.9 | C101: 67228.9 | D101: 113192.1 | E101: 175222.57 | F101: 170.2
... A108: Прочая обсуживающая деятельность | B108: 133.4 | C108: 139.7 | D108: 163.2 | E108: 169.3553 | F108: 90.8
A112: 3.5. Износ основных фондов
A113: (на конец года; миллионов сомов)
B114: 2020 | C114: 2021 | D114: 2022 | E114: 2023 | F114: 2024
A115: Всего | B115: 5869.6 | C115: 5837.3 | D115: 6835.1 | E115: 8068.7774 | F115: 8212.8
A116: Сельское хозяйство, охота и лесное хозяйство и рыбоводство | B116: 758.6 | C116: 883.2 | D116: 984.9 | E116: 1045.1908 | F116: 1078.8
A117: Добыча полезных ископаемых | B117: 214.4 | C117: 229.2 | D117: 254.6 | E117: 293.596 | F117: 190.5
A118: Обрабатывающая производства | B118: 794 | C118: 747.4 | D118: 599.8 | E118: 678.9238 | F118: 607.6
A119: Обеспечение (снабж) электроэнэргией,газом, паром и кондицированным воздухом | B119: 2.2 | C119: 2.5 | D119: 5.9 | E119: 0.4047 | F119: 5.1
A120: Водоснабжение, очистка,обработка отходов и получение вторичного сырья | B120: 3.6 | C120: 3.7 | D120: 3.6 | E120: 3.3504 | F120: 3.6
A121: Строительство | B121: 161.4 | C121: 158.4 | D121: 1.6 | E121: 71.2367 | F121: 16.9
A122: Оптовая и розничная торговля, ремонт автомобилей и мотоциклов | B122: 30.2 | C122: 2.1 | D122: 5.2 | E122: 5.6705 | F122: 2.1
A123: Транспортная деятельность и хранение грузов | B123: 15.4 | C123: 16.1 | D123: 7.8 | E123: 3.5628 | F123: 7.3
A124: Деятельность гостиниц и ресторанов | B124: 2.8 | C124: 0.5 | D124: 0.3 | E124: 14.7413 | F124: -
A125: Информация и связь | C125: - | D125: 0.1 | E125: 0.0693 | F125: 107.1
A126: Финансовое посредничество и страхование | B126: 1.4 | C126: 1.9 | D126: 2.4 | E126: 2.2871 | F126: 2.3
A127: Операции с недвижимым имуществом, аренда и предостовление услуг потребителям | B127: 2811.4 | C127: 2609.6 | D127: 3394.8 | E127: 4241.1182 | F127: 4458
A128: Профессиональная, научная и техническая деательность | B128: 13.2 | C128: 11.1 | D128: 16.7 | E128: 16.3018 | F128: 8.4
A129: Административная и вспомогательная деятельность | B129: 0.4 | C129: 1.8 | D129: 3.8 | E129: 5.595 | F129: 31.2
A130: Государственное управление и оборона обязательное социальное обеспечение | B130: 780.3 | C130: 865.4 | D130: 1204.3 | E130: 186.7611 | F130: 466.2
A131: Образование | B131: 26.4 | C131: 29.7 | D131: 37 | E131: 599.3829 | F131: 591.1
A132: Здравоохранение и социальные услуги | B132: 252.9 | C132: 272.9 | D132: 311.6 | E132: 891.9827 | F132: 736.7
A133: Искусство, развлечение и отдыха | B133: 0.8 | C133: 1.6 | D133: 0.6 | E133: 891.9827 | F133: 4.4
A134: Прочая обсуживающая деятельность | B134: 0.2 | C134: 0.2 | D134: 0.1 | E134: 0.8169 | F134: 0.1

Sheet пром1
A1: 4. ПРОМЫШЛЕННОСТЬ
A2: 4.1. Объем производства промышленной продукции по видам экономической
A3: деятельности (без учета стоимости давальческого сырья)
A4: (миллион сомов)
B5: 2020 | C5: 2021 | D5: 2022 | E5: 2023 | F5: 2024
A6: Всего | B6: 9457.8 | C6: 13463.8 | D6: 14596.6 | E6: 17317.6 | F6: 18474.246
A7: Добыча полезных ископаемых | B7: 1137.7 | C7: 2401.6 | D7: 2393.2 | E7: 3852.8 | F7: 3144.7306
A8: Добыча каменного угля и бурого угля (лигнита) | B8: 834.5 | C8: 1419 | D8: 1833.2 | E8: 2127.1 | F8: 1804.8808
A9: Добыча металлических руд | B9: 50.2 | C9: 617.9 | D9: 171.7 | E9: 786.8 | F9: 637.8558
A10: Добыча прочих полезных ископаемых | B10: 253 | C10: 364.7 | D10: 388.3 | E10: 939 | F10: 701.994
A11: Обрабатывающие производства | B11: 7008.5 | C11: 9662.3 | D11: 10713.7 | E11: 11617.8 | F11: 13022.681
A12: Производство пищевых продуктов (включая напитки) и табачных изделий | B12: 423.5 | C12: 501.8 | D12: 665.1 | E12: 610.3 | F12: 768.6196
A13: Текстильное производство; производство одежды и обуви, кожи и прочих кожаных изделий | B13: 424.2 | C13: 676.4 | D13: 756.7 | E13: 687.4 | F13: 720.0655
A14: Производство деревянных и бумажных изделий; полиграфическая деятельность | B14: 134 | C14: 169 | D14: 314.7 | E14: 275.8 | F14: 279.5112
A15: Производство кокса и очищенных нефтепродуктов | B15: - | C15: - | D15: - | E15: - | F15: 15.7848
A16: Производство химической продукции | B16: 1.4 | C16: 1.9 | D16: 1.9 | E16: 1.2 | F16: 1.544
A17: Производство фармацевтической продукции | B17: 7.2 | C17: - | D17: - | E17: - | F17: -
A18: Производство резиновых и пластмассовых изделий, прочих неметаллических минеральных продуктов | B18: 5911.7 | C18: 8189.8 | D18: 8828.7 | E18: 9890.6 | F18: 11082.446
A19: Производство основных металлов и готовых металлических изделий, кроме машин и оборудования | B19: 37 | C19: 33.2 | D19: 18.4 | E19: 23.8 | F19: 69.4723
A20: Производство электрического оборудования | B20: 45.2 | C20: 63.2 | D20: 89 | E20: 67.8 | F20: -
A21: Прочие производства, ремонт и установка машин и оборудования | B21: 24.3 | C21: 27 | D21: 39.2 | E21: 60.8 | F21: 85.2382
A22: Обеспечение (снабжение) электроэнергией, газом, паром и кондиционированным воздухом | B22: 1197.5 | C22: 1275.4 | D22: 1338.1 | E22: 1630.1 | F22: 2054.859
A23: Производство электроэнергии, ее передача и распределение | B23: 1186.2 | C23: 1265 | D23: 1323.3 | E23: 1615.7 | F23: 2037.2319
A24: Обеспечение (снабжение) паром и кондиционированным воздухом | B24: 11.3 | C24: 10.4 | D24: 14.7 | E24: 14.4 | F24: 17.6271
A25: Водоснабжение, очистка, обработка отходов и получение вторичного сырья | B25: 114.1 | C25: 124.5 | D25: 151.6 | E25: 216.8 | F25: 251.9751
A26: Сбор, обработка и распределение воды (водоснабжение) | B26: 80.7 | C26: 84.4 | D26: 100.5 | E26: 133.7 | F26: 150.069
A27: Сбор, обработка и уничтожение отходов, получение вторичного сырья | B27: 33.4 | C27: 36.7 | D27: 45.2 | E27: 73.8 | F27: 92.0565
A28: Обеззараживание и прочая обработка отходов | B28: - | C28: 3.4 | D28: 5.9 | E28: 9.3 | F28: 9.8
A31: 4.2. Объем производства промышленной продукции по территории
A32: (миллион сомов)
B33: 2020 | C33: 2021 | D33: 2022 | E33: 2023 | F33: 2024
A35: Ошская область | B35: 9457.8 | C35: 13463.8 | D35: 14596.6 | E35: 17317.6 | F35: 18474.246
A36: районы:
A37: Алайский | B37: 355.5 | C37: 674.2 | D37: 719.7 | E37: 578.9 | F37: 412.9179
A38: Араванский | B38: 3834.4 | C38: 4382.5 | D38: 4337.2 | E38: 5245.6 | F38: 6052.3538
A39: Кара-Кулжинский | B39: 84.4 | C39: 89.5 | D39: 101.8 | E39: 120.3 | F39: 148.6919
A40: Кара-Сууский | B40: 1688.9 | C40: 2161.8 | D40: 2790.9 | E40: 3322.5 | F40: 3796.4293
A41: в т.ч. г.Кара-Суу | B41: 443 | C41: 478.6 | D41: 366.4 | E41: 603.3 | F41: 812.9
A42: Ноокатский | B42: 2467.1 | C42: 4164.7 | D42: 4692.7 | E42: 5058.6 | F42: 5077.6308
A43: в т.ч.г. Ноокат | B43: 9.6 | C43: 17.7 | D43: 12 | E43: 43.1 | F43: 51
A44: Узгенский | B44: 915 | C44: 1305 | D44: 1680.3 | E44: 1974.2 | F44: 2039.0706
A45: в т.ч.г. Узген | B45: 294.3 | C45: 314.3 | D45: 268.3 | E45: 475.7 | F45: -
A46: Чон-Алайский | B46: 112.4 | C46: 686.1 | D46: 274 | E46: 1017.5 | F46: 947.1518
F47: -

Sheet пром2
A1: 4.3. Индексы физического объема промышленной продукции
A2: по видам экономической деятельности
A3: (в процентах к предыдущему году)
B4: 2020 | C4: 2021 | D4: 2022 | E4: 2023 | F4: 2024
A5: Всего | B5: 82.4 | C5: 133.6 | D5: 104.9 | E5: 117.1 | F5: 107.8
A6: Добыча полезных ископаемых | B6: 34 | C6: 201 | D6: 99 | E6: 160.7 | F6: 96
A7: Добыча каменного угля и бурого угля (лигнита) | B7: 72.3 | C7: 157.4 | D7: 110.5 | E7: 112.5 | F7: 87.3
A8: Добыча металлических руд | B8: 5.7 | C8: 764.1 | D8: 25.6 | E8: 540.3 | F8: 100
A9: Добыча прочих полезных ископаемых | B9: 83.4 | C9: 116.8 | D9: 93.5 | E9: 130.2 | F9: 123.4
A10: Обрабатывающие производства | B10: 94.5 | C10: 126.4 | D10: 105.9 | E10: 105.8 | F10: 108
A11: Производство пищевых продуктов (включая напитки) и табачных изделий | B11: 87.5 | C11: 102.9 | D11: 96.8 | E11: 108.4 | F11: 115.3
A12: Текстильное производство; производство одежды и обуви, кожи и прочих кожаных изделий | B12: 100.1 | C12: 124.8 | D12: 97.3 | E12: 97.2 | F12: 99.6
A13: Производство деревянных и бумажных изделий; полиграфическая деятельность | B13: 114.9 | C13: 118 | D13: 168.3 | E13: 92.6 | F13: 99.8
A14: Производство химической продукции | B14: 60.7 | C14: 349 | D14: 90.4 | E14: 48.8 | F14: в 4,4 р
A15: Производство резиновых и пластмассовых изделий, прочих неметаллических минеральных продуктов | B15: 95.1 | C15: 131.5 | D15: 107.8 | E15: 106.8 | F15: 107.1993
A16: Производство основных металлов и готовых металлических изделий, кроме машин и оборудования | B16: 84.4 | C16: 143 | D16: 77 | E16: 137.2 | F16: 107.801
A17: Производство электрического оборудования | B17: 126.2 | C17: 121 | D17: 121.5 | E17: 55.9 | F17: -
A18: Производство машин и оборудования | B18: 96.3 | C18: 112.1 | D18: 117.2 | E18: - | F18: 127.7966
A19: Прочие производства, ремонт и установка машин и оборудования | B19: 72.9 | C19: 71.9 | D19: 197.7 | E19: 153.7 | F19: 91.8696
A20: Обеспечение (снабжение) электроэнергией, газом, паром и кондиционированным воздухом | B20: 101.5 | C20: 95.5 | D20: 104.6 | E20: 126.6 | F20: 140.4976
A21: Производство электроэнергии, ее передача и распределение | B21: 101.8 | C21: 94.9 | D21: 104.7 | E21: 127.4 | F21: 140.5808
A22: Обеспечение (снабжение) паром и кондиционированным воздухом | B22: 85 | C22: 114.6 | D22: 95.7 | E22: 126.6 | F22: 129.3103
A23: Водоснабжение, очистка, обработка отходов и получение вторичного сырья | B23: 97.6 | C23: 103.3 | D23: 111.9 | E23: 121.1 | F23: 110.502
A24: Сбор, обработка и распределение воды (водоснабжение) | B24: 97.7 | C24: 98.6 | D24: 110.3 | E24: 109.7 | F24: 115.8724
A25: Сбор, обработка и уничтожение отходов получение вторичного сырья | B25: 98.4 | C25: 110.5 | D25: 116.4 | E25: 148.4 | F25: 140.7373
A26: Обеззараживание и прочая обработка отходов | B26: - | C26: - | D26: - | E26: - | F26: -
A28: 4.4. Индексы физического объема промышленной продукции по территории
A29: (в процентах к предыдущему году)
B30: 2020 | C30: 2021 | D30: 2022 | E30: 2023 | F30: 2024
A32: Ошская область | B32: 82.4 | C32: 133.6 | D32: 104.9 | E32: 117.1 | F32: 107.8
A33: районы:
A34: Алайский | B34: 56.1 | C34: 187.1 | D34: 105.5 | E34: 81.6 | F34: 82.4
A35: Араванский | B35: 103.3 | C35: 104.1 | D35: 102.9 | E35: 110.9 | F35: 102
A36: Кара-Кулжинский | B36: 99.3 | C36: 99.2 | D36: 101.2 | E36: 109.7 | F36: 113
A37: Кара-Сууский | B37: 104.4 | C37: 106.3 | D37: 107 | E37: 111.4 | F37: 117.6
A38: Ноокатский | B38: 77.3 | C38: 153.3 | D38: 111.9 | E38: 105.8 | F38: 106.4
A39: Узгенский | B39: 90.3 | C39: 121.4 | D39: 103.7 | E39: 115.2 | F39: 106.5
A40: Чон-Алайский | B40: 11.9 | C40: 151.5 | D40: 53.4 | E40: 238.7 | F40: 109.8

Sheet пром3
A1: 4.5. Производство основных видов промышленной продукции
A2: по видам экономической деятельности
B3: Ед. изм. | C3: 2020 | D3: 2021 | E3: 2022 | F3: 2023 | G3: 2024
A5: Уголь каменный и лигнит | B5: тыс.т | C5: 535.1 | D5: 875.2 | E5: 977 | F5: 1001.6 | G5: 783.7
A6: Мясо и пищевые субпродукты | B6: т | C6: 4706.1 | D6: 5061.6 | E6: 4476.2 | F6: 4945.7 | G6: 5963.8
A7: Колбасные изделия | B7: т | C7: 19.5 | D7: 31.4 | E7: 30.1 | F7: 20.9 | G7: 28.5
A8: Молоко и сливки в твердых формах | B8: т | C8: - | D8: - | E8: - | F8: 90
A9: Мороженое и продукты аналогичные замороженные | B9: т | C9: 39.6 | D9: 29.6 | E9: 42.8 | F9: 39.7 | G9: 41.1
A10: Рис очищенный | B10: т | C10: 1177 | D10: 1115.8 | E10: 1066.4 | F10: 1030.2 | G10: 1015.9
A11: Мука из зерновых культур1 | B11: тыс.т | C11: 25 | D11: 17.8 | E11: 20.5 | F11: 22.3 | G11: 21.4
A12: Масло растительное | B12: т | C12: 508.7 | D12: 402.4 | E12: 366.4 | F12: 404.1 | G12: 530
A13: Хлеб свежий | B13: тыс.т | C13: 4.9 | D13: 5.3 | E13: 5.3 | F13: 5.5 | G13: 5.3
A14: Макароны, лапша, кускус и изделия мучные аналогичные | B14: т | C14: 104.4 | D14: 78 | E14: 75.9 | F14: 79.2 | G14: 93.4
A15: Фрукты, овощи и грибы переработанные и консервированные | B15: т | C15: 87 | D15: 119.2 | E15: 77.7 | F15: 19.6 | G15: 18.9
A16: Сухари и печенье; кондитерские изделия и пирожные длительного хранения | B16: т | C16: 389.6 | D16: 444 | E16: 402.6 | F16: 358.1
A17: Пиво | B17: тыс.л. | C17: 88 | D17: 176.1 | E17: 286 | F17: 447.9 | G17: 443.2
A18: Безалкогольные напитки | B18: тыс.л. | C18: 45.1 | D18: 310.5 | E18: 144.2 | F18: 112.2 | G18: 127.3
A19: Воды минеральные , газированные, неподслащенные и неароматизированные | B19: тыс.л. | C19: 217.4 | D19: 526 | E19: 1123.2 | F19: 322 | G19: 507.1
A20: Табак промышленно изготовленный и его заменители | B20: т | C20: - | D20: 107 | E20: 96.6 | F20: 33 | G20: 71.5
A21: Волокно хлопковое кардо и гребнечесанное | B21: т | C21: 8368.9 | D21: 8258.9 | E21: 9730.3 | F21: 9058.4 | G21: 7739.3
A22: Одежда верхняя, кроме трикотажной, мужская и для мальчиков | B22: тыс.шт | C22: 3.5 | D22: 29.4 | E22: 60.2 | F22: 112.2 | G22: 112.5
A23: Одежда верхняя, кроме трикотажной, женская и для девочек | B23: тыс.шт | C23: 41.9 | D23: 50.3 | E23: 97.9 | F23: 70.8 | G23: 315.6
A24: Обувь | B24: пар | C24: 2217528 | D24: 4524666 | E24: 2981778 | F24: 2521598 | G24: 2290.4
A25: Цемент | B25: тыс.т | C25: 1277.2 | D25: 1720.4 | E25: 1858 | F25: 1926.1 | G25: 1983.1
A26: Кирпичи керамические, неогнеупорные, строительные | B26: тыс.шт | C26: 15584.8 | D26: 18767.8 | E26: 21528.6 | F26: 22816.9 | G26: 24104.9
A27: Мебель | B27: млн.сом | C27: 24.3 | D27: 26.9 | E27: 27.6 | F27: 28.4 | G27: 62.2
A28: Вода природная | B28: т.куб.м | C28: 9372 | D28: 8912.9 | E28: 10647.3 | F28: 10534.9
A30: 4.6. Объем производства промышленной продукции по типам предприятий
A31: (миллион сомов)
C32: 2020 | D32: 2021 | E32: 2022 | F32: 2023 | G32: 2024
A33: Промышленность - всего | C33: 9457.8 | D33: 13463.8 | E33: 14596.6 | F33: 17317.6 | G33: 18474.2
A34: в том числе по типам предприятий:
A35: малые предприятия | C35: 1518.3 | D35: 2226.5 | E35: 2892.8 | F35: 3914.1 | G35: 4611.4
A36: средние предприятия | C36: 1746 | D36: 2463.1 | E36: 2228.3 | F36: 3068 | G36: 3946.4
A37: крупные предприятия | C37: 5648.2 | D37: 8133.9 | E37: 8683.5 | F37: 9354 | G37: 8794.4
A38: индивидуальные предприниматели*) | C38: 529.2 | D38: 640.3 | E38: 792 | F38: 981.5 | G38: 1122
A40: *) Объемы по индивидуальным предприятиям приведены с учетом скрытого производства муки и хлеба

Sheet сх1
A1: 5. СЕЛЬСКОЕ ХОЗЯЙСТВО
A2: 5.1. Количество субъектов сельского хозяйства
A3: ( единиц)
B4: 2020 | C4: 2021 | D4: 2022 | E4: 2023 | F4: 2024
A6: Государственные хозяйства | B6: 11 | C6: 15 | D6: 18 | E6: 17 | F6: 12
A7: Коллективные хозяйства | B7: 47 | C7: 63 | D7: 95 | E7: 63 | F7: 89
A8: Крестьянские (фермерские) хозяйства | B8: 127897 | C8: 128771 | D8: 133856 | E8: 13548 | F8: 134795
A11: 5.2. Площадь сельскохозяйственных угодий
A12: ( на 1 января,гектаров)
B13: 2020 | C13: 2021 | D13: 2022 | E13: 2023 | F13: 2024
A15: Сельскохозяйственные угодья - всего | B15: 1668789 | C15: 1668413 | D15: 1667359 | E15: 1666079 | F15: 1666079
A16: Пашня | B16: 184808 | C16: 184638 | D16: 184185 | E16: 183398 | F16: 183398
A17: Многолетние насаждения | B17: 14536 | C17: 14564 | D17: 14505 | E17: 14529 | F17: 14529
A18: Залежь | B18: 2473 | C18: 2473 | D18: 2473 | E18: 2464 | F18: 2464
A19: Сенокосы | B19: 75502 | C19: 75511 | D19: 75605 | E19: 75738 | F19: 75738
A20: Пастбища | B20: 1391470 | C20: 1391227 | D20: 1390591 | E20: 1389950 | F20: 1389950
A23: 5.3. Особо охраняемые территории
A24: (процентах)
B25: 2020 | C25: 2021 | D25: 2022 | E25: 2023 | F25: 2024
A27: Всего | B27: 0.9 | C27: 0.9 | D27: 0.9 | E27: 0.9 | F27: 0.9
A29: 5.4. Обьем валового выпуска продукции сельского хозяйства, лесного хояйства и рыболовства
A30: (в действующих ценах, миллионов сомов)
B31: 2020 | C31: 2021 | D31: 2022 | E31: 2023 | F31: 2024
A33: Всего | B33: 49208.2 | C33: 63958 | D33: 71999.4 | E33: 74681 | F33: 71005.3
A34: Сельское хозяйство | B34: 47853.3 | C34: 62370.9 | D34: 70386.7 | E34: 72726.9 | F34: 69117.6
A35: Растениеводство | B35: 22283.7 | C35: 31297.3 | D35: 35891.6 | E35: 35263.2 | F35: 31131.9
A36: Животноводство | B36: 25569.6 | C36: 31073.6 | D36: 34495.1 | E36: 37463.7 | F36: 37985.7
A37: Услуги, оказанные сельскому хозяйству | B37: 1318 | C37: 1545.7 | D37: 1554.1 | E37: 1890.4 | F37: 1795.5
A38: Охота и лесное хозяйство | B38: 30.1 | C38: 34.2 | D38: 51.3 | E38: 54.6 | F38: 92.2
A39: Рыболовство | B39: 6.8 | C39: 7.2 | D39: 7.3 | E39: 9.1
A41: 5.5. Индекс физического объема продукции сельского хозяйства, лесного хозяйства и рыболовства
A42: ( в процентах)
B43: 2020 | C43: 2021 | D43: 2022 | E43: 2023 | F43: 2024
A45: Продукция (товары и услуги) селького хозяйства, охоты и лесного хозяйства | B45: 101 | C45: 100.9 | D45: 102.8 | E45: 101.7 | F45: 104.6
A46: из нее:
A47: растениеводство | B47: 100.1 | C47: 99.6 | D47: 104.3 | E47: 100.8 | F47: 107.3
A48: животноводство | B48: 101.9 | C48: 102 | D48: 101.4 | E48: 102 | F48: 102.2
A50: 5.6. Посевная площадь основных видов сельскохозяйственных культур
A51: (гектар)
B52: 2020 | C52: 2021 | D52: 2022 | E52: 2023 | F52: 2024
A53: Все категории хозяйств
A54: Зерновые культуры -всего | B54: 87575 | C54: 88407 | D54: 88680.8 | E54: 89663 | F54: 90410
A55: Хлопок | B55: 9591 | C55: 8158 | D55: 9403 | E55: 8148 | F55: 6790.5
A56: Табак | B56: 217 | C56: 315 | D56: 343 | E56: 355 | F56: 232
A57: Масличные культуры | B57: 2867 | C57: 2290 | D57: 1950 | E57: 1515 | F57: 1371
A58: Картофель | B58: 13115 | C58: 13123 | D58: 12967 | E58: 13136 | F58: 13188
A59: Овощи | B59: 9298.394 | C59: 9443.4479 | D59: 9709.6351 | E59: 9764.4 | F59: 9501.7
A60: Бахчи продовольственные | B60: 2929 | C60: 2720 | D60: 2606 | E60: 2582 | F60: 2642
A63: Продолжение
B64: 2020 | C64: 2021 | D64: 2022 | E64: 2023 | F64: 2024
A65: Государственные хозяйства
A66: Зерновые культуры | B66: 605 | C66: 575 | D66: 605 | E66: 462 | F66: 375
A67: Хлопок | B67: 143 | C67: 96 | D67: 76 | E67: 96 | F67: 72
A68: Табак | B68: - | C68: 2 | D68: 2
A69: Масличные культуры | B69: 96 | C69: 54 | D69: 28 | E69: 26 | F69: 20
A70: Картофель | B70: 57 | C70: 55 | D70: 59 | E70: 59 | F70: 58
A71: Овощи | B71: 2 | C71: 5 | E71: 5 | F71: 1
A72: Бахчи продовольственные | B72: 3 | E72: 4
A73: Коллективные хозяйства
A74: Зерновые культуры | B74: 1175 | C74: 1146 | D74: 1233 | E74: 1644 | F74: 1842
A75: Хлопок | B75: 375 | C75: 365 | D75: 320 | E75: 383 | F75: 321
A76: Табак | B76: - | C76: - | D76: - | E76: -
A77: Масличные культуры | B77: 112 | C77: 77 | D77: 25 | E77: 37 | F77: 59
A78: Картофель | B78: 4 | C78: 2 | D78: 2 | E78: 2 | F78: 7
A79: Овощи | B79: 16 | C79: 11 | D79: 8 | E79: 15 | F79: 9
A80: Бахчи продовольственные | B80: 11 | C80: 7 | D80: 7 | E80: 15 | F80: 13
A81: Крестьянские (фермерские) хозяйства
A82: Зерновые культуры | B82: 83600 | C82: 84489 | D82: 85498.8 | E82: 86066 | F82: 86621
A83: Хлопок | B83: 9073 | C83: 7697 | D83: 9007 | E83: 7669 | F83: 6397.5
A84: Табак | B84: 217 | C84: 313 | D84: 341 | E84: 355 | F84: 232
A85: Масличные культуры | B85: 2508 | C85: 2008 | D85: 1875 | E85: 1430 | F85: 1292
A86: Картофель | B86: 7996 | C86: 8005 | D86: 7229 | E86: 7602 | F86: 7609
A87: Овощи | B87: 5758.271 | C87: 5906.271 | D87: 5450.028 | E87: 5337.837 | F87: 5083.1
A88: Бахчи продовольственные | B88: 2906 | C88: 2704 | D88: 2599 | E88: 2563 | F88: 2629
A89: Домашние хозяйства населения
A90: Зерновые культуры | B90: 2195 | C90: 2197 | D90: 1344 | E90: 1491 | F90: 1572
A91: Табак | E91: -
A92: Масличные культуры | B92: 151 | C92: 151 | D92: 22 | E92: 22
A93: Картофель | B93: 5058 | C93: 5061 | D93: 5677 | E93: 5473 | F93: 5514
A94: Овощи | B94: 3522.123 | C94: 3521.1769 | D94: 4247.6071 | E94: 4406.604 | F94: 4408.6
A95: Бахчи продовольственные | B95: 9 | C95: 9 | D95: 9 | E95: -
A97: 5.7. Посевная площадь сельскохозяйственных культур по территории
A98: (во всех категориях хозяйств, гектар)
B99: 2020 | C99: 2021 | D99: 2022 | E99: 2023 | F99: 2024
A100: Зерновые культуры -всего
A101: Всего по области | B101: 87575 | C101: 88407 | D101: 88680.8 | E101: 89663 | F101: 90410
A102: в т.ч. районы
A103: Алайский | B103: 1112 | C103: 1050 | D103: 1244 | E103: 1322 | F103: 1343
A104: Араванский | B104: 6696 | C104: 6863 | D104: 6669 | E104: 6860 | F104: 7581
A105: Кара-Кулжинский | B105: 6043 | C105: 5963 | D105: 6024 | E105: 6054 | F105: 6065
A106: Кара-Сууский | B106: 27659 | C106: 27867 | D106: 27740.8 | E106: 28321 | F106: 27097
A107: Ноокатский | B107: 22145 | C107: 22863 | D107: 22656 | E107: 22737 | F107: 23034
A108: Узгенский | B108: 20867 | C108: 20796 | D108: 21340 | E108: 21356 | F108: 21639
A109: Чон-Алайский | B109: 3053 | C109: 3005 | D109: 3007 | E109: 3013 | F109: 3651
A111: Хлопок
A112: Всего по области | B112: 9591 | C112: 8158 | D112: 9403 | E112: 8148 | F112: 6790.5
A113: в т.ч. районы
A114: Алайский | B114: - | C114: - | D114: - | E114: - | F114: -
A115: Араванский | B115: 3325 | C115: 3091 | D115: 3343 | E115: 2957 | F115: 2171
A116: Кара-Сууский | B116: 6266 | C116: 5067 | D116: 6060 | E116: 5191 | F116: 4619.5
...

Sheet Строит2
A1: 6. СТРОИТЕЛЬСТВО
A2: 6.1. Объем подрядных работ, выполненных строительными
A3: организациями, по формам собственности и территории1
A4: (миллион сомов)
B5: 2020 | C5: 2021 | D5: 2022 | E5: 2023 | F5: 2024
A7: Всего | B7: 4251.6 | C7: 4961.2 | D7: 5297.1 | E7: 7733 | F7: 10130.4
A8: районы:
A9: Алайский | B9: 212.4 | C9: 249.5 | D9: 364.3 | E9: 433.8 | F9: 720.3
A10: Араванский | B10: 541.9 | C10: 664.8 | D10: 693.3 | E10: 1021.2 | F10: 1278.2
A11: Кара-Кулжинский | B11: 100.4 | C11: 55.3 | D11: 84.6 | E11: 116.8 | F11: 325.5
A12: Кара-Суйский | B12: 1813.4 | C12: 2146.9 | D12: 2184.4 | E12: 3310 | F12: 4154.7
A13: Ноокатский | B13: 760.7 | C13: 898.7 | D13: 917.5 | E13: 1413.7 | F13: 1754.9
A14: Узгенский | B14: 816.2 | C14: 936.7 | D14: 1039.5 | E14: 1418.2 | F14: 1885.5
A15: Чон-Алайский | B15: 6.6 | C15: 9.3 | D15: 13.5 | E15: 19.3 | F15: 11.3
A17: Государственная | B17: 234.9 | C17: 147 | D17: 575.8 | E17: 454.7 | F17: 1265.4
A18: районы:
A19: Алайский | B19: 35.5 | C19: 37.6 | D19: 156.6 | E19: 113.5 | F19: 330.2
A20: Араванский | B20: 3.7 | C20: 19.7 | D20: 60.6 | E20: 45.9 | F20: 90.3
A21: Кара-Кулжинский | B21: 68.3 | C21: 16.7 | D21: 46.8 | E21: 58.6 | F21: 254.6
A22: Кара-Суйский | B22: 26 | C22: 4.7 | D22: 83.4 | E22: 71.2 | F22: 209.8
A23: Ноокатский | B23: 21.7 | C23: 12.9 | D23: 48.8 | E23: 74.5 | F23: 123.7
A24: Узгенский | B24: 73.1 | C24: 46.1 | D24: 166.1 | E24: 71.7 | F24: 245.5
A25: Чон-Алайский | B25: 6.6 | C25: 9.3 | D25: 13.5 | E25: 19.3 | F25: 11.3
A27: Частная | B27: 4016.7 | C27: 4814.2 | D27: 4721.3 | E27: 7278.3 | F27: 8865
A28: районы:
A29: Алайский | B29: 176.9 | C29: 211.9 | D29: 207.7 | E29: 320.3 | F29: 390.1
A30: Араванский | B30: 538.2 | C30: 645.1 | D30: 632.7 | E30: 975.3 | F30: 1187.9
A31: Кара-Кулжинский | B31: 32.1 | C31: 38.6 | D31: 37.8 | E31: 58.2 | F31: 70.9
A32: Кара-Суйский | B32: 1787.4 | C32: 2142.2 | D32: 2101 | E32: 3238.8 | F32: 3944.9
A33: Ноокатский | B33: 739 | C33: 885.8 | D33: 868.7 | E33: 1339.2 | F33: 1631.2
A34: Узгенский | B34: 743.1 | C34: 890.6 | D34: 873.4 | E34: 1346.5 | F34: 1640
A37: 1) Включая капитальный и текущий ремонты
A39: 6.2. Капитальный и текущий ремонт, выполненный строительными
A40: организациями, по формам собственности и территории
A41: (миллион сомов)
B42: 2020 | C42: 2021 | D42: 2022 | E42: 2023 | F42: 2024
A44: Всего | B44: 2652.4 | C44: 2997.9 | D44: 3309 | E44: 5208 | F44: 6546
A45: районы:
A46: Алайский | B46: 142.9 | C46: 163.3 | D46: 280.5 | E46: 325.8 | F46: 460
A47: Араванский | B47: 331 | C47: 402.3 | D47: 438 | E47: 692.4 | F47: 841.7
A48: Кара-Кулжинский | B48: 87.7 | C48: 39.6 | D48: 69.3 | E48: 97.2 | F48: 299.5
A49: Кара-Суйский | B49: 1087.6 | C49: 1270.7 | D49: 1253.4 | E49: 2146.9 | F49: 2495.2
A50: Ноокатский | B50: 471.6 | C50: 538.4 | D50: 567.1 | E50: 962.2 | F50: 1155.4
A51: Узгенский | B51: 525 | C51: 574.3 | D51: 687.2 | E51: 964.2 | F51: 1282.9
A52: Чон-Алайский | B52: 6.6 | C52: 9.3 | D52: 13.5 | E52: 19.3 | F52: 11.3
A53: Государственная | B53: 209 | C53: 142.3 | D53: 492.4 | E53: 383.5 | F53: 938.7
A54: районы:
A55: Алайский | B55: 35.5 | C55: 37.6 | D55: 156.6 | E55: 113.5 | F55: 213.3
A56: Араванский | B56: 3.7 | C56: 19.7 | D56: 60.6 | E56: 45.9 | F56: 90.3
A57: Кара-Кулжинский | B57: 68.2 | C57: 16.7 | D57: 46.8 | E57: 58.6 | F57: 254.6
A58: Кара-Суйский | F58: -
A59: Ноокатский | B59: 22 | C59: 12.9 | D59: 48.8 | E59: 74.5 | F59: 123.7
A60: Узгенский | B60: 73 | C60: 46.1 | D60: 166.1 | E60: 71.7 | F60: 245.5
A61: Чон-Алайский | B61: 6.6 | C61: 9.3 | D61: 13.5 | E61: 19.3 | F61: 11.3
A63: Частная | B63: 2443.4 | C63: 2855.6 | D63: 3844.1 | E63: 4824.5 | F63: 5607.3 | AY63: 4824.5
A64: районы:
A65: Алайский | B65: 107.4 | C65: 125.7 | D65: 169.1 | E65: 212.3 | F65: 246.7 | AY65: 212.3
A66: Араванский | B66: 327.3 | C66: 382.6 | D66: 515.1 | E66: 646.5 | F66: 751.4 | AY66: 646.5
A68: Продолжение
B69: 2020 | C69: 2021 | D69: 2022 | E69: 2023 | F69: 2024
A70: Кара-Кулжинский | B70: 19.5 | C70: 22.9 | D70: 30.8 | E70: 38.6 | F70: 44.9
A71: Кара-Суйский | B71: 1087.6 | C71: 1270.7 | D71: 1710.6 | E71: 2146.9 | F71: 2495.2
A72: Ноокатский | B72: 449.6 | C72: 525.5 | D72: 707.3 | E72: 887.7 | F72: 1031.7
A73: Узгенский | B73: 452 | C73: 528.2 | D73: 711.2 | E73: 892.5 | F73: 1037.4
A76: 6.3. Объем подрядных работ, выполненных собственными силами
A77: строительных организаций по типам предприятий
A78: (миллион сомов)
B79: 2020 | C79: 2021 | D79: 2022 | E79: 2023 | F79: 2024
A80: Всего | B80: 4251.6 | C80: 4961.2 | D80: 6500.5 | E80: 7733 | F80: 10130.4
A81: Малые | B81: 701.5 | C81: 1051.8 | D81: 1653.1 | E81: 1941.6 | F81: 1114.8
A82: Средние | B82: 157.2 | C82: 37.1 | D82: 153.4 | E82: 165.2 | F82: 3393.8
A83: Индивидуальные предприниматели | B83: 3392.9 | C83: 3872.3 | D83: 4694 | E83: 5626.2 | F83: 6736.6
A85: 6.4. Ввод в действие жилых домов по формам собственности и территории
A87: (квадратных метров общей площади)
B88: 2020 | C88: 2021 | D88: 2022 | E88: 2023 | F88: 2024
A90: Всего | B90: 161185 | C90: 237971 | D90: 276664 | E90: 240575 | F90: 190823
A91: районы:
A92: Алайский | B92: 17497 | C92: 23353 | D92: 36993 | E92: 19538 | F92: 16619
A93: Араванский | B93: 37318 | C93: 37432 | D93: 37455 | E93: 22017 | F93: 22815
A94: Кара-Кулжинский | B94: 2530 | C94: 2697 | D94: 3214 | E94: 5676 | F94: 10372
A95: Кара-Суйский | B95: 57702 | C95: 68159 | D95: 97378 | E95: 88564 | F95: 60766
A96: в т.ч. г.Кара-Суу | B96: 938 | C96: 3086 | D96: 1063 | E96: 3320 | F96: 4748
A97: Ноокатский | B97: 25379 | C97: 60941 | D97: 52784 | E97: 37286 | F97: 30842
A98: в т.ч. г. Ноокат | B98: 1723 | C98: 4309 | D98: 1245 | E98: 168 | F98: 185
A99: Узгенский | B99: 8075 | C99: 31781 | D99: 32514 | E99: 46325 | F99: 23945
A100: в т.ч. г.Узген | B100: 3470 | C100: 6493 | D100: 9531 | E100: 12033 | F100: 8605
A101: Чон-Алайский | B101: 12684 | C101: 13608 | D101: 16326 | E101: 21169 | F101: 25464
A102: Частная | B102: 161185 | C102: 237971 | D102: 276664 | E102: 240575 | F102: 181360
A103: районы:
A104: Алайский | B104: 17497 | C104: 23353 | D104: 36993 | E104: 19538 | F104: 16619
A105: Араванский | B105: 37318 | C105: 37432 | D105: 37455 | E105: 22017 | F105: 22815
A106: Кара-Кулжинский | B106: 2530 | C106: 2697 | D106: 3214 | E106: 5676 | F106: 10372
A107: Кара-Суйский | B107: 57702 | C107: 68159 | D107: 97378 | E107: 88564 | F107: 53103
A108: в т.ч. г.Кара-Суу | B108: 938 | C108: 3086 | D108: 1063 | E108: 3320 | F108: 4748
A109: Ноокатский | B109: 25379 | C109: 60941 | D109: 52784 | E109: 37286 | F109: 30842
A110: в т.ч. г. Ноокат | B110: 1723 | C110: 4309 | D110: 1245 | E110: 168 | F110: 185
A111: Узгенский | B111: 8075 | C111: 31781 | D111: 32514 | E111: 46325 | F111: 23945
A112: в т.ч. г.Узген | B112: 3470 | C112: 6493 | D112: 9531 | E112: 12033 | F112: 8605
A113: Чон-Алайский | B113: 12684 | C113: 13608 | D113: 16326 | E113: 21169 | F113: 23664
A115: 6.5. Ввод в действие объектов социально-культурной сферы по территории
...

Sheet Груз
A1: 7. ТРАНСПОРТ
A2: Грузовые перевозки
A3: 7.1. Перевозки грузов автомобильным транспортом
A4: (тысяч тонн)
B5: 2020 | C5: 2021 | D5: 2022 | E5: 2023 | F5: 2024
A7: Всего | B7: 2424.2 | C7: 2580.4 | D7: 2680.1 | E7: 2756.8 | F7: 2930.7
A10: 7.2. Перевозки грузов автомобильным транспортом по территории
A11: (тысяч тонн)
B12: 2020 | C12: 2021 | D12: 2022 | E12: 2023 | F12: 2024
A14: Ошская область | B14: 2424.2 | C14: 2580.4 | D14: 2680.1 | E14: 2756.8 | F14: 2930.7
A15: районы:
A16: Алайский | B16: 146.6 | C16: 156.8 | D16: 158 | E16: 158.2 | F16: 125.5
A17: Араванский | B17: 250.6 | C17: 262.9 | D17: 263.3 | E17: 267.7 | F17: 276.1
A18: Кара-Кулжинский | B18: 35.8 | C18: 37.6 | D18: 42.4 | E18: 50.4 | F18: 55.9
A19: Кара-Сууский | B19: 1070.7 | C19: 1176.2 | D19: 1199.6 | E19: 1251.9 | F19: 1412.8
A20: в т.ч. г. Кара-Суу | B20: 249.2 | C20: 282.6 | D20: 285.5 | E20: 299.9 | F20: 369.5
A21: Ноокатский | B21: 409.9 | C21: 423.7 | D21: 455.5 | E21: 461.8 | F21: 467
A22: в т.ч. г.Ноокат | B22: 92 | C22: 95.1 | D22: 102.2 | E22: 103.6 | F22: 177.1
A23: Узгенский | B23: 385.8 | C23: 396.3 | D23: 433.6 | E23: 439 | F23: 461.4
A24: в т.ч. г. Узген | B24: 127.8 | C24: 131.2 | D24: 143.5 | E24: 145.2 | F24: 113.8
A25: Чон-Алайский | B25: 124.8 | C25: 126.9 | D25: 127.7 | E25: 127.8 | F25: 132
A28: 7.3. Грузооборот автомобильного транспорта
A29: (млн. тонно-километров)
B30: 2020 | C30: 2021 | D30: 2022 | E30: 2023 | F30: 2024
A32: Всего | B32: 124.7 | C32: 138.2 | D32: 151.6 | E32: 164.5 | F32: 189.5
A35: 7.4. Доходы от перевозок грузов автомобильным транспортом
B37: 2020 | C37: 2021 | D37: 2022 | E37: 2023 | F37: 2024
A39: Всего | B39: 65.7 | C39: 73.2 | D39: 80.2 | E39: 87.1
A42: Пассажирские перевозки
A43: 7.5. Перевозки пассажиров автомобильным транспортом (тысяч человек)
B45: 2020 | C45: 2021 | D45: 2022 | E45: 2023 | F45: 2024
A47: Всего | B47: 24055.3 | C47: 25225.7 | D47: 25808 | E47: 26322.8 | F47: 29195.5
A48: автобусы | B48: 22161.4 | C48: 23381 | D48: 23886.5 | E48: 24135.3 | F48: 26798.3
A49: такси | B49: 1893.9 | C49: 1844.7 | D49: 1921.5 | E49: 2187.5 | F49: 2397.2

Sheet Пассаж
A1: 7.6. Перевозки пассажиров автомобильным транспортом по территории
A2: (тысяч человек)
B3: 2020 | C3: 2021 | D3: 2022 | E3: 2023 | F3: 2024
A5: Ошская область | B5: 24055.3 | C5: 25225.7 | D5: 25808 | E5: 26322.8 | F5: 29195.5
A6: районы:
A7: Алайский | B7: 160.4 | C7: 171.5 | D7: 175.3 | E7: 177 | F7: 186.3
A8: Араванский | B8: 1943.5 | C8: 2082.8 | D8: 2100.9 | E8: 2184.7 | F8: 2407.1
A9: Кара-Кулжинский | B9: 436.5 | C9: 439 | D9: 482.9 | E9: 498.2 | F9: 548.4
A10: Кара-Сууский | B10: 18132.9 | C10: 19017.2 | D10: 19409.7 | E10: 19608.5 | F10: 21875.3
A11: в т.ч. г. Кара-Суу | B11: 4531.4 | C11: 4755 | D11: 4914.9 | E11: 4970.5 | F11: 7450.9
A12: Ноокатский | B12: 2458.2 | C12: 2584.2 | D12: 2588.1 | E12: 2746.4 | F12: 2917.5
A13: в т.ч. г.Ноокат | B13: 572.7 | C13: 601.8 | D13: 613.7 | E13: 654.7 | F13: 921.1
A14: Узгенский | B14: 872.5 | C14: 877.5 | D14: 995.9 | E14: 1051.7 | F14: 1192
A15: в т.ч. г. Узген | B15: 255.4 | C15: 257 | D15: 291.2 | E15: 307.6 | F15: 339.5
A16: Чон-Алайский | B16: 51.3 | C16: 53.5 | D16: 55.2 | E16: 56.3 | F16: 68.9
A18: 7.7. Пассажирооборот автомобильного транспорта
A19: (миллионов пассажиро-километров)
B20: 2020 | C20: 2021 | D20: 2022 | E20: 2023 | F20: 2024
A22: Всего | B22: 549.5 | C22: 560.9 | D22: 594.4 | E22: 670 | F22: 768.1
A23: автобусы | B23: 477.9 | C23: 472.9 | D23: 503.7 | E23: 577 | F23: 669.3
A24: такси | B24: 71.6 | C24: 88.1 | D24: 90.7 | E24: 92.9 | F24: 98.8
A28: 7.8. Доходы от перевозок пассажиров автомобильным транспортом
A29: (миллионов сомов)
B30: 2020 | C30: 2021 | D30: 2022 | E30: 2023 | F30: 2024
A32: Всего | B32: 1114.4 | C32: 1326.7 | D32: 1373 | E32: 1429.8 | F32: 1600.4
A34: автобусы | B34: 183.7 | C34: 181.7 | D34: 193.6 | E34: 221.8 | F34: 257.2
A35: такси | B35: 930.8 | C35: 1145 | D35: 1179.4 | E35: 1208.1 | F35: 1343.2
A36: Аварийность на транспорте
A37: 7.9. Дорожно-транспортные происшествия с подвижным составом и численность пострадавших в них
B39: 2020 | C39: 2021 | D39: 2022 | E39: 2023 | F39: 2024
A41: Совершено ДТП, единиц | B41: 644 | C41: 812 | D41: 733 | E41: 709 | F41: 697
A42: Счисленность пострадавших,человек
A43: погибло | B43: 126 | C43: 139 | D43: 101 | E43: 113 | F43: 103
A44: ранено | B44: 1003 | C44: 1431 | D44: 1264 | E44: 1182 | F44: 1161

Sheet  связ
A1: 8. СВЯЗЬ
A2: 8.1.Основные показатели связи общего пользования
A3: (тысяч)
B4: 2020 | C4: 2021 | D4: 2022 | E4: 2023 | F4: 2024
A5: Отправлено:
A6: письменной корреспонденции | B6: 131.6 | C6: 93.6 | D6: 105.8
A7: посылок | B7: 1.9 | C7: 0.1 | D7: 0.8
A8: почтовых переводов денежных средств1 | B8: 7.4 | C8: 14.3 | D8: 3.5
A9: телеграмм | B9: - | C9: - | D9: -
A10: 8.2. Объем услуг почтовой и курьерской деятельности, услуги связи
A11: (в фактически действовавших ценах; миллионов сомов)
B12: 2020 | C12: 2021 | D12: 2022 | E12: 2023 | F12: 2024
A13: Почтовая и куррьерская деятельность | B13: 61.2 | C13: 54.1 | D13: 53
A14: Связь
A15: в том числе:
A16: телеграфная | B16: 0.2 | C16: 0.1 | D16: 0.3
A17: международная телефонная | B17: 0.2 | C17: 0.2 | D17: 0.6
A18: междугородная телефонная | B18: 8.5 | C18: 6.3 | D18: 1.5
A19: городская и сельская телефонная | B19: 26 | C19: 22.6 | D19: 4.7
A20: радиосвязь, радиовещание и телевидение | B20: 4.7 | C20: 4.1 | D20: -
A21: услуги по предоставлению Интернет каналов | B21: 127.7 | C21: 144.7 | D21: 79.9
A22: прочие | B22: - | C22: - | D22: -
A25: 8.3. Основные показатели развития телефонной связи общего пользования
A26: (на конец года)
B27: 2020 | C27: 2021 | D27: 2022 | E27: 2023 | F27: 2024
A28: Число телефонных станций местной
A29: телефонной сети, единиц | B29: 42 | C29: 42 | D29: 42
A30: в том числе:
A31: в городских поселениях | B31: 13 | C31: 13 | D31: 13
A32: в сельской местности | B32: 29 | C32: 29 | D32: 29
A33: Общая монтированная емкость
A34: телефонных станций, тыс. номеров | B34: 31.9 | C34: 31.9 | D34: 31.8
A35: в том числе:
A36: в городских поселениях | B36: 14 | C36: 14 | D36: 13.9
A37: в сельской местности | B37: 17.9 | C37: 17.9 | D37: 17.9
A39: Продолжение
B40: 2020 | C40: 2021 | D40: 2022 | E40: 2023 | F40: 2024
A41: Число телефонных аппаратов (без таксофонов)
A42: в том числе:
A43: в городских поселениях | B43: 3.3 | C43: 2.2 | D43: 2.2
A44: в сельской местности | B44: 3.6 | C44: 3.2 | D44: 2.5
A45: Из общего числа телефонных аппаратов
A46: телефонной сети общего пользования:
A47: число квартирных телефонных
A48: аппаратов - всего, тыс.шт. | B48: 4.3 | C48: 3.9 | D48: 3.3
A49: в том числе:
A50: в городских поселениях | B50: 2 | C50: 2 | D50: 2
A51: в сельской местности | B51: 2.3 | C51: 1.9 | D51: 1.3
A52: Число телефонных аппаратов (без таксофонов)
A53: телефонной сети общего пользования на 1000
A54: человек населения - всего, шт. | B54: 5 | C54: 4 | D54: 3
A55: в том числе:
A56: квартирных телефонных аппаратов | B56: 3 | C56: 3 | D56: 2

Sheet труд
A1: 9. ТРУД, ЗАРАБОТНАЯ ПЛАТА И СОЦИАЛЬНОЕ ОБЕСПЕЧЕНИЕ
A2: 9.1.1 Численность занятого населения по видам экономической деятельности *
B3: 2020 | D3: 2021 | F3: 2022 | H3: 2023 | J3: 2024
B4: Тысяч человек | C4: в % к итогу | D4: Тысяч человек | E4: в % к итогу | F4: Тысяч человек | G4: в % к итогу | H4: Тысяч человек | I4: в % к итогу | J4: Тысяч человек | K4: в % к итогу
A5: Всего | B5: 607.9 | C5: =C7+C8+C9+C10+C11+C12+C13+C14+C15+C16+C17+C19+C20+C21+C22+C23+C24+C25+C26 -> 100.0018 | D5: 632 | E5: 100 | F5: 631.3 | G5: 100 | H5: 622.5 | I5: 100 | J5: 616.9 | K5: 100
A6: в том числе:
A7: Сельское хозяйство, лесное хозяйство и рыболовство | B7: 211.8 | C7: 35 | D7: 220.4 | E7: 34.9 | F7: 216.4 | G7: 34.3 | H7: 204.3 | I7: 32.8 | J7: 190.2 | K7: 30.8
A8: Добыча полезных ископаемых | B8: 2.1 | C8: 0.3 | D8: 2.2 | E8: 0.3 | F8: 0.4 | G8: 0.1 | H8: 0 | I8: 0 | J8: 0 | K8: 0
A9: Обрабатывающие производства | B9: 30.8 | C9: 5 | D9: 29.5 | E9: 4.7 | F9: 29.5 | G9: 4.7 | H9: 27.3 | I9: 4.4 | J9: 32.1 | K9: 5.2
A10: Обеспечение (снабжение) электроэнергией, паром и кондицированным воздухом | B10: 3.1 | C10: 0.50995229 | D10: 3.8 | E10: 0.6 | F10: 3.8 | G10: 0.6 | H10: 4.9 | I10: 0.8 | J10: 4.1 | K10: 0.6
A11: Водоснабжение, очистка, обработка отходов | B11: 1.3 | C11: 0.002 | D11: 1.9 | E11: 0.3 | F11: 2.1 | G11: 0.3 | H11: 1.1 | I11: 0.2 | J11: 1.8 | K11: 0.3
A12: Строительство | B12: 90.2 | C12: 14.8 | D12: 103.9 | E12: 16.3 | F12: 104.7 | G12: 16.6 | H12: 105.8 | I12: 17 | J12: 111.7 | K12: 18.1
A13: Оптовая и розничная торговля, ремонт автомобилей и мотоциклов | B13: 82.4 | C13: 13.5 | D13: 80 | E13: 12.5 | F13: 82.9 | G13: 13.13 | H13: 84 | I13: 13.5 | J13: 77.6 | K13: 12.6
A14: Транспортная деятельность и хранение грузов | B14: 43.3 | C14: 7.1228821 | D14: 47 | E14: 7.3 | F14: 54.5 | G14: 8.6 | H14: 57 | I14: 9.2 | J14: 67.5 | K14: 11
A15: Деятельность гостиниц и ресторанов | B15: 48.8 | C15: 8.0276361 | D15: 45.7 | E15: 7.2 | F15: 43.9 | G15: 7 | H15: 50.2 | I15: 8.1 | J15: 50.2 | K15: 8.4
A16: Информация и связь | B16: 3.2 | C16: 0.5 | D16: 2.8 | E16: 0.6 | F16: 3.7 | G16: 0.6 | H16: 3.6 | I16: 0.6 | J16: 2.1 | K16: 0.3
A17: Финансовое посредничество и страхование | B17: 3.7 | C17: 0.60865274 | D17: 2.8 | E17: 0.6 | F17: 2.7 | G17: 0.4 | H17: 2.4 | I17: 0.4 | J17: 3.9 | K17: 0.6
A18: Операции с невижимым имуществом | B18: - | C18: - | D18: - | E18: - | F18: - | G18: - | H18: - | I18: - | J18: - | K18: -
A19: Профессиональная, научная и техническая деятельность | B19: 3.3 | C19: 0.6 | D19: 3.3 | E19: 0.7 | F19: 3 | G19: 0.5 | H19: 2.7 | I19: 0.4 | J19: 1.3 | K19: 0.2
A20: Административная и впомогательная деятельность | B20: 2.9 | C20: 0.4 | D20: 2.5 | E20: 0.5 | F20: 2.2 | G20: 0.4 | H20: 1.8 | I20: 0.3 | J20: 1.3 | K20: 0.2
A21: Государственное управление | B21: 20.2 | C21: 3.322915 | D21: 19 | E21: 3 | F21: 17.2 | G21: 2.7 | H21: 16.1 | I21: 2.6 | J21: 10.8 | K21: 1.6
A22: Образование | B22: 36.8 | C22: 6 | D22: 39.4 | E22: 6.2 | F22: 38.7 | G22: 6.1 | H22: 38.4 | I22: 6.2 | J22: 41.4 | K22: 6.7
A23: Здравоохранение и социальное обслуживание населения | B23: 19 | C23: 3.1255141 | D23: 19.4 | E23: 3 | F23: 18.7 | G23: 3 | H23: 16.8 | I23: 2.7 | J23: 16.9 | K23: 2.7
A24: Искусство, развлечение и отдых | B24: 0.5 | C24: 0.08225037 | D24: 0.7 | E24: 0.1 | F24: 1.1 | G24: 0.1 | H24: 2.3 | I24: 0.4 | J24: 1.2 | K24: 0.2
A25: Прочая обслуживающая деятельность | B25: 4.5 | C25: 1 | D25: 7.7 | E25: 1.2 | F25: 5.3 | G25: 0.8 | H25: 2.8 | I25: 0.4 | J25: 3.6 | K25: 0.5
A26: Деятельность частных домашних хозяйств | B26: 0.2 | C26: 0.1 | D26: 0 | E26: 0 | F26: 0.7 | G26: 0.1 | H26: 0 | I26: 0 | J26: 0.1 | K26: 0
J27: - | K27: -
A29: *По данным интегрированного выборочного обследования бюджетов домашних хозяйств и рабочей силы

Sheet труд1
A1: 9.1.2 Занятое население Ошской области в возрасте 15 лет и старше *
A2: (тысяч человек)
B3: 2020 | C3: 2021 | D3: 2022 | E3: 2023 | F3: 2024
A5: Занятое население | B5: =B7+B8+B9 -> 607.9 | C5: 632 | D5: 631.3 | E5: 622.5 | F5: 616.9
A6: в том числе:
A7: Сельское хозяйство, охота, лесное хозяйство (включая рыболовство и рыбоводство) | B7: 211.8 | C7: 220.4 | D7: 216.4 | E7: 204.3 | F7: 190.2
A8: Промышленность и строительство | B8: 127.5 | C8: 141.3 | D8: 140.4 | E8: 139.1 | F8: 148.8
A9: Сектор услуг | B9: 268.6 | C9: 270.3 | D9: 274.5 | E9: 279.1 | F9: 277.9
A11: *) по данным интегрированного выборочного обследования бюджетов домашних хозяйств и рабочей силы рабочей силы
A14: 9.2. Распределение предприятий и организаций сферы туризма по формам собственности
A15: (человек)
B16: 2020 | C16: 2021 | D16: 2022 | E16: 2023 | F16: 2024
A18: Предприятия и организации сферы туризма - всего | B18: 11 | C18: 12 | D18: 11 | E18: 10 | F18: 8
A20: Санаторно-курортные, оздоровительные учреждения
A21: и учреждения отдыха - всего | B21: 4 | C21: 4 | D21: 2 | E21: 1 | F21: 1
A22: Санаторно-курортные учреждения | B22: 4 | C22: 1 | D22: 3 | E22: 3 | F22: 1
A23: Деятельность туристических агентств (туристические агентства) | B23: 2 | C23: 2 | D23: 1 | E23: 1 | F23: 1
A24: Предприятия отдыха и туризма | B24: 2 | C24: 2 | D24: 2 | E24: 2 | F24: 3
A25: Природные парки и заповедники | B25: 3 | C25: 3 | D25: 3 | E25: 3 | F25: 3

Sheet труд2
A1: 9.3. Численность официально зарегистрированных безработных по полу
A2: (человек)
B3: 2020 | C3: 2021 | D3: 2022 | E3: 2023 | F3: 2024
A5: Всего | B5: =B6+B7 -> 19977 | C5: 19444 | D5: 17556 | E5: 16376 | F5: 14010
A6: Мужчин | B6: 11230 | C6: 11355 | D6: 10390 | E6: 9667 | F6: 8309
A7: Женщин | B7: 8747 | C7: 8089 | D7: 7166 | E7: 6709 | F7: 5701
A10: 9.4. Численность официально зарегистрированных безработных по возрасту
A11: (человек)
B12: 2020 | C12: 2021 | D12: 2022 | E12: 2023 | F12: 2024
A14: Всего в возрасте от 16 лет и старше | B14: =B15+B16+B17+B18+B19+B20+B21+B22+B23+B24+B25 -> 19977 | C14: 19444 | D14: 17556 | E14: 16376 | F14: 14010
A15: от 16 до 17 лет | B15: 422 | C15: 472 | D15: 601 | E15: 504 | F15: 454
A16: от 18 до 21 лет | B16: 2867 | C16: 2582 | D16: 2414 | E16: 2090 | F16: 1729
A17: от 22 до 24 лет | B17: 2833 | C17: 1862 | D17: 1411 | E17: 1317 | F17: 965
A18: от 25 до 29 лет | B18: 2396 | C18: 2665 | D18: 2849 | E18: 2988 | F18: 2490
A19: от 30 до 34 лет | B19: 3846 | C19: 3872 | D19: 3314 | E19: 2921 | F19: 2950
A20: от 35 до 39 лет | B20: 3334 | C20: 3463 | D20: 3259 | E20: 3035 | F20: 2475
A21: от 40 до 44 лет | B21: 2116 | C21: 2251 | D21: 1928 | E21: 1877 | F21: 1633
A22: от 45 до 49 лет | B22: 1043 | C22: 1163 | D22: 942 | E22: 850 | F22: 713
A23: от 50 до 54 лет | B23: 572 | C23: 582 | D23: 466 | E23: 432 | F23: 347
A24: от 55 до 59 лет | B24: 412 | C24: 403 | D24: 280 | E24: 270 | F24: 194
A25: от 60 лет и старше | B25: 136 | C25: 129 | D25: 92 | E25: 92 | F25: 60
A28: 9.5. Официально зарегистрированные безработные по образованию
A29: (человек)
B30: 2020 | C30: 2021 | D30: 2022 | E30: 2023 | F30: 2024
A32: Всего | B32: =B33+B38 -> 19977 | C32: 19444 | D32: 17556 | E32: 16376 | F32: 14010
A33: Мужчины | B33: =B34+B35+B36+B37 -> 11230 | C33: 11355 | D33: 10390 | E33: 9667 | F33: 8309
A34: Неполное среднее | B34: 140 | C34: 438 | D34: 3567 | E34: 3598 | F34: 3079
A35: Среднее общее | B35: 10540 | C35: 18060 | D35: 5595 | E35: 5621 | F35: 4764
A36: Среднее специальное | B36: 376 | C36: 456 | D36: 227 | E36: 241 | F36: 260
A37: Высшее | B37: 174 | C37: 489 | D37: 241 | E37: 207 | F37: 206
A38: Женщины | B38: =B39+B40+B41+B42 -> 8747 | C38: 8089 | D38: 7166 | E38: 6709 | F38: 5701
A39: Неполное среднее | B39: 355 | C39: 168 | D39: 2564 | E39: 2668 | F39: 2163
A40: Среднее общее | B40: 7790 | C40: 7384 | D40: 3863 | E40: 3487 | F40: 3037
A41: Среднее специальное | B41: 381 | C41: 266 | D41: 266 | E41: 313 | F41: 290
A42: Высшее | B42: 221 | C42: 271 | D42: 253 | E42: 241 | F42: 211

Sheet труд3
A1: 9.6. Численность официально зарегистрированных безработных по территории
A2: (человек)
B3: 2020 | C3: 2021 | D3: 2022 | E3: 2023 | F3: 2024
A5: Ошская область | B5: =B7+B8+B9+B10+B11+B12+B13+B14+B15 -> 19977 | C5: 19444 | D5: 17556 | E5: 16376 | F5: 14010
A6: районы:
A7: Алайский | B7: 1181 | C7: 1233 | D7: 1230 | E7: 919 | F7: 996
A8: Араванский | B8: 2024 | C8: 1440 | D8: 1257 | E8: 1253 | F8: 1597
A9: Кара-Кулжинский | B9: 1665 | C9: 1864 | D9: 867 | E9: 423 | F9: 724
A10: Кара-Сууский | B10: 3457 | C10: 3582 | D10: 4147 | E10: 3435 | F10: 1929
A11: г.Кара-Суу | B11: 288 | C11: 289 | D11: 309 | E11: 281
A12: Ноокатский | B12: 7608 | C12: 7536 | D12: 5812 | E12: 6280 | F12: 6100
A13: Узгенский | B13: 2184 | C13: 2556 | D13: 2620 | E13: 2218 | F13: 921
A14: г.Узген | B14: 458 | C14: 578 | D14: 645 | E14: 550
A15: Чон-Алайский | B15: 1112 | C15: 1233 | D15: 1623 | E15: 1848 | F15: 1743
A18: 9.7. Среднемесячная заработная плата работников предприятий, учреждений и организаций по видам экономической деятельности (сомов)
B21: 2020 | C21: 2021 | D21: 2022 | E21: 2023 | F21: 2024
A23: Всего | B23: 12712.4 | C23: 12557 | D23: 19762.4 | E23: 23134 | F23: 25200
A24: Сельское хозяйство, лесное хозяйство и рыболовство | B24: 8920.9 | C24: 8987 | D24: 14363.4 | E24: 22455 | F24: 23541
A25: Добыча полезных ископаемых | B25: 11939 | C25: 10088 | D25: 13399.7 | E25: 20801 | F25: 34522
A26: Обрабатывающие производства | B26: 15289.2 | C26: 14697 | D26: 21030.6 | E26: 21617 | F26: 27485
A27: Обеспечение (снабжение) электроэнергией, паром и кондицированным воздухом | B27: 23239.7 | C27: 23209 | D27: 31375.8 | E27: 39354 | F27: 44645
A28: Водоснабжение, очистка, обработка отходов | B28: 7877.9 | C28: 7891 | D28: 9720.3 | E28: 11830 | F28: 15096
A29: Строительство | B29: 8895.7 | C29: 8552 | D29: 13159.2 | E29: 16333 | F29: 22884
A30: Оптовая и розничная торговля, ремонт автомобилей и мотоциклов | B30: 6621.2 | C30: 7759 | D30: 10049.2 | E30: 13250 | F30: 19884
A31: Транспортная деятельность и хранение грузов | B31: 9012.9 | C31: 9471 | D31: 11749.2 | E31: 12555 | F31: 19087
A32: Деятельность гостиниц и ресторанов | C32: 5034 | D32: 9898.1 | E32: 5833 | F32: 7833
A33: Информация и связь | B33: 14815.8 | C33: 14945 | D33: 17116.8 | E33: 21612 | F33: 27120
A34: Финансовое посредничество и страхование | B34: 27197.2 | C34: 27511 | D34: 35790.9 | E34: 42792 | F34: 52366
A35: Операции с недвижимым имуществом | B35: 8202.7 | C35: 8479 | D35: 11292.6 | E35: 16157 | F35: 19882
A36: Профессиональная, научная и техническая деятельность | B36: 15955.4 | C36: 15778 | D36: 26100.4 | E36: 34323 | F36: 35358
A37: Административная и впомогательная деятельность | B37: 17025.9 | C37: 15464 | D37: 19239.3 | E37: 20041 | F37: 29985
A38: Государственное управление | B38: 18752.7 | C38: 18521 | D38: 23890.8 | E38: 38839 | F38: 38807
A39: Образование | B39: 12282.1 | C39: 12286 | D39: 20026.8 | E39: 22272 | F39: 22863
A40: Здравоохранение и социальное обслуживание населения | B40: 9346.9 | C40: 9355 | D40: 17483.8 | E40: 17499 | F40: 21049
A41: Искусство, развлечение и отдых | B41: 6635.3 | C41: 6696 | D41: 14447.5 | E41: 18244 | F41: 16864
A42: Прочая обслуживающая деятельность | B42: 5866.4 | C42: 5114 | D42: 6788 | E42: 8244 | F42: 9377
A43: Деятельность частных домашних хозяйств | B43: - | C43: - | D43: - | E43: -
A44: Деятельность экстерриториальных организаций | B44: - | C44: - | D44: - | E44: -

Sheet труд4
A1: 9.8. Среднемесячная заработная плата работников предприятий и учреждений сферы туризма по формам собственности
A2: (сомов)
B3: 2020 | C3: 2021 | D3: 2022 | E3: 2023 | F3: 2024
A5: Предприятия и организации сферы туризма - всего | B5: 8432 | C5: 7749 | D5: 12360.5 | E5: 23542 | F5: 27079
A6: в т.ч. Гостиницы
A7: Санаторно-курортные учреждения | B7: 7656.5 | C7: 7656 | D7: 9872.8 | E7: 18609 | F7: 10162
A8: Деятельность туристических агентств (туристические агентства) | B8: - | C8: - | D8: - | E8: - | F8: -
A9: Предприятия отдыха и туризма | B9: 0 | C9: 3297.2 | D9: 1833.3 | E9: 5833 | F9: 7833
A10: Природные парки и заповедники | B10: 9694.9 | C10: 9695 | D10: 18695.7 | E10: 29912 | F10: 28284
A15: 9.9. Среднемесячная заработная плата работников предприятий, учреждений и организаций по территории
A16: (сомов)
B17: 2020 | C17: 2021 | D17: 2022 | E17: 2023 | F17: 2024
A19: Ошская область | B19: 12712 | C19: 12557 | D19: 19762.4 | E19: 23134 | F19: 25 200
A20: районы:
A21: Алайский | B21: 16137 | C21: 16006 | D21: 24109.7 | E21: 29587 | F21: 32 211
A22: Араванский | B22: 11177 | C22: 11049 | D22: 17886.7 | E22: 21330 | F22: 22 723
A23: Кара-Кулжинский | B23: 13492 | C23: 8958 | D23: 20683 | E23: 24931 | F23: 25 944
A24: Кара-Сууский | B24: 11948 | C24: 11775 | D24: 18672.9 | E24: 21242 | F24: 24 382
A25: в т.ч. г. Кара-Суу | B25: 12340 | C25: 12446 | D25: 19780.7 | E25: 22526 | F25: 25 094
A26: Ноокатский | B26: 12419.9 | C26: 12327 | D26: 19673.8 | E26: 22739 | F26: 24 522
A27: в т.ч. г. Ноокат | B27: 10922.1 | C27: 10846 | D27: 17973.9 | E27: 26106 | F27: 23 406
A28: Узгенский | B28: 12242 | C28: 11949 | D28: 18437.2 | E28: 21842 | F28: 23 665
A29: в т.ч. г. Узген | B29: 13762 | C29: 13646 | D29: 19798.8 | E29: 24980 | F29: 28 735
A30: Чон-Алайский | B30: 16828 | C30: 16935 | D30: 27267.2 | E30: 31453 | F30: 32 430

Sheet торг
A1: 10. ТОРГОВЛЯ И РЫНОЧНЫЕ УСЛУГИ
A2: 10.1.Оптовая и розничная торговля, ремонт автомобилей и мотоциклов
A3: (млн. сомов)
B4: 2020 | C4: 2021 | D4: 2022 | E4: 2023 | F4: 2024
A6: Всего | B6: 37473.1 | C6: =C7+C8+C9+C10+C11 -> 48279.8 | D6: =D7+D8+D9+D10+D11 -> 61984.7 | E6: =E7+E8+E9+E10+E11 -> 76071 | F6: 90039.6
A7: Оптовая и розничная торговля автомобилями и мотоциклами,их детелями,узлами и принадлежностями | B7: 175.2 | C7: 249 | D7: 266.2 | E7: 291.8 | F7: 308.9
A8: Техническое обслуживание и ремонт автомобилей | B8: 103.6 | C8: 143.2 | D8: 184.3 | E8: 188.3 | F8: 208.7
A9: Оптовая торговля | B9: 6230.5 | C9: 6224.1 | D9: 10245.8 | E9: 12323.4 | F9: 13244.7
A10: Розничная торговля моторным топливом | B10: 3483.4 | C10: 5707.9 | D10: 8144.7 | E10: 10356.8 | F10: 9632.2
A11: Розничная торговля, кроме торговли автомобилями и моторным топливом | B11: 27480.4 | C11: 35955.6 | D11: 43143.7 | E11: 52910.7 | F11: 66645.1
A14: 10.2. Индексы физического объема оборота оптовой и розничной
A15: торговли, ремонта автомобилей и мотоциклов
A16: (в процентах к предыдущему году)
B17: 2020 | C17: 2021 | D17: 2022 | E17: 2023 | F17: 2024
A19: Всего | B19: 80 | C19: 111.6 | D19: 114.4 | E19: 116 | F19: 112.5
A20: Оптовая и розничная торговля автомобилями и мотоциклами, их деталями, узлами и принадлежностями | B20: 69.4 | C20: 136.1 | D20: 101.8 | E20: 104.1 | F20: 103.7
A21: Техническое обслуживание и ремонт автомобилей | B21: 89.3 | C21: 108.6 | D21: 104.2 | E21: 103 | F21: 104.8
A22: Оптовая торговля | B22: 61.9 | C22: 88.8 | D22: 149.9 | E22: 111.5 | F22: 102.4
A23: Розничная торговля моторным топливом | B23: 93.8 | C23: 114.3 | D23: 109.3 | E23: 135.2 | F23: 86.1
A24: Розничная торговля, кроме торговли автомобилями и моторным топливом | B24: 83.6 | C24: 116.3 | D24: 109.2 | E24: 113.6 | F24: 120
A26: 10.3. Деятельность гостиниц и ресторанов
A27: (млн. сомов)
B28: 2020 | C28: 2021 | D28: 2022 | E28: 2023 | F28: 2024
A30: Всего | B30: 961.9 | C30: =B31+B32 -> 961.9 | D30: =C31+C32 -> 1196.5 | E30: =D31+D32 -> 1435.6 | F30: 2087.4
A31: Предоставление услуг гостиницами и услуг для туристического проживания, а также прочими местами для краткосрочного проживания | B31: 7.4 | C31: 13 | D31: 14.7 | E31: 65.6 | F31: 64.4
A32: Деятельность ресторанов, предоставление мобильных услуг и прочих услуг по обеспечению пищей | B32: 954.5 | C32: 1183.5 | D32: 1420.9 | E32: 1633.6 | F32: 2023
A35: 10.4. Индексы физического объема деятельности гостиниц и ресторанов
A36: (в процентах к предыдущему году)
B37: 2020 | C37: 2021 | D37: 2022 | E37: 2023 | F37: 2024
A39: Всего | B39: 74.9 | C39: 107.7 | D39: 109 | E39: 110.2 | F39: 117.9
A40: Предоставление услуг гостиницами и услуг для туристического проживания,а также прочими местами для краткосрочного проживания | B40: 42.1 | C40: 175.1 | D40: 113.4 | E40: 445.7 | F40: 98
A41: Деятельность ресторанов, предоставление мобильных услуг и прочих услуг по обеспечению пищей | B41: 75.4 | C41: 107.2 | D41: 109 | E41: 106.7 | F41: 118.7
A43: 10.5. Оптовая и розничная торговля, ремонт автомобилей и мотоциклов по формам собственности
A44: (млн. сомов)
B45: 2020 | C45: 2021 | D45: 2022 | E45: 2023 | F45: 2024
A47: Всего | B47: 37473.1 | C47: =C49+C50+C51+C52+C53 -> 48279.8 | D47: =D49+D50+D51+D52+D53 -> 61984.7 | E47: =E49+E50+E51+E52+E53 -> 76071 | F47: 90039.6
A49: Оптовая и розничная торговля автомобилями и мотоциклами, их детелями, узлами и принадлежности | B49: 175.2 | C49: 249 | D49: 266.2 | E49: 291.8 | F49: 308.9
A50: Техническое обслуживание и ремонт автомобилей | B50: 103.6 | C50: 143.2 | D50: 184.3 | E50: 188.3 | F50: 208.7
A51: Оптовая торговля | B51: 6230.5 | C51: 6224.1 | D51: 10245.8 | E51: 12323.4 | F51: 13244.7
A52: Розничная торговля моторным топливом | B52: 3483.4 | C52: 5707.9 | D52: 8144.7 | E52: 10356.8 | F52: 9632.2
A53: Розничная торговля, кроме торговли автомобилями и моторным топливом | B53: 27480.4 | C53: 35955.6 | D53: 43143.7 | E53: 52910.7 | F53: 66645.1
A55: Негосударственная | B55: 37473.1 | C55: =C56+C57+C58+C59+C60 -> 48279.8 | D55: =D56+D57+D58+D59+D60 -> 61984.7 | E55: =E56+E57+E58+E59+E60 -> 76071 | F55: 90039.6
A56: Оптовая и розничная торговля автомобилями и мотоциклами, их деталями, узлами и принадлежностями | B56: 175.2 | C56: 249 | D56: 266.2 | E56: 291.8 | F56: 308.9
A57: Техническое обслуживание и ремонт автомобилей | B57: 103.6 | C57: 143.2 | D57: 184.3 | E57: 188.3 | F57: 208.7
A58: Оптовая торговля и торговля через агентов | B58: 6230.5 | C58: 6224.1 | D58: 10245.8 | E58: 12323.4 | F58: 13244.7
A59: Розничная торговля моторным топливом | B59: 3483.4 | C59: 5707.9 | D59: 8144.7 | E59: 10356.8 | F59: 9632.2
A60: Розничная торговля, кроме торговли автомобилями и моторным топливом | B60: 27480.4 | C60: 35955.6 | D60: 43143.7 | E60: 52910.7 | F60: 66645.1
A63: 10.6. Оптовая и розничная торговля, ремонт автомобилей и мотоциклов по формам собственности
A64: (в процентах к итогу)
B65: 2020 | C65: 2021 | D65: 2022 | E65: 2023 | F65: 2024
A67: Всего | B67: 100 | C67: 100 | D67: =D69+D70+D71+D72+D73 -> 100 | E67: =E69+E70+E71+E72+E73 -> 100 | F67: 99.972596
A69: Оптовая и розничная торговля автомобилями и мотоциклами, их детелями, узлами и принадлежности | B69: 0.5 | C69: 0.5 | D69: 0.4 | E69: 0.4 | F69: 0.34307127
A70: Техническое обслуживание и ремонт автомобилей | B70: 0.3 | C70: 0.3 | D70: 0.3 | E70: 0.2 | F70: 0.2317869
A71: Оптовая торговля | B71: 16.6 | C71: 12.9 | D71: 16.3 | E71: 16.2 | F71: 14.7
A72: Розничная торговля моторным топливом | B72: 9.3 | C72: 11.8 | D72: 13 | E72: 13.6 | F72: 10.697737
A73: Розничная торговля, кроме торговли автомобилями и моторным топливом | B73: 73.3 | C73: 74.5 | D73: 70 | E73: 69.6 | F73: 74
A75: Негосударственная | B75: 100 | C75: 100 | D75: 100 | E75: =E76+E77+E78+E79+E80 -> 100 | F75: 100
A76: Оптовая и розничная торговля автомобилями и мотоциклами, их детелями, узлами и принадлежности | B76: 0.5 | C76: 0.5 | D76: 0.4 | E76: 0.4 | F76: 0.3
A77: Техническое обслуживание и ремонт автомобилей | B77: 0.3 | C77: 0.3 | D77: 0.3 | E77: 0.2 | F77: 0.2
A78: Оптовая торговля | B78: 16.6 | C78: 12.9 | D78: 16.3 | E78: 16.2 | F78: 14.7
A79: Розничная торговля моторным топливом | B79: 9.3 | C79: 11.8 | D79: 13 | E79: 13.6 | F79: 10.7
A80: Розничная торговля, кроме торговли автомобилями и моторным топливом | B80: 73.3 | C80: 74.5 | D80: 70 | E80: 69.6 | F80: 74
A83: 10.7. Деятельность гостиниц и ресторанов по формам собственности по формам собст
A84: по формам собственности
B85: 2020 | C85: 2021 | D85: 2022 | E85: 2023 | F85: 2024
A87: Миллион сомов
A88: Всего | B88: 961.9 | C88: 1196.5 | D88: 1435.7 | E88: 1699.2 | F88: 2087.3
A89: Негосударственная | B89: 961.9 | C89: 1196.5 | D89: 1435.7 | E89: 1699.2 | F89: 2087.3
A91: В процентах к итогу
A92: Всего | B92: 100 | C92: 100 | D92: 100 | E92: 100 | F92: 100
A93: Негосударственная | B93: 100 | C93: 100 | D93: 100 | E93: 100 | F93: 100
A96: 10.8. Услуги гостиниц по формам собственности
B98: 2020 | C98: 2021 | D98: 2022 | E98: 2023 | F98: 2024
A100: Миллион сомов
A101: Всего | B101: 7.4 | C101: 13 | D101: 9 | E101: 65.6 | F101: 64.4
A102: Негосударственная | B102: 7.4 | C102: 13 | D102: 9 | E102: 65.6 | F102: 64.4
A104: В процентах к итогу
A105: Всего | B105: 100 | C105: 100 | D105: 100 | E105: 100 | F105: 100
A106: Негосударственная | B106: 100 | C106: 100 | D106: 100 | E106: 100 | F106: 100
A110: 10.8. Услуги ресторанов по формам собственности
B111: 2020 | C111: 2021 | D111: 2022 | E111: 2023 | F111: 2024
A113: Миллион сомов
A114: Всего | B114: 954.5 | C114: 1183.5 | D114: 1420.9 | E114: 1633.6 | F114: 2022.9
A115: Негосударственная | B115: 954.5 | C115: 1183.5 | D115: 1420.9 | E115: 1633.6 | F115: 2022.9
A116: В процентах к итогу
A117: Всего | B117: 100 | C117: 100 | D117: 100 | E117: 100 | F117: 100
A118: Негосударственная | B118: 100 | C118: 100 | D118: 100 | E118: 100 | F118: 100
A122: 10.10. Оптовая и розничная торговля,
A123: ремонт автомобилей и мотоциклов
A124: (млн. сомов)
B125: 2020 | C125: 2021 | D125: 2022 | E125: 2023 | F125: 2024
A127: Ошская область | B127: 37473.1 | C127: =C129+C130+C131+C132+C133+C134+C135 -> 48279.8 | D127: =D129+D130+D131+D132+D133+D134+D135 -> 61984.7 | E127: =E129+E130+E131+E132+E133+E134+E135 -> 76071 | F127: 90039.7
A128: районы:
A129: Алайский | B129: 1078.6 | C129: 1366.5 | D129: 1666.6 | E129: 2028.5 | F129: 2338.5
A130: Араванский | B130: 1276.6 | C130: 1644.1 | D130: 2031.1 | E130: 2323.9 | F130: 2571.3
A131: Кара-Кулжинский | B131: 867.2 | C131: 1158.3 | D131: 1345.1 | E131: 1512.2 | F131: 1660.6
A132: Кара-Сууский | B132: 23864.7 | C132: 29706.3 | D132: 39339.1 | E132: 49573.3 | F132: 58936.7
A133: Ноокатский | B133: 4026.9 | C133: 5528.1 | D133: 6623.7 | E133: 7745.9 | F133: 9810.5
A134: Узгенский | B134: 5597.1 | C134: 7843.8 | D134: 9764.9 | E134: 11490.3 | F134: 13191.9
A135: Чон-Алайский | B135: 762 | C135: 1032.7 | D135: 1214.2 | E135: 1396.9 | F135: 1530.2
...

Sheet торг1
A1: 10.14. Объем оборота розничной торговли,
A2: включая предприятия питания, по каналам реализации
B4: 2020 | C4: 2021 | D4: 2022 | E4: 2023 | F4: 2024
A6: Миллион сомов
A7: Все каналы реализации | B7: 32093.4 | C7: =C8+C9 -> 43095.9 | D7: =D8+D9 -> 52975.5 | E7: =E8+E9 -> 65192.9 | F7: 78609.2
A8: Торгующие организации | B8: 7113.2 | C8: 10199.1 | D8: 13133.9 | E8: 16479.6 | F8: 23372.9
A9: Торговля на всех типах рынков | B9: 24980.2 | C9: 32896.8 | D9: 39841.6 | E9: 48713.3 | F9: 55236.3
A12: Все каналы реализации | B12: 82.6 | C12: 119.4 | D12: 111.9 | E12: 114 | F12: 114.9
A13: Торгующие организации | B13: 82.6 | C13: 127.5 | D13: 117.2 | E13: 116.3 | F13: 116.3
A14: Торговля на всех типах рынков | B14: 82.6 | C14: 117.1 | D14: 110.3 | E14: 113.3 | F14: 121
A17: 10.15. Розничная торговля, включая оборот предприятий
A18: питания по территории
A19: млн. сомов)
B20: 2020 | C20: 2021 | D20: 2022 | E20: 2023 | F20: 2024
A22: Ошская область | B22: 32093.4 | C22: =C24+C25+C26+C27+C29+C31+C33 -> 43095.9 | D22: =D24+D25+D26+D27+D29+D31+D33 -> 52975.5 | E22: =E24+E25+E26+E27+E29+E31+E33 -> 65192.9 | F22: 78609.2
A23: районы:
A24: Алайский | B24: 1140 | C24: 1442.2 | D24: 1751.8 | E24: 2072.7 | F24: 2498.3
A25: Араванский | B25: 1206.9 | C25: 1603.7 | D25: 1870.8 | E25: 2280.9 | F25: 2591.3
A26: Кара-Кулжинский | B26: 884.9 | C26: 1179.8 | D26: 1368.6 | E26: 1538.3 | F26: 1825.3
A27: Кара-Сууский | B27: 18277.8 | C27: 24160.5 | D27: 30070.2 | E27: 38402.2 | F27: 47226.5
A28: г.Кара-Суу | B28: 11779.5 | C28: 14024.1 | D28: 15868.4 | E28: 18015.8 | F28: 20915.8
A29: Ноокатский | B29: 4166.2 | C29: 5724.8 | D29: 6844.7 | E29: 7910.2 | F29: 10430.8
A30: г. Ноокат | B30: 2242.9 | C30: 1905 | D30: 2117.2 | E30: 2372.2 | F30: 2520
A31: Узгенский | B31: 5651.5 | C31: 7949.3 | D31: 9852 | E31: 11588.1 | F31: 12506.8
A32: г.Узген | B32: 3712.1 | C32: 5193.6 | D32: 5746.2 | E32: 6534.3 | F32: 7162
A33: Чон-Алайский | B33: 766.1 | C33: 1035.6 | D33: 1217.4 | E33: 1400.5 | F33: 1530.2
A36: 10.16. Индексы физического объема оборота розничной торговли,
A37: включая предприятия питания по территории
A38: (в процентах к предыдущему году)
B39: 2020 | C39: 2021 | D39: 2022 | E39: 2023 | F39: 2024
A41: Ошская область | B41: 82.6 | C41: 119.4 | D41: 111.9 | E41: 114 | F41: 114.9
A42: районы:
A43: Алайский | B43: 80.6 | C43: 112.5 | D43: 110.6 | E43: 109.6 | F43: 114.9
A44: Араванский | B44: 83.2 | C44: 118.1 | D44: 106.2 | E44: 113 | F44: 108.3
A45: Кара-Кулжинский | B45: 86.2 | C45: 118.5 | D45: 105.6 | E45: 104.2 | F45: 113.1
A46: Кара-Сууский | B46: 88.2 | C46: 117.5 | D46: 113.3 | E46: 118.3 | F46: 117.2
A47: г.Кара-Суу | B47: 98.9 | C47: 105.8 | D47: 60.1 | E47: 105.2 | F47: 110.7
A48: Ноокатский | B48: 72.4 | C48: 122.2 | D48: 108.9 | E48: 107.1 | F48: 125.7
A49: г. Ноокат | B49: 77.2 | C49: 75.5 | D49: 101.2 | E49: 103.8 | F49: 101.3
A50: Узгенский | B50: 76.3 | C50: 125.1 | D50: 112.8 | E50: 109 | F50: 102.9
A51: г.Узген | B51: 82.2 | C51: 124.4 | D51: 100.7 | E51: 105.4 | F51: 104.8
A52: Чон-Алайский | B52: 69.9 | C52: 120.2 | D52: 107 | E52: 106.6 | F52: 104.2
A56: 10.17. Розничная торговля по типам предприятий
A57: (млн. сомов)
B58: 2020 | C58: 2021 | D58: 2022 | E58: 2023 | F58: 2024
A60: Всего | B60: 32093.4 | C60: =C61+C62+C63+C64 -> 43095.9 | D60: 52975.5 | E60: =E61+E62+E63+E64 -> 65192.9 | F60: 80500.6
A61: Крупные предприятия | B61: 494.2 | C61: 362.7 | D61: 179.6 | E61: 483.5 | F61: -
A62: Средние предприятия | B62: 1145.9 | C62: 1599.9 | D62: 1531.1 | E62: 1648.8 | F62: 1859.9
A63: Малые предприятия | B63: 5473.1 | C63: 4819.3 | D63: 9379.4 | E63: 14367.3 | F63: 11550.3
A64: Индивидуальные предприниматели | B64: 24980.2 | C64: 36314 | D64: 41885.4 | E64: 48693.3 | F64: 67090.4
A67: 10.18. Розничная торговля, включая предприятия питания,
A68: по формам собственности
B70: 2020 | C70: 2021 | D70: 2022 | E70: 2023 | F70: 2024
A72: Миллион сомов
A73: Всего | B73: 32093.4 | C73: 43095.9 | D73: 52975.5 | E73: 65192.9 | F73: 80500.6
A74: Негосударственная | B74: 32093.4 | C74: 43095.9 | D74: 52975.5 | E74: 62192.9 | F74: 80500.6
A75: В процентах к итогу
A76: Всего | B76: 100 | C76: 100 | D76: 100 | E76: 100 | F76: 100
A77: Негосударственная | B77: 100 | C77: 100 | D77: 100 | E77: 100 | F77: 100
A80: 10.19. Объем рыночных услуг по территории
A81: (млн. сомов)
B82: 2020 | C82: 2021 | D82: 2022 | E82: 2023 | F82: 2024
A84: Ошская область | B84: 41797.6 | C84: 53791.8 | D84: =D86+D87+D88+D89+D90+D91+D92 -> 68010 | E84: =E86+E87+E88+E89+E90+E91+E92 -> 82888 | F84: 98940.7
A85: в том числе районы:
A86: Алайский | B86: 1302 | C86: 1646.5 | D86: 1971.4 | E86: 2367.6 | F86: 2466.4
A87: Араванский | B87: 1693.6 | C87: 2187.5 | D87: 2632 | E87: 2946.9 | F87: 3557.5
A88: Кара-Кулжинский | B88: 1055.2 | C88: 1396.3 | D88: 1604 | E88: 1839.1 | F88: 3184.4
A89: Кара-Сууский | B89: 25724.5 | C89: 31994.9 | D89: 41768.6 | E89: 52334.1 | F89: 62287.3
A90: Ноокатский | B90: 4739.2 | C90: 6454.6 | D90: 7625.2 | E90: 8885.8 | F90: 12327.6
A91: Узгенский | B91: 6396.6 | C91: 8936.9 | D91: 11044.7 | E91: 12956.4 | F91: 13451.8
A92: Чон-Алайский | B92: 886.5 | C92: 1175.1 | D92: 1364.1 | E92: 1558.1 | F92: 1665.7

Sheet услуги
A1: 10.20. Объем рыночных услуг по видам экономической деятельности
A2: млн.сомов
B3: 2020 | C3: 2021 | D3: 2022 | E3: 2023 | F3: 2024
A4: Всего рыночные услуги | B4: 41797.6 | C4: 53791.8 | D4: =D5+D6+D7+D8+D9+D10+D11+D12+D13+D14+D15+D16 -> 68010 | E4: =E5+E6+E7+E8+E9+E10+E11+E12+E13+E14+E15+E16 -> 82888.1 | F4: 98940.7
A5: Оптовая и розничная торговля автомобилями и мотоциклами, их деталями, узлами и принадлежностями | B5: 37473.1 | C5: 48279.8 | D5: 61984.7 | E5: 76071 | F5: 90039.6
A6: Транспортная деятельность и хранение грузов | B6: 961.9 | C6: 1750.7 | D6: 1695.7 | E6: 1798.6 | F6: 1987.2
A7: Услуги гостиниц и ресторанов | B7: 1388 | C7: 1196.5 | D7: 1435.7 | E7: 1699.3 | F7: 2087.3
A8: Информация и связь | B8: 99.4 | C8: 138.9 | D8: 141 | E8: 139.1 | F8: 293.4
A9: Финансовое посредничество и страхование | B9: 866.7 | C9: 1063.5 | D9: 1124.3 | E9: 1115.2 | F9: 1669.8
A10: Операции с недвижимым имуществом | B10: 93.9 | C10: 138.5 | D10: 165.2 | E10: 201.2 | F10: 334.9
A11: Профессиональная, научная и техническая деятельность | B11: 207.1 | C11: 283.2 | D11: 295.8 | E11: 386.8 | F11: 509.1
A12: Административная и вспомогательная деятельность | B12: 148.6 | C12: 172 | D12: 164.7 | E12: 247.3 | F12: 302.9
A13: Образование | B13: 123.4 | C13: 312.4 | D13: 421.3 | E13: 518.3 | F13: 694.1
A14: Здравоохранение и социальное обслуживание населения | B14: 167.7 | C14: 178.7 | D14: 263 | E14: 288.4 | F14: 442.1
A15: Искусство, развлечения и отдых | B15: 30.5 | C15: 31.8 | D15: 54.3 | E15: 67 | F15: 111.6
A16: Прочая обслуживающая деятельность | B16: 237.3 | C16: 245.8 | D16: 264.3 | E16: 355.9 | F16: 468.7
A19: 10.21. Индексы физического объема рыночных услуг по видам экономической деятельности
A20: в процентах к предыдущему году
B21: 2020 | C21: 2021 | D21: 2022 | E21: 2023 | F21: 2024
A22: Всего рыночные услуги | B22: 80.9 | C22: 111.2 | D22: 113.8 | E22: 115.2 | F22: 112.4
A23: Оптовая и розничная торговля автомобилями и мотоциклами, их деталями, узлами и принадлежностями | B23: 80 | C23: 111.6 | D23: 114.4 | E23: 116 | F23: 112.5
A24: Транспортная деятельность и хранение грузов | B24: 92 | C24: 106.5 | D24: 107.9 | E24: 110.6 | F24: 114.9
A25: Услуги гостиниц и ресторанов | B25: 74.9 | C25: 107.7 | D25: 109 | E25: 110.2 | F25: 117.9
A26: Информация и связь | B26: 93.6 | C26: 97.7 | D26: 91.6 | E26: 96 | F26: 99.5
A27: Финансовое посредничество и страхование | B27: 100 | C27: 99.9 | D27: 107.8 | E27: 101.5 | F27: 103.4
A28: Операции с недвижимым имуществом | B28: 98.1 | C28: 100 | D28: 96.4 | E28: 83.1 | F28: 98.9
A29: Профессиональная, научная и техническая деятельность | B29: 95.8 | C29: 97.4 | D29: 103.8 | E29: 101.5 | F29: 98.1
A30: Административная и вспомогательная деятельность | B30: 95.7 | C30: 102.3 | D30: 100.8 | E30: 109.6 | F30: 106.6
A31: Образование | B31: 48.8 | C31: 251.1 | D31: 132.8 | E31: 117.3 | F31: 114.6
A32: Здравоохранение и социальное обслуживание населения | B32: 152.9 | C32: 102.7 | D32: 142.3 | E32: 107.4 | F32: 151.6
A33: Искусство, развлечения и отдых | B33: 101.3 | C33: 99.8 | D33: 81.8 | E33: 104.9 | F33: 100.6
A34: Прочая обслуживающая деятельность | B34: 99.1 | C34: 94.8 | D34: 85.4 | E34: 93.8 | F34: 90.9

Sheet инд
A1: 11. ЦЕНЫ И ТАРИФЫ
A2: 11.1. Индекс потребительских цен и тарифов на товары и услуги
A3: (в процентах к декабрю предыдущего года)
B4: 2020 | C4: 2021 | D4: 2022 | E4: 2023 | F4: 2024
A6: Все товары и платные услуги | B6: 107.7 | C6: 110.7 | D6: 109.38 | E6: 108.19191 | F6: 104.53
A8: Товары | B8: 109 | C8: 111.2 | D8: 109.27 | E8: 107.92 | F8: 104.16
A9: Продовольственные | B9: 114 | C9: 113.9 | D9: 110.3 | E9: 107.1 | F9: 103.91
A10: Непродовольственные | B10: 102 | C10: 108 | D10: 107.19 | E10: 107.2 | F10: 104.58
A11: Платные услуги | B11: 101.2 | C11: 107.7 | D11: 110 | E11: 109.2 | F11: 104.53
A12: Хлеб, хлебобулочные изделия и крупы | B12: 108.5 | C12: 108.3 | D12: 111.59 | E12: 111.46057 | F12: 106.63
A13: Мясо | B13: 121.7 | C13: 114.5 | D13: 106.99 | E13: 103.97024 | F13: 108.43
A14: Рыба | B14: 99.9 | C14: 108.1 | D14: 104.47 | E14: 103.11843 | F14: 101.51
A15: Молочные изделия, сыр и яйца | B15: 108.5 | C15: 114.6 | D15: 101.13 | E15: 109.96881 | F15: 102.88
A16: Масла и жиры | B16: 133.4 | C16: 125.7 | D16: 106.11 | E16: 95.3957 | F16: 92.78
A17: Фрукты и овощи | B17: 110.5 | C17: 118.3 | D17: 100.72 | E17: 112.69168 | F17: 98.24
A18: Сахар, джем, мед, шоколад и конфеты | B18: 110.4 | C18: 120.8 | D18: 124.33 | E18: 99.555317 | F18: 99.47
... A30: Рестораны и гостиницы | B30: 101.6 | C30: 112.8 | D30: 111.56 | E30: 104.7308 | F30: 105.39
A34: 11.2. Средние потребительские цены (тарифы) на отдельные виды товаров (услуг) на потребительском рынке
A35: (в сомах за килограмм, штуку, пару, услугу)
B36: 2020 | C36: 2021 | D36: 2022 | E36: 2023 | F36: 2024
A38: Рис среднезерный | B38: 90.31 | C38: 93.05 | D38: 96.2 | E38: 131.64 | F38: 153.63
A39: Хлеб из муки 1 сорта | B39: 64.05 | C39: 64.23 | D39: 69.5 | E39: 72.74 | F39: 80.71
A40: Мука пшеничная 1 сорта | B40: 37.4 | C40: 39.75 | D40: 48.33 | E40: 50.5 | F40: 50.25
A41: Говядина | B41: 369.48 | C41: 460.37 | D41: 508.04 | E41: 524.65 | F41: 543.6
A42: Баранина | B42: 378.93 | C42: 489.69 | D42: 574.59 | E42: 600 | F42: 610.63
A43: Молоко цельное разливное, л | B43: 32.95 | C43: 38.58 | D43: 46.77 | E43: 49.67 | F43: 51.86
A44: Яйца куриные, 10 шт. | B44: 94.45 | C44: 119.32 | D44: 127.44 | E44: 136.08 | F44: 138.64
A45: Масло сливочное | B45: 360.66 | C45: 357.55 | D45: 428.2 | E45: 460.01 | F45: 463.49
A46: Масло подсолнечное, кг | B46: 104.08 | C46: 165.03 | D46: 181.16 | E46: 165.46 | F46: 152.28
A47: Яблоки | B47: 66.78 | C47: 57.02 | D47: 55.42 | E47: 78.82 | F47: 88.17
A48: Лук репчатый | B48: 21.36 | C48: 22.66 | D48: 30.05 | E48: 28.1 | F48: 24.61
A49: Картофель | B49: 26.02 | C49: 35.82 | D49: 31.05 | E49: 28.95 | F49: 31.27
... A62: Стрижка модельная (женская) | B62: 298.94 | C62: 307.22 | D62: 360.73 | E62: 387.27 | F62: 384.06
B64: 2020 | C64: 2021 | D64: 2022 | E64: 2023 | F64: 2024
A65: Абонентская плата за телефон, за месяц | B65: 62.24 | C65: 62.24 | D65: 62.24 | E65: 103.74 | F65: 103.74
A66: Плата за электричество (за кВт/ч) | B66: 0.77 | C66: 0.77 | D66: 0.77 | E66: 1 | F66: 1.07
A69: 11.3. Средние потребительские тарифы на отдельные виды услуг, оказываемых населению, в сфере туризма
A70: (в сомах)
B71: 2020 | C71: 2021 | D71: 2022 | E71: 2023 | F71: 2024
A73: Проживание в гостинице (за сутки с человека) | B73: 0 | C73: 0 | D73: 0 | E73: 0 | F73: 0
A74: Санаторий, дом отдыха профсоюзный (за 1 день с человека) | B74: 0 | C74: 0 | D74: 0 | E74: 0 | F74: 0
A75: Пригородный автобус (за 1 поездку с человека в расчете на 35 км) | B75: 79.72 | C75: 79.95 | D75: 80 | E75: 99.63 | F75: 101.34
A76: Такси (на расстояние 5 км в городе) | B76: 39.97 | C76: 44.39 | D76: 59.95 | E76: 68.06 | F76: 65.9
A77: Городской пассажирский транспорт (за 1 поездку) | B77: 10 | C77: 10 | D77: 12.8 | E77: 15 | F77: 14.2
A78: Междугородная телефонная связь внутри области (за 1 минуту) | B78: 4.8 | C78: 4.57 | D78: 3.88 | E78: 3.97 | F78: 45
A79: Питание в столовой, комплексный обед (на 1 человека) | B79: 244.66 | C79: 265.04 | D79: 348.32 | E79: 371.31 | F79: 380.75
A80: Обед в ресторане (на 1 человека) | B80: 374.83 | C80: 393.9 | D80: 439.1 | E80: 461.7 | F80: 463.71
A81: Печать фотографий (фотографии для паспорта за 4 штуки) | B81: 78.21 | C81: 78.48 | D81: 87.25 | E81: 90 | F81: 101.6

Sheet Госсектор
A1: 12. ГОСУДАРСТВЕННЫЕ ФИНАНСЫ
A2: 12.1. Республиканский бюджет
A3: (тысяч сомов)
B4: 2020 | C4: 2021 | D4: 2022 | E4: 2023 | F4: 2024
A6: Доходы, всего | B6: 1311965.3 | C6: 1943128 | D6: 2107690.7 | E6: 3583750.3 | F6: 4081090.3
A7: Доходы от операционной деятельности | B7: 1311965.3 | C7: 1943128 | D7: 2107690.7 | E7: 3583750.3 | F7: 4081090.3
A8: Налоговые доходы | B8: 1141863.8 | C8: 1742895.2 | D8: 1855845.7 | E8: 3253217.4 | F8: 3426042.2
A9: Налоги на доходы и прибыль | B9: 403 975,2 | C9: 588270.9 | D9: 578744.6 | E9: 1095177 | F9: 1081940.8
A10: подоходный налог с физических лиц-резидентов Кыргызской Республики | B10: 166640.7 | C10: 103521.9 | D10: 136083.7 | E10: 155838 | F10: 6978.4
A11: налог на доходы лиц-нерезидентов Кыргызской Республики | B11: 166640.7 | C11: 103521.9 | D11: 136083.7 | E11: 155838 | F11: 6978.4
A12: налоги на прибыль | B12: 237334.5 | C12: 484749 | D12: 422660.9 | E12: 561998.7 | F12: 408316.7
A13: Налоги на товары и услуги | B13: 737884.9 | C13: 1154617.1 | D13: 1276239 | E13: 2157565.4 | F13: 2344052.9
A14: налог на добавленную стоимость | B14: 477438 | C14: 751920.5 | D14: 802788.9 | E14: 1279460.4 | F14: 1294409.5
A15: налог с продаж | B15: 160963 | C15: 279305.7 | D15: 378426.6 | E15: 770311.9 | F15: 885967.4
A16: акцизный налог | B16: 24512.5 | C16: 23110.1 | D16: 12618.2 | E16: 37767.7 | F16: 46725.8
A17: налоги за использование недр | B17: 74971.3 | C17: 100280.8 | D17: 82405.2 | E17: 70025.4 | F17: 116950.2
A18: Прочие налоги и сборы | B18: 3.7 | C18: 7.2 | D18: 862 | E18: 475 | F18: 48.5
A19: Неналоговые доходы | B19: 170101.5 | C19: 200232.8 | D19: 251845 | E19: 330532.9 | F19: 655048.1
A20: Доходы от собственности и проценты | B20: 3880 | C20: 7348.5 | D20: 22566.3 | E20: 30331.8 | F20: 289602.2
A21: Доходы от продажи товаров и оказания услуг | B21: 120810 | C21: 149012.5 | D21: 174224.3 | E21: 222867.3 | F21: 289355.9
... A24: Штрафы,пени, санкции, конфискации | B24: 1973.4 | C24: 301.6 | D24: 436.4 | E24: 1461.8 | F24: 284849.2
A25: Добровольные трансферты и гранты единицам государственного сектора | B25: 1156, 0 | C25: 971.5 | D25: 2502.7 | E25: 1931.8 | F25: 3909.9
A26: Прочие неналоговые доходы | B26: 42282.1 | C26: 42598.5 | D26: 52115.2 | E26: 73940.2 | F26: 71841.7
A27: Доходы от продажи нефинансовых активов | B27: - | C27: - | D27: -
A28: Расходы, всего | B28: 9415583.5 | C28: 10182607 | D28: 15100736 | E28: 18072080 | F28: 20139438
A29: Расходы от осуществления операционной деятельности | B29: 9117776.7 | C29: 9786772.1 | D29: 14725192 | E29: 17555355 | F29: 20114238
A30: Государственные службы общего назначения | B30: 368720.8 | C30: 408741 | D30: 263395.4 | E30: 468302.6 | F30: 614016.9
A31: Оборона, общественный порядок и безопасность | B31: 371452.8 | C31: 427575.2 | D31: 603337 | E31: 924182.2 | F31: 971787.3
A32: Государственные услуги, связанные с экономической деятельностью | B32: 100720.6 | C32: 109479 | D32: 306936.5 | E32: 403315.8 | F32: 430207
A33: Охрана окружающей среды | B33: 9673.2 | C33: 10367.1 | D33: 18131.6 | E33: 30881.7 | F33: 28437.7
A34: Здравоохранение | B34: 76705.8 | C34: 86790.2 | D34: 127629.8 | E34: 138371.8 | F34: 1690172.9
A35: Отдых, культура и религия | B35: 70029.5 | C35: 83994.2 | D35: 150790.8 | E35: 203319.7 | F35: 233970.6
A36: Образование | B36: 6054214.6 | C36: 6381099.7 | D36: 10067870 | E36: 11838150 | F36: 12471955
A37: Социальная защита | B37: 2066259.4 | C37: 2278725.6 | D37: 3187100 | E37: 3548831.3 | F37: 3673690.9
A38: Расходы на приобретение нефинансовых активов | B38: 297806.9 | C38: 395834.8 | D38: 375544.7 | E38: 516725 | F38: 25199.3
A51: 12.2. Местный бюджет
A52: (тысяч сомов)
B53: 2020 | C53: 2021 | D53: 2022 | E53: 2023 | F53: 2024
A55: Доходы, всего | B55: 2063360.7 | C55: 2614921.1 | D55: 3400416.5 | E55: 4199993.6 | F55: 4237488.6
A56: Доходы от операционной деятельности | B56: 2040967.3 | C56: 2584922.4 | D56: 3375770.1 | E56: 4180533.7 | F56: 4237488.6
A57: Налоговые доходы | B57: 1160455.2 | C57: 1492143.9 | D57: 1979340.7 | E57: 2237981.2 | F57: 2416037
A58: Налоги на доходы и прибыль | B58: 799906.1 | C58: 1133513 | D58: 1672062.7 | E58: 1876218.7 | F58: 2024308.1
A59: подоходный налог с физических лиц-резидентов Кыргызской Республики | B59: 591095.3 | C59: 859454.5 | D59: 1282895.7 | E59: 1606924.4 | F59: 1789661.6
A60: поступления по единому налогу | B60: 3086.6 | C60: 4238.2 | D60: 120944.4 | E60: 0
A61: налог на основе патента | B61: 205724.2 | C61: 269820.3 | D61: 268222.6 | E61: 269294.3 | F61: 124092.2
A62: Налоги на собственность | B62: 264795.1 | C62: 285116.2 | D62: 276382.9 | E62: 321129.7 | F62: 353700.2
A63: налог на имущество | B63: 136743.5 | C63: 142794.9 | D63: 171566 | E63: 195839.4 | F63: 224402.2
A64: земельный налог | B64: 128051.5 | C64: 142321.3 | D64: 104816.9 | E64: 125290.3 | F64: 129298
A65: Налоги на товары и услуги | B65: 95751.5 | C65: 73504.1 | D65: 30722 | E65: 40470.5 | F65: 37821.1
A66: налог с продаж | B66: 53654.3 | C66: - | D66: - | E66: - | F66: -
A67: налоги за пользование недрами | B67: 42097.2 | C67: 73504.1 | D67: 30722 | E67: 40470.5 | F67: 37821.1
A68: Прочие налоги и сборы | B68: 2.5 | C68: 10.6 | D68: 173.1 | E68: 162.3 | F68: 207.5
A69: Полученные официальные трансферты | B69: 665350 | C69: 738893.2 | D69: 924951.6 | E69: 1305911.4 | F69: 1074885.4
A70: Неналоговые доходы | B70: 215162.1 | C70: 353885.3 | D70: 471477.8 | E70: 636641.1 | F70: 746566.2
A71: Доходы от собственности и проценты | B71: 141980.5 | C71: 151364.5 | D71: 189578.5 | E71: 261742.4 | F71: 282699.9
A72: Доходы от продажи товаров и оказания услуг | B72: 59135.5 | C72: 185939.8 | D72: 258155.8 | E72: 340241.7 | F72: 420991
A73: сборы и платежи | B73: 14782.9 | C73: 16508.3 | D73: 18361.1 | E73: 22320.1 | F73: 3187.1
A74: поступления от оказания платных услуг | B74: 42401.2 | C74: 167134 | D74: 237751.9 | E74: 315093 | F74: 25044.8
A75: Штрафы,пени, санкции, конфискации | B75: 550.9 | C75: 33.5 | D75: - | E75: - | F75: -
A76: Добровольные трансферты и гранты единицам государственного сектора | B76: 49.4 | C76: 4246.9 | D76: 12077.5 | E76: 16332 | F76: 28142.1
A77: Прочие неналоговые доходы | B77: 13445.8 | C77: 12300.5 | D77: 11666 | E77: 18325 | F77: 14733.2
A78: Доходы от продажи нефинансовых активов | B78: 22393.4 | C78: 29998.7 | D78: 24646.4 | E78: 19459.9 | F78: -
A79: Расходы, всего | B79: 1974793.2 | C79: 2601354.4 | D79: 3297164.2 | E79: 4222161.9 | F79: 4282420.2
A80: Расходы от осуществления операционной деятельности | B80: 1427619.8 | C80: 1818071.1 | D80: 2303396.7 | E80: 3190229.5 | F80: 2995582.2
A81: Государственные службы общего назначения | B81: 633408.4 | C81: 694782.2 | D81: 948231.4 | E81: 1374300.2 | F81: 1139236.8
A82: Оборона, общественный порядок и безопасность | B82: 14927.6 | C82: 7620.3 | D82: 11332.2 | E82: 10207.5 | F82: 22030.6
A83: Государственные услуги, связанные с экономической деятельностью | B83: 66772.6 | C83: 88075 | D83: 112178.9 | E83: 167256.2 | F83: 126306
A84: Жилищные и коммунальные услуги | B84: 224453 | C84: 274445.1 | D84: 327417.4 | E84: 499833.8 | F84: 537921.7
A85: Здравоохранение | B85: - | C85: - | D85: 67.3 | E85: 238.3 | F85: -
A86: Отдых, культура и религия | B86: 83676 | C86: 110479.7 | D86: 182875.5 | E86: 212811.3 | F86: 202840.9
A87: Образование | B87: 334702.6 | C87: 552772 | D87: 611479.2 | E87: 814623.7 | F87: 861675.3
A88: Социальная защита | B88: 69679.6 | C88: 89896.8 | D88: 109814.8 | E88: 110958.5 | F88: 105570.9
A89: Расходы на приобретение нефинансовых активов | B89: 547173.4 | C89: 783283.2 | D89: 993767.6 | E89: 1031932.4 | F89: 1286838

Sheet фин1
A1: 12. ФИНАНСОВАЯ ДЕЯТЕЛЬНОСТЬ ПРЕДПРИЯТИЙ И ОРГАНИЗАЦИЙ
A2: 12.1. Выручка (валовой доход) от реализации
A3: продукции (работ, услуг) по видам деятельности
A4: (тысяч сомов)
B5: 2020 | C5: 2021 | D5: 2022 | E5: 2023 | F5: 2024
A7: Всего | B7: 11296637 | C7: 15220250 | D7: 17206058 | E7: 22426867 | F7: 32995302
A9: Сельское хозяйство, лесное хозяйство и рыболовство | B9: 172076.7 | C9: 144899.2 | D9: 272266.9 | E9: 243069.6 | F9: 393617.8
A10: Добыча полезных ископаемых | B10: 1845591 | C10: 2422986.7 | D10: 3083098.8 | E10: 5083897.5 | F10: 3714495.8
A11: Обрабатывающие производства | B11: 7170893.3 | C11: 9921464.2 | D11: 10926707 | E11: 12444140 | F11: 11699232
A12: Производство пищевых продуктов(включая напитки) и табачных изделий | B12: 127345.7 | C12: 158136 | D12: 265191.1 | E12: 284690 | F12: 351638.8
A13: Текстильное производство, производство одежды и обуви, кожи и кожанных изделий | B13: 872784.5 | C13: 1096848.1 | D13: 1067060.3 | E13: 1128197.1 | F13: 677788
A14: Производство деревянных и бумажных изделий, полиграфическая деятельность | B14: 117105.3 | C14: 151327.5 | D14: 215477 | E14: 254891.9 | F14: 259259.3
A15: Производство химической продукции | B15: 2251 | C15: 2078.1 | D15: 1993.8 | E15: 1601 | F15: -
A16: Производство фармацевтической продукции | B16: 7150 | C16: 122.4 | D16: - | E16: - | F16: -
A17: Производство резиновых и пластмассовых изделий, прочих неметаллических минеральных продуктов | B17: 5982801.5 | C17: 8415357.9 | D17: 9270872 | E17: 10669006 | F17: 10377731
A18: Производство основных металлов и готовых металлических изделий | B18: 22885 | C18: 18240 | D18: 5511.3 | E18: 7182.5 | F18: 23049.8
A19: Производство электрического оборудования | B19: 38570.3 | C19: 79258.6 | D19: 88981.9 | E19: 67818.5 | F19: 9764.9
A20: Обеспечение (снабжение) электроэнергией, паром и кондиционированным воздухом | B20: 21800.1 | C20: 24939.9 | D20: 31824.3 | E20: 24530.9 | F20: 54334
A21: Водоснабженеие, очистка, обработка отходов и получение вторичного сырья | B21: 126706.8 | C21: 125539.8 | D21: 170893.5 | E21: 222657.2 | F21: 282419.8
A22: Строительство | B22: 642686.5 | C22: 1089519.7 | D22: 1102147.1 | E22: 1591741 | F22: 2870967.4
A23: Оптовая и розничная торговля; ремонт автомобилей и мотоциклов | B23: 714939.5 | C23: 527796.3 | D23: 481133 | E23: 987726.8 | F23: 12146657
A24: Транспортная деятельность и хранение грузов | B24: 166509.6 | C24: 292228.8 | D24: 181221.6 | E24: 310712.1 | F24: 491644.5
A25: Деятельность гостиниц и ресторанов | B25: 7114.8 | C25: 40637.4 | D25: 77223.6 | E25: 115298.3 | F25: 372.1
A26: Информация и связь | B26: 8178.5 | C26: 12570.7 | D26: 18042.8 | E26: 31193.1 | F26: 60303.7
A27: Финансовое посредничество и страхование | B27: 9084.6 | C27: 12847.2 | D27: 15477.5 | E27: 19377 | F27: 241600.1
A28: Операции с недвижимым имуществом | B28: 59826.4 | C28: 90238.3 | D28: 129452.6 | E28: 148463.1 | F28: 204295.8
... A31: Образование | B31: 61538.2 | C31: 111729 | D31: 177135.2 | E31: 216193.4 | F31: 219282.7
B33: 2020 | C33: 2021 | D33: 2022 | E33: 2023 | F33: 2024
A34: Здравоохранение и социальное обслуживание населения | B34: 37832.7 | C34: 53626.4 | D34: 121815.6 | E34: 172759.2 | F34: 152556.2
A35: Искусство, развлечения и отдых | B35: 11517.9 | C35: 992.8 | D35: 959.4 | E35: 956.2 | F35: 1004.2
A36: Прочая обслуживающая деятельность | B36: 10450.6 | C36: 8143.5 | D36: 5220.7 | E36: 3972 | F36: 272.7
A41: 12.2. Сальдированный финансовый результат (прибль минус убыток)
A42: предприятий по видам деятельности
A43: (тысяч сомов)
B44: 2020 | C44: 2021 | D44: 2022 | E44: 2023 | F44: 2024
A46: Всего | B46: 2588606.9 | C46: 4123429.5 | D46: 4028888.6 | E46: 5516438.6 | F46: 5709191.3
A48: Сельское хозяйство, лесное хозяйство и рыболовство | B48: 11361.5 | C48: 20592.8 | D48: 14708.8 | E48: 17690.5 | F48: 44788
A49: Добыча полезных ископаемых | B49: 467466.4 | C49: 682331.8 | D49: 485324.9 | E49: 1026741.5 | F49: -85229.8
A50: Обрабатывающие производства | B50: 1981466.7 | C50: 3305767.7 | D50: 3447357 | E50: 4291293.9 | F50: 4481555.4
A51: Производство пищевых продуктов (включая напитки) и табачных изделий | B51: 3106.1 | C51: -6672.7 | D51: 19471.3 | E51: 40484.5 | F51: -5298.6
A52: Текстильное производство, производство одежды и обуви, кожи и кожаных изделий | B52: 4740.6 | C52: 8651.5 | D52: -31711.5 | E52: -5626.5 | F52: 20323.3
A53: Производство деревянных и бумажных изделий, полиграфическая деятельность | B53: 880.5 | C53: 5726.4 | D53: 13223.6 | E53: 26993.9 | F53: 23420.1
A54: Производство химической продукции | B54: 30.5 | C54: 45 | D54: - | E54: - | F54: -2279.8
A55: Производство фармацевтической продукции | B55: 180 | C55: - | D55: - | E55: - | F55: -
A56: Производство резиновых и пластмассовых изделий, прочих неметаллических минеральных продуктов | B56: 1971870.5 | C56: 3297405.4 | D56: 3442284.2 | E56: 4225837.4 | F56: 4447204.6
A57: Производство основных металлов и готовых металлических изделий | B57: 530 | C57: 35.6 | D57: 561 | E57: 925.7 | F57: -11761.2
A58: Обеспечение (снабжение) электроэнергией, паром и кондиционированным воздухом | B58: 571.8 | C58: -1311.6 | D58: -1800 | E58: -1111.2 | F58: 1086
A59: Водоснабженеие, очистка, обработка отходов и получение вторичного сырья | B59: -510.1 | C59: -904.7 | D59: -1868.6 | E59: -4515.7 | F59: 30088.9
A60: Строительство | B60: 10241.9 | C60: -10508.8 | D60: -69396.3 | E60: -97818.9 | F60: 145941.1
A61: Оптовая и розничная торговля; ремонт автомобилей и мотоциклов | B61: 113420.3 | C61: 43967.7 | D61: 63776.5 | E61: 148733.3 | F61: 589942.7
A62: Транспортная деятельность и хранение грузов | B62: 7697.4 | C62: 24741.9 | D62: 9254.6 | E62: 26824.2 | F62: 22491.5
A63: Деятельность гостиниц и ресторанов | B63: - | C63: -15521.4 | D63: 3036.8 | E63: 7646.7 | F63: 6.5
A64: Информация и связь | B64: -1085.1 | C64: -641.5 | D64: 4023.2 | E64: 1040.4 | F64: 947.8
A65: Финансовое посредничество и страхование | B65: 3343.9 | C65: 4676.7 | D65: 6418.6 | E65: 5475 | F65: 273376.6
A66: Операции с недвижимым имуществом | B66: 6438.9 | C66: 17214.2 | D66: 17906.4 | E66: 30176.2 | F66: 63535
B68: 2020 | C68: 2021 | D68: 2022 | E68: 2023 | F68: 2024
A69: Профессиональная, научная и техническая деятельность | B69: 13416.6 | C69: 36222.2 | D69: 33733.8 | E69: 32118.3 | F69: 1757.1
A70: Административная и вспомогательная деятельность | B70: 3555.9 | C70: 8339.7 | D70: 6845.2 | E70: 22684.3 | F70: 102903.9
A71: Образование | B71: 1440.1 | C71: 827.3 | D71: 3246.7 | E71: 7093.7 | F71: 10540.4
A72: Здравоохранение и социальное обслуживание населения | B72: -951.4 | C72: 3173.5 | D72: 4563.1 | E72: 1987 | F72: 25494.4
A73: Искусство, развлечения и отдых | B73: -34516.6 | C73: 20 | D73: -63.4 | E73: 4.8 | F73: 65.8
A74: Прочая обслуживающая деятельность | B74: 5168.7 | C74: 4442 | D74: 1821.3 | E74: 374.6 | F74: -100
A80: 12.3. Выручка (валовой доход) от реализации
A81: продукции (работ, услуг) по территории
A82: (тысяч сомов)
B83: 2020 | C83: 2021 | D83: 2022 | E83: 2023 | F83: 2024
A85: Ошская область | B85: 11296637 | C85: 15220250 | D85: 17206058 | E85: 22426867 | F85: 32995302
A86: в том числе по районам:
A87: Алайский | B87: 1048887.9 | C87: 1065241.4 | D87: 1533228.7 | E87: 2116461.7 | F87: 1264545.6
A88: Араванский | B88: 3701262 | C88: 4369906.1 | D88: 4435907.4 | E88: 5615528.9 | F88: 6291492.2
A89: Кара-Кулжинский | B89: 15457.6 | C89: 19376.5 | D89: 29651.8 | E89: 39558.9 | F89: 46516.4
A90: Кара-Сууский | B90: 3152006.2 | C90: 4204868.6 | D90: 4995285.7 | E90: 7204575.8 | F90: 17581335
A91: в т.ч. г.Кара-Суу | B91: 249381.7 | C91: 346003.4 | D91: 495335.6 | E91: 548729.2 | F91: 2713292.7
A92: Ноокатский | B92: 2167310.3 | C92: 3991763.5 | D92: 4565315.7 | E92: 4810468.6 | F92: 4821438.2
A93: в т.ч. г. Ноокат | B93: 77395.2 | C93: 90623.7 | D93: 117662.6 | E93: 171686.8 | F93: 290928.5
A94: Узгенский | B94: 927712.3 | C94: 987387.4 | D94: 1387113.7 | E94: 2066486 | F94: 1967646.7
A95: в т.ч. г.Узген | B95: 416364.3 | C95: 168821.2 | D95: 180847.1 | E95: 338319 | F95: 578304.4
A96: Чон-Алайский | B96: 284001.1 | C96: 581706.8 | D96: 259555.2 | E96: 573787.3 | F96: 1022328.1
A99: 12.4. Сальдированный финансовый результат (прибль минус убыток)
A100: предприятий экономики по территории
A101: (тысяч сомов)
B102: 2020 | C102: 2021 | D102: 2022 | E102: 2023 | F102: 2024
A104: Ошская область | B104: 2588606.9 | C104: 4123429.5 | D104: 4028888.6 | E104: 5516438.6 | F104: 5709191.3
A105: в том числе по районам:
A106: Алайский | B106: 191919.4 | C106: 130217.3 | D106: 240207.5 | E106: 416159.6 | F106: 111834.8
A107: Араванский | B107: 1242856.7 | C107: 1777029.3 | D107: 1675345.9 | E107: 2362996.1 | F107: 2563180.2
A108: Кара-Кулжинский | B108: 49.1 | C108: 12.6 | D108: 1139.9 | E108: 2461.9 | F108: 1421.4
A109: Кара-Сууский | B109: 220185.6 | C109: 248254.5 | D109: 281120.6 | E109: 419548.8 | F109: 771715.2
A110: в т.ч. г.Кара-Суу | B110: 16791.4 | C110: 39718.6 | D110: 54761.6 | E110: 58925.9 | F110: 118191.6
A111: Ноокатский | B111: 642105.4 | C111: 1385802.5 | D111: 1540928.7 | E111: 1654885.6 | F111: 1806784.3
A112: в т.ч. г. Ноокат | B112: 11224.4 | C112: 5892.2 | D112: 7070.2 | E112: 10072.9 | F112: 34350.3
A113: Узгенский | B113: 136653.1 | C113: 176101 | D113: 283985.4 | E113: 544342.5 | F113: 271876.9
A114: в т.ч. г.Узген | B114: 19640.3 | C114: 24575.6 | D114: 20969.8 | E114: 51286.3 | F114: -2508
A115: Чон-Алайский | B115: 154837.6 | C115: 406012.3 | D115: 6160.6 | E115: 116044.1 | F115: 182378.5

Sheet фин2
A1: 12.5. Прибыль рентабельных предприятий экономики
A2: по видам деятельности
A3: (тысяч сомов)
B4: 2020 | C4: 2021 | D4: 2022 | E4: 2023 | F4: 2024
A6: Всего | B6: 2657261.2 | C6: 4293747.8 | D6: 4326592.1 | E6: 5805660.4 | F6: 6686939.2
A7: Сельское хозяйство, лесное хозяйство и рыболовство | B7: 12326.2 | C7: 26562.9 | D7: 24037.5 | E7: 21048.4 | F7: 49940.8
A8: Добыча полезных ископаемых | B8: 485799.3 | C8: 710311.5 | D8: 512918.6 | E8: 1045583.5 | F8: 747500.2
A9: Обрабатывающие производства | B9: 1988317.1 | C9: 3332142.8 | D9: 3494120.1 | E9: 4340023.9 | F9: 4534884.5
A10: Производство пищевых продуктов (влючая напитки) и табачных изделий | B10: 6230.8 | C10: 9140.5 | D10: 23950.2 | E10: 40868 | F10: 7894.3
A11: Текстильное производство, производство одежды и обуви, кожи и кожанных изделий | B11: 6320.9 | C11: 10433.4 | D11: 10568.3 | E11: 41113.5 | F11: 38783.5
A12: Производство деревянных и бумажных изделий, полиграфическая деятельность | B12: 880.5 | C12: 5861.6 | D12: 13228 | E12: 26993.9 | F12: 23420.1
A13: Производство химической продукции | B13: 30.5 | C13: 45 | D13: - | E13: - | F13: -
A14: Производство фармацевтической продукции | B14: 180 | C14: - | D14: - | E14: - | F14: -
A15: Производство резиновых и пластмассовых изделий, прочих неметаллических минеральных продуктов | B15: 1974015.9 | C15: 3306050.2 | D15: 3442284.2 | E15: 6305.1 | F15: 4454089.6
A16: Производство основных металлов и готовых металлических изделий | B16: 530 | C16: 35.6 | D16: 561 | E16: 925.7 | F16: 750
A17: Производство электрического оборудования | B17: 128.5 | C17: 567.5 | D17: 628.4 | E17: 958.9 | F17: -
A18: Обеспечение (снабжение) электроэнергией, паром и кондиционированным воздухом | B18: 926.7 | C18: 799.1 | D18: 803 | E18: 1000 | F18: 9947
A19: Водоснабженеие, очистка, обработка отходов и получение вторичного сырья | B19: 767.9 | C19: 1328.8 | D19: 2228.6 | E19: 1967.8 | F19: 1433.2
A20: Строительство | B20: 10241.9 | C20: 15647.6 | D20: 29822.9 | E20: 62953.5 | F20: 34342.7
A21: Оптовая и розничная торговля; ремонт автомобилей и мотоциклов | B21: 113898.4 | C21: 104318.6 | D21: 163338.9 | E21: 179196.9 | F21: 193030.5
A22: Транспортная деятельность и хранение грузов | B22: 7813.7 | C22: 25657.6 | D22: 9379.2 | E22: 26824.2 | F22: 605002.2
A23: Деятельность гостиниц и ресторанов | B23: - | C23: 191.3 | D23: 3036.8 | E23: 7646.7 | F23: 22651.2
A24: Информация и связь | B24: 45 | C24: 61.3 | D24: 4206.3 | E24: 1055.6 | F24: 6.5
A25: Финансовое посредничество и страхование | B25: 3418 | C25: 4726.5 | D25: 6433.6 | E25: 5540.7 | F25: 947.8
A26: Операции с недвижимым имуществом | B26: 6722.4 | C26: 17446.1 | D26: 20435.8 | E26: 30485.6 | F26: 273497.7
A27: Профессиональная, научная и техническая деятельность | B27: 15602.8 | C27: 36372.5 | D27: 34542.4 | E27: 39647.6 | F27: 64408.3
A28: Административная и вспомогательная деятельность | B28: 3555.9 | C28: 8339.7 | D28: 7842.8 | E28: 23030.1 | F28: 19361.3
A29: Образование | B29: 1504.9 | C29: 1943.7 | D29: 3535.5 | E29: 7646.5 | F29: 102903.9
A30: Здравоохранение и социальное обслуживаниенаселения | B30: 1065.8 | C30: 3435.8 | D30: 8078.8 | E30: 11630 | F30: 11031.7
A31: Искусство, развлечения и отдых | B31: 6.5 | C31: 20 | D31: 10 | E31: 4.8 | F31: 25930.9
A32: Прочая обслуживающая деятельность | B32: 5168.7 | C32: 4442 | D32: 1821.3 | E32: 374.6 | F32: 65.8
A46: 12.6. Прибыль рентабельных предприятий экономики по территории
A47: (тысяч сомов)
B48: 2020 | C48: 2021 | D48: 2022 | E48: 2023 | F48: 2024
A50: Ошская область | B50: 2657261.2 | C50: 4293747.8 | D50: 4326592.1 | E50: 5805660.4 | F50: 6686939.2
A51: в том числе по районам:
A52: Алайский | B52: 203086.8 | C52: 145492.7 | D52: 253556.2 | E52: 424410.4 | F52: 114078.5
A53: Араванский | B53: 1245035.4 | C53: 1781076.9 | D53: 1677566.2 | E53: 2369444 | F53: 2572933.6
A54: Кара-Кулжинский | B54: 521.3 | C54: 353.1 | D54: 1519.7 | E54: 2934.1 | F54: 1540.5
A55: Кара-Сууский | B55: 263464.3 | C55: 378300.6 | D55: 540565 | E55: 681277.3 | F55: 1686326.6
A56: в т.ч. г.Кара-Суу | B56: 17372.4 | C56: 40932.8 | D56: 58682.3 | E56: 61273 | F56: 131793.7
A57: Ноокатский | B57: 648162 | C57: 1402211.6 | D57: 1560275.4 | E57: 1663664.6 | F57: 1824383.2
A58: в т.ч. г. Ноокат | B58: 12445.1 | C58: 11924.3 | D58: 10361.3 | E58: 14467.4 | F58: 42060.7
A59: Узгенский | B59: 139866.8 | C59: 179714.7 | D59: 285829.5 | E59: 545363.7 | F59: 300628.1
A60: в т.ч. г.Узген | B60: 20105.5 | C60: 24630.5 | D60: 21043.2 | E60: 51292.8 | F60: 8883
A61: Чон-Алайский | B61: 157124.6 | C61: 406598.2 | D61: 7280.1 | E61: 118566.3 | F61: 187048.7
A63: 12.7. Убытки нерентабельных предприятий экономики
A64: по видам деятельности
A65: (тысяч сомов)
B66: 2020 | C66: 2021 | D66: 2022 | E66: 2023 | F66: 2024
A68: Всего | B68: -68654.3 | C68: -170318.3 | D68: -297703.5 | E68: -289221.8 | F68: -977747.9
A69: Сельское хозяйство, лесное хозяйство и рыболовство | B69: -964.7 | C69: -5970.1 | D69: -9328.7 | E69: -3357.9 | F69: -5152.8
A70: Добыча полезных ископаемых | B70: -18332.9 | C70: -27979.7 | D70: -27593.7 | E70: -18842 | F70: -832730
A71: Обрабатывающие производства | B71: -6850.4 | C71: -26375.1 | D71: -46763.1 | E71: -48730 | F71: -53329.1
A72: Производство пищевых продуктов (влючая напитки) и табачных изделий | B72: -3124.7 | C72: -15813.2 | D72: -4478.9 | E72: -383.5 | F72: -13192.9
A73: Текстильное производство, производство одежды и обуви, кожи и кожанных изделий | B73: -1580.3 | C73: -1781.9 | D73: -42279.8 | E73: -46740 | F73: -18460.2
A74: Производство деревянных и бумажных изделий, полиграфическая деятельность | B74: - | C74: -135.2 | D74: -4.4 | E74: - | F74: -
A75: Производство резиновых и пластмассовых изделий, прочих неметаллических минеральных продуктов | B75: -2145.4 | C75: -8644.8 | D75: - | E75: -1606.5 | F75: -9885
A76: Обеспечение (снабжение) электроэнергией, паром и кондиционированным воздухом | B76: -354.9 | C76: -2110.7 | D76: -2603 | E76: -2111.2 | F76: -347.2
A77: Водоснабженеие, очистка, обработка отходов и получение вторичного сырья | B77: -1278 | C77: -2233.5 | D77: -4097.2 | E77: -6483.5 | F77: -4253.8
A78: Строительство | B78: - | C78: -26156.4 | D78: -99219.2 | E78: -160772.4 | F78: -47089.4
A79: Оптовая и розничная торговля; ремонт автомобилей и мотоциклов | B79: -478.1 | C79: -60350.9 | D79: -99562.4 | E79: -30463.6 | F79: -15059.5
A80: Транспортная деятельность и хранение грузов | B80: -116.3 | C80: -915.7 | D80: -124.6 | E80: 0 | F80: -159.7
A81: Деятельность гостиниц и ресторанов | B81: - | C81: -15712.7 | D81: - | E81: 0 | F81: -
F82: -
B83: 2020 | C83: 2021 | D83: 2022 | E83: 2023 | F83: 2024
A84: Информация и связь | B84: -1130.1 | C84: -702.8 | D84: -183.1 | E84: -15.2 | F84: -121.1
A85: Финансовое посредничество и страхование | B85: -74.1 | C85: -49.8 | D85: -15 | E85: -65.7 | F85: -873.3
A86: Операции с недвижимым имуществом | B86: -283.5 | C86: -231.9 | D86: -2529.4 | E86: -309.4 | F86: -17604.2
A87: Профессиональная, научная и техническая деятельность | B87: -2186.2 | C87: -150.3 | D87: -808.6 | E87: -7529.3 | F87: -
A88: Административная и вспомогательная деятельность | B88: - | C88: - | D88: -997.6 | E88: -345.8 | F88: -491.3
A89: Образование | B89: -64.8 | C89: -1116.4 | D89: -288.8 | E89: -552.8 | F89: -436.5
A90: Здравоохранение и социальное обслуживание населения | B90: -2017.2 | C90: -262.3 | D90: -3515.7 | E90: -9643 | F90: -
A91: Искусство, развлечения и отдых | B91: -34523.1 | C91: - | D91: -73.4 | E91: - | F91: -100
A93: 12.8. Убытки нерентабельных предприятий экономики по территории
A94: (тысяч сомов)
B95: 2020 | C95: 2021 | D95: 2022 | E95: 2023 | F95: 2024
A97: Ошская область | B97: -68654.3 | C97: -170318.3 | D97: -297703.5 | E97: -289221.8 | F97: -977747.9
A98: в том числе по районам:
A99: Алайский | B99: -11167.4 | C99: -15275.4 | D99: -13348.7 | E99: -8250.8 | F99: -2243.7
A100: Араванский | B100: -2178.7 | C100: -4047.6 | D100: -2220.3 | E100: -6447.9 | F100: -9753.4
A101: Кара-Кулжинский | B101: -472.2 | C101: -340.5 | D101: -379.8 | E101: -472.2 | F101: -119.1
A102: Кара-Сууский | B102: -43278.7 | C102: -130046.1 | D102: -259444.4 | E102: -261728.5 | F102: -914611.4
A103: в т.ч. г.Кара-Суу | B103: -581 | C103: -1214.2 | D103: -3920.7 | E103: -2347.1 | F103: -13602.1
A104: Ноокатский | B104: -6056.6 | C104: -16409.1 | D104: -19346.7 | E104: -8779 | F104: -17598.9
A105: в т.ч. г. Ноокат | B105: -1220.7 | C105: -6032.1 | D105: -3291.1 | E105: -4394.5 | F105: -7710.4
A106: Узгенский | B106: -3213.7 | C106: -3613.7 | D106: -1844.1 | E106: -1021.2 | F106: -28751.2
A107: в т.ч. г.Узген | B107: -465.2 | C107: -54.9 | D107: -73.4 | E107: -6.5 | F107: -11391
A108: Чон-Алайский | B108: -2287 | C108: -585.9 | D108: -1119.5 | E108: -2522.2 | F108: -4670.2

Sheet фин3
A1: 12.9. Количество отчитавшихся предприятий экономики
A2: по видам деятельности
A3: (единиц)
B4: 2019 | C4: 2020 | D4: 2021 | E4: 2022 | F4: 2023 | G4: 2024
A5: Всего | B5: 729 | C5: 748 | D5: 786 | E5: 866 | F5: 936 | G5: 927
A6: Сельское хозяйство, лесное хозяйство и рыболовство | B6: 39 | C6: 39 | D6: 43 | E6: 54 | F6: 54 | G6: 58
A7: Добыча полезных ископаемых | B7: 54 | C7: 58 | D7: 63 | E7: 70 | F7: 79 | G7: 92
A8: Обрабатывающие производства | B8: 117 | C8: 123 | D8: 128 | E8: 136 | F8: 141 | G8: 151
A9: Производство пищевых продуктов (влючая напитки) и табачных изделий | B9: 32 | C9: 34 | D9: 35 | E9: 32 | F9: 32 | G9: 33
A10: Текстильное производство, производство одежды и обуви, кожи и прочих кожаных изделий | B10: 24 | C10: 22 | D10: 21 | E10: 27 | F10: 29 | G10: 32
A11: Производство деревянных и бумажных изделий, полиграфическая деятельность | B11: 3 | C11: 3 | D11: 5 | E11: 5 | F11: 8 | G11: 7
A12: Производство кокса и очищенных нефтепродуктов | C12: - | D12: - | E12: 1 | F12: 1 | G12: 1
A13: Производство химической продукции | B13: 3 | C13: 3 | D13: 3 | E13: 3 | F13: 3 | G13: 3
A14: Производство фармацевтической продукции | B14: 1 | C14: 2 | D14: 1 | E14: - | F14: - | G14: -
A15: Производство резиновых и пластмассовых изделий, прочих неметаллических минеральных продуктов | B15: 51 | C15: 55 | D15: 57 | E15: 61 | F15: 62 | G15: 69
A16: Производство основных металлов и готовых металлических изделий, кроме машин и оборудования | B16: 1 | C16: 2 | D16: 3 | E16: 3 | F16: 2 | G16: 3
A17: Производство электрического оборудования | B17: 1 | C17: 1 | D17: 1 | E17: 1 | F17: 1 | G17: -
A18: Прочие производства, ремонт и установка машин иоборудования | B18: 1 | C18: 1 | D18: 2 | E18: 3 | F18: 3 | G18: 3
A19: Обеспечение (снабжение) электроэнергией, паром и кондиционированным воздухом | B19: 5 | C19: 5 | D19: 5 | E19: 5 | F19: 4 | G19: 9
A20: Водоснабженеие, очистка, обработка отходов и получение вторичного сырья | B20: 85 | C20: 83 | D20: 87 | E20: 96 | F20: 102 | G20: 104
A21: Строительство | B21: 62 | C21: 62 | D21: 72 | E21: 75 | F21: 89 | G21: 81
A22: Оптовая и розничная торговля; ремонт автомобилей и мотоциклов | B22: 118 | C22: 127 | D22: 128 | E22: 148 | F22: 168 | G22: 156
A23: Транспортная деятельность и хранение грузов | B23: 43 | C23: 38 | D23: 42 | E23: 37 | F23: 38 | G23: 45
A24: Деятельность гостиниц и ресторанов | B24: 2 | C24: 3 | D24: 4 | E24: 4 | F24: 4 | G24: 3
A25: Информация и связь | B25: 8 | C25: 9 | D25: 9 | E25: 11 | F25: 11 | G25: 11
A26: Финансовое посредничество и страхование | B26: 52 | C26: 53 | D26: 51 | E26: 60 | F26: 70 | G26: 59
A27: Операции с недвижимым имуществом | B27: 50 | C27: 49 | D27: 49 | E27: 53 | F27: 52 | G27: 47
A28: Профессиональная, научная и техническая деятельность | B28: 22 | C28: 21 | D28: 20 | E28: 21 | F28: 20 | G28: 20
A29: Административная и вспомогательная деятельность | B29: 10 | C29: 12 | D29: 12 | E29: 11 | F29: 12 | G29: 10
... A33: Прочая обслуживающая деятельность | B33: 3 | C33: 3 | D33: 3 | E33: 2 | F33: 4 | G33: 2
A35: 12.10. Количество отчитавшихся предприятий экономики
A36: по территории (единиц)
B38: 2019 | C38: 2020 | D38: 2021 | E38: 2022 | F38: 2023 | G38: 2024
A40: Ошская область | B40: 729 | C40: 748 | D40: 786 | E40: 866 | F40: 936 | G40: 927
A41: в том числе по районам:
A42: Алайский | B42: 24 | C42: 24 | D42: 25 | E42: 24 | F42: 32 | G42: 40
A43: Араванский | B43: 108 | C43: 107 | D43: 100 | E43: 107 | F43: 108 | G43: 128
A44: Кара-Кулжинский | B44: 20 | C44: 20 | D44: 21 | E44: 23 | F44: 23 | G44: 23
A45: Кара-Сууский | B45: 361 | C45: 375 | D45: 409 | E45: 457 | F45: 502 | G45: 423
A46: в т.ч. г.Кара-Суу | B46: 74 | C46: 72 | D46: 70 | E46: 80 | F46: 81 | G46: 90
A47: Ноокатский | B47: 88 | C47: 90 | D47: 91 | E47: 105 | F47: 116 | G47: 139
A48: в т.ч. г. Ноокат | B48: 29 | C48: 29 | D48: 28 | E48: 36 | F48: 39 | G48: 47
A49: Узгенский | B49: 119 | C49: 122 | D49: 130 | E49: 139 | F49: 143 | G49: 162
A50: в т.ч. г.Узген | B50: 51 | C50: 54 | D50: 54 | E50: 58 | F50: 61 | G50: 67
A51: Чон-Алайский | B51: 9 | C51: 10 | D51: 10 | E51: 11 | F51: 12 | G51: 12

Sheet фин4
A1: 12.11. Количество нерентабельных предприятий экономики
A2: по видам деятельности
A3: (единиц)
B4: 2020 | C4: 2021 | D4: 2022 | E4: 2023 | F4: 2024
A6: Всего | B6: 63 | C6: 70 | D6: 71 | E6: 80 | F6: 64
A8: Сельское хозяйство, лесное хозяйство и рыболовство | B8: 2 | C8: 2 | D8: 7 | E8: 8 | F8: 7
A9: Добыча полезных ископаемых | B9: 10 | C9: 8 | D9: 8 | E9: 11 | F9: 13
A10: Обрабатывающие производства | B10: 11 | C10: 14 | D10: 7 | E10: 9 | F10: 11
A11: Производство пищевых продуктов (влючая напитки) и табачных изделий | B11: 5 | C11: 6 | D11: 4 | E11: 4 | F11: 2
A12: Текстильное производство, производство одежды и обуви, кожи и прочих кожаных изделий | B12: 3 | C12: 1 | D12: 2 | E12: 3 | F12: 4
A13: Производство деревянных и бумажных изделий, полиграфическая деятельность | B13: - | C13: 1 | D13: 1 | E13: - | F13: -
A14: Производство резиновых и пластмассовых изделий, прочих неметаллических минеральных продуктов | B14: 3 | C14: 6 | D14: - | E14: - | F14: 1
A15: Обеспечение (снабжение) электроэнергией, паром и кондиционированным воздухом | B15: 1 | C15: 2 | D15: 2 | E15: 1 | F15: 2
A16: Водоснабженеие, очистка, обработка отходов и получение вторичного сырья | B16: 9 | C16: 12 | D16: 9 | E16: 13 | F16: 2
A17: Строительство | B17: - | C17: 2 | D17: 5 | E17: 7 | F17: 1
A18: Оптовая и розничная торговля; ремонт автомобилей и мотоциклов | B18: 7 | C18: 9 | D18: 12 | E18: 12 | F18: 3
A19: Транспортная деятельность и хранение грузов | B19: 3 | C19: 5 | D19: 3 | E19: - | F19: 4
A20: Деятельность гостиниц и ресторанов | B20: - | C20: 1 | D20: - | E20: - | F20: 8
A21: Информация и связь | B21: 6 | C21: 4 | D21: 2 | E21: 1 | F21: 3
A22: Финансовое посредничество и страхование | B22: 3 | C22: 3 | D22: 2 | E22: 5 | F22: -
A23: Операции с недвижимым имуществом | B23: 5 | C23: 3 | D23: 3 | E23: 2 | F23: -
A24: Профессиональная, научная и техническая деятельность | B24: 2 | C24: 2 | D24: 2 | E24: 2 | F24: 2
A25: Административная и вспомогательная деятельность | B25: - | C25: - | D25: 2 | E25: 1 | F25: 2
A26: Образование | B26: 1 | C26: 2 | D26: 3 | E26: 3 | F26: 6
A27: Здравоохранение и социальное обслуживание населения | B27: 1 | C27: 1 | D27: 3 | E27: 5 | F27: -
A28: Искусство, развлечения и отдых | B28: 2 | C28: - | D28: 1 | E28: - | F28: 2
A30: 12.12. Количество нерентабельных предприятий экономики
A31: по территории
A32: (единиц)
B33: 2020 | C33: 2021 | D33: 2022 | E33: 2023 | F33: 2024
A35: Ошская область | B35: 63 | C35: 70 | D35: 71 | E35: 80 | F35: 64
A36: в том числе по районам:
A37: Алайский | B37: 2 | C37: 1 | D37: 1 | E37: 1 | F37: 3
A38: Араванский | B38: 7 | C38: 7 | D38: 3 | E38: 5 | F38: 9
A39: Кара-Кулжинский | B39: 4 | C39: 3 | D39: 2 | E39: 6 | F39: 3
A40: Кара-Сууский | B40: 31 | C40: 40 | D40: 45 | E40: 52 | F40: 33
A41: в т.ч. г.Кара-Суу | B41: 6 | C41: 6 | D41: 6 | E41: 7 | F41: 7
A42: Ноокатский | B42: 9 | C42: 11 | D42: 15 | E42: 25 | F42: 9
A43: в т.ч. г. Ноокат | B43: 3 | C43: 4 | D43: 5 | E43: 12 | F43: 3
A44: Узгенский | B44: 8 | C44: 7 | D44: 3 | E44: 4 | F44: 4
A45: в т.ч. г.Узген | B45: 3 | C45: 1 | D45: 1 | E45: 1 | F45: 2
A46: Чон-Алайский | B46: 2 | C46: 1 | D46: 2 | E46: 2 | F46: 3

Sheet фин5
A1: 12.13. Дебиторская задолженность предприятий экономики
A2: по видам деятельности
A3: (на конец года, тысяч сомов)
B4: 2020 | C4: 2021 | D4: 2022 | E4: 2023 | F4: 2024
A6: Всего | B6: 4047657.3 | C6: 4306340.8 | D6: 4261213 | E6: 5041918 | F6: 5471065.9
A8: Сельское хозяйство, лесное хозяйство и рыболовство | B8: 48318.5 | C8: 53392.2 | D8: 67990.4 | E8: 60879.6 | F8: 71590.4
A9: Добыча полезных ископаемых | B9: 2088356.2 | C9: 2190689.5 | D9: 1948220.9 | E9: 1782793.8 | F9: 1522507.2
A10: Обрабатывающие производства | B10: 1063724.6 | C10: 1219169.7 | D10: 1473963.4 | E10: 2065488.3 | F10: 2434026.3
A11: Производство пищевых продуктов (влючая напитки) и табачных изделий | B11: 87886.1 | C11: 92179.5 | D11: 60145.1 | E11: 98843.2 | F11: 458393.1
A12: Текстильное производство, производство одежды и обуви, кожи и кожаных изделий | B12: 202344.6 | C12: 222327.8 | D12: 245235.2 | E12: 378787.6 | F12: 382449.1
A13: Производство химической продукции | B13: 29.8 | C13: 19 | D13: 12 | E13: 19 | F13: -
A14: Производство резиновых и пластмассовых изделий, прочих неметаллических минеральных продуктов | B14: 773464.1 | C14: 904621.4 | D14: 1145645.6 | E14: 1567946 | F14: 1586882.7
A15: Производство электрического оборудования | B15: - | C15: 22 | D15: 22925.5 | E15: 19892.5 | F15: 6301.4
A16: Обеспечение (снабжение) электроэнергией, паром и кондиционированным воздухом | B16: 4215.2 | C16: 10006.5 | D16: 3460.5 | E16: 766.9 | F16: 4566.2
A17: Водоснабженеие, очистка, обработка отходов и получение вторичного сырья | B17: 11123.7 | C17: 14793.3 | D17: 14671.2 | E17: 29175.9 | F17: 16392.5
A18: Строительство | B18: 109743.5 | C18: 123565.5 | D18: 95527.3 | E18: 170361.8 | F18: 495380.1
A19: Оптовая и розничная торговля; ремонт автомобилей и мотоциклов | B19: 463478.5 | C19: 426220.4 | D19: 352590.2 | E19: 593288.2 | F19: 793464.6
A20: Транспортная деятельность и хранение грузов | B20: 6728.3 | C20: 15977.6 | D20: 11668.5 | E20: 6338.8 | F20: 7915
A21: Деятельность гостиниц и ресторанов | B21: - | C21: 151956.1 | D21: 155414.6 | E21: 158677.9 | F21: -
A22: Информация и связь | B22: 369.7 | C22: 614.5 | D22: 957.2 | E22: 237.6 | F22: 534.3
A23: Операции с недвижимым имуществом | B23: 8469.4 | C23: 6149.8 | D23: 3432 | E23: 14030.2 | F23: 6353.5
A24: Профессиональная, научная и техническаядеятельность | B24: 3307.2 | C24: 35460.1 | D24: 63109.7 | E24: 87307.1 | F24: 9434.4
A25: Административная и вспомогательная деятельность | B25: 61435.3 | C25: 37567.8 | D25: 52235.5 | E25: 67707.4 | F25: 101064.5
A26: Образование | B26: 340.1 | C26: 384.9 | D26: 473.6 | E26: 188.8 | F26: 6354
A27: Здравоохранение и социальное обслуживание населения | B27: 19932.7 | C27: 14451.4 | D27: 14520.3 | E27: 4675.7 | F27: 394.9
A28: Искусство, развлечения и отдых | B28: 12827.9 | C28: - | D28: - | E28: - | F28: -
A29: Прочая обслуживающая деятельность | B29: 4814.7 | C29: 5941.5 | D29: 2977.7 | E29: - | F29: -
A32: 12.14. Дебиторская задолженность предприятий экономики
A33: по территории (на конец года, тысяч сомов)
B35: 2020 | C35: 2021 | D35: 2022 | E35: 2023 | F35: 2024
A37: Ошская область | B37: 4047657.3 | C37: 4306340.8 | D37: 4261213 | E37: 5041918 | F37: 5471065.9
A38: в том числе по районам:
A39: Алайский | B39: 79042.8 | C39: 43286.6 | D39: 52111.9 | E39: 229424.6 | F39: 184449.9
A40: Араванский | B40: 345831.5 | C40: 342540.1 | D40: 558628.5 | E40: 719816.9 | F40: 1257563.7
A41: Кара-Кулжинский | B41: 2358.1 | C41: 2390 | D41: 1726.9 | E41: 1591.8 | F41: 644.2
A42: Кара-Сууский | B42: 1392986.6 | C42: 1502525.4 | D42: 1528055.5 | E42: 2432124.9 | F42: 2585167.8
A43: в т.ч. г.Кара-Суу | B43: 56289.9 | C43: 74315.8 | D43: 87615.5 | E43: 155070.2 | F43: 148749.1
A44: Ноокатский | B44: 216056.5 | C44: 273754.8 | D44: 233517.3 | E44: 180207.4 | F44: 185578.1
A45: в т.ч. г. Ноокат | B45: 84240.6 | C45: 141032.4 | D45: 118570.4 | E45: 86928.8 | F45: 99327.5
A46: Узгенский | B46: 348072.4 | C46: 135915.5 | D46: 115111.9 | E46: 138063.5 | F46: 202944.8
A47: в т.ч. г.Узген | B47: 26757.3 | C47: 25982.4 | D47: 28995.1 | E47: 21459.9 | F47: 31724.7
A48: Чон-Алайский | B48: 1663309.4 | C48: 2005928.4 | D48: 1772061 | E48: 1340688.9 | F48: 1054717.4
A56: 12.15. Кредиторская задолженность предприятий экономики
A57: (на конец года, тысяч сомов)
B58: 2020 | C58: 2021 | D58: 2022 | E58: 2023 | F58: 2024
A59: Всего | B59: 5116946.5 | C59: 6475174.7 | D59: 6490407.2 | E59: 6121919.2 | F59: 5934121.5
A60: Сельское хозяйство, лесное хозяйство и рыболовство | B60: 46562.8 | C60: 68829.2 | D60: 40892.6 | E60: 50654.9 | F60: 51283.3
A61: Добыча полезных ископаемых | B61: 1669546.8 | C61: 2107811.6 | D61: 2417491.9 | E61: 2290751.2 | F61: 1735892.6
A62: Обрабатывающие производства | B62: 2270975.7 | C62: 3116733.7 | D62: 2492487.5 | E62: 2125947.4 | F62: 2235213.8
A63: Производство пищевых продуктов (влючая напитки) и табачных изделий | B63: 74433.9 | C63: 87310 | D63: 65492.9 | E63: 275210.5 | F63: 471399.4
A64: Текстильное производство, производство одежды и обуви, кожи и кожаных изделий | B64: 185418.1 | C64: 160602.9 | D64: 146265.8 | E64: 179016.8 | F64: 215057
A65: Производство деревянных и бумажных изделий, полиграфическая деятельность | B65: - | C65: 4570 | D65: 4570 | E65: 11429.4 | F65: -
A66: Производство химической продукции | B66: 1161 | C66: 1180.3 | D66: 1173.3 | E66: 1180.3 | F66: -
A67: Производство резиновых и пластмассовых изделий, прочих неметаллических минеральных продуктов | B67: 2009962.7 | C67: 2858050 | D67: 2246342.8 | E67: 1639187.1 | F67: 1547840.8
A68: Приозводство электрического оборудования | B68: - | C68: 5020.5 | D68: 28642.7 | E68: 19923.3 | F68: -
A69: Обеспечение (снабжение) электроэнергией, паром и кондиционированным воздухом | B69: 23219.7 | C69: 12132.3 | D69: 53958.7 | E69: 7830.9 | F69: 115758.6
A70: Водоснабженеие, очистка, обработка отходов и получение вторичного сырья | B70: 7185.8 | C70: 8010.2 | D70: 5810.7 | E70: 8680.9 | F70: 20237.6
A71: Строительство | B71: 200988.2 | C71: 235754.4 | D71: 251971.4 | E71: 216607.4 | F71: 743451.1
A72: Оптовая и розничная торговля; ремонт автомобилей и мотоциклов | B72: 634607.9 | C72: 595943.6 | D72: 933434.4 | E72: 1079210.5 | F72: 942405.5
A73: Транспортная деятельность и хранение грузов | B73: 3819.7 | C73: 44824.2 | D73: 13418 | E73: 2113.6 | F73: 10515.2
A74: Деятельность гостиниц и ресторанов | B74: - | C74: 184111.6 | D74: 176647.5 | E74: 177340.1 | F74: -
A75: Информация и связь | B75: 952.4 | C75: 596.9 | D75: 729.5 | E75: 732 | F75: 401.6
A76: Операции с недвижимым имуществом | B76: 7826.6 | C76: 8251.4 | D76: 6723.9 | E76: 5676.5 | F76: 7766.1
A77: Профессиональная, научная и техническая деятельность | B77: 18515.7 | C77: 22725.4 | D77: 27341.4 | E77: 60853.1 | F77: 1152.2
A78: Административная и вспомогательная деятельность | B78: 30511.8 | C78: 23591.9 | D78: 26298.9 | E78: 40651.3 | F78: 28263.6
A79: Образование | B79: 2064.3 | C79: 2124.6 | D79: 2149.7 | E79: 3608.4 | F79: 23061.9
A80: Здравоохранение и социальное обслуживание населения | B80: 15555.6 | C80: 31807.1 | D80: 34995.9 | E80: 51261 | F80: 12188.2
A81: Искусство, развлечения и отдых | B81: 2652.1 | C81: 390.8 | D81: - | E81: 0 | F81: 6530.2
A82: Прочая обслуживающая деятельность | B82: 7293.4 | C82: 11535.8 | D82: 6055.2 | E82: 0 | F82: -
F83: -
A85: 12.16. Кредиторская задолженность предприятий экономики
A86: по территории (на конец года, тысяч сомов)
B88: 2020 | C88: 2021 | D88: 2022 | E88: 2023 | F88: 2024
A90: Ошская область | B90: 5116946.5 | C90: 6475174.7 | D90: 6490407.2 | E90: 6121919.2 | F90: 5934121.5
A91: в том числе по районам:
A92: Алайский | B92: 315922.9 | C92: 294936 | D92: 537312.7 | E92: 503485 | F92: 638922.6
A93: Араванский | B93: 1290489.8 | C93: 947678.5 | D93: 1504286.1 | E93: 711968.5 | F93: 1169288.1
A94: Кара-Кулжинский | B94: 671.2 | C94: 481.9 | D94: 806.2 | E94: 555.5 | F94: 471.1
A95: Кара-Сууский | B95: 1486339.6 | C95: 1822401.9 | D95: 2127843.5 | E95: 2552573.6 | F95: 2488610.8
A96: в т.ч. г.Кара-Суу | B96: 85256.4 | C96: 93805.6 | D96: 81880.9 | E96: 138915.2 | F96: 280310.4
A97: Ноокатский | B97: 619911 | C97: 1535447.7 | D97: 404320.1 | E97: 469248.4 | F97: 378953.5
A98: в т.ч. г. Ноокат | B98: 16604.8 | C98: 27272.7 | D98: 48687.7 | E98: 43659.6 | F98: 32182.7
A99: Узгенский | B99: 278797 | C99: 556242.7 | D99: 710523.7 | E99: 690093.2 | F99: 582725.9
A100: в т.ч. г.Узген | B100: 42794.5 | C100: 56525.3 | D100: 64290.3 | E100: 141645.4 | F100: 195948
A101: Чон-Алайский | B101: 1124815 | C101: 1317986 | D101: 1205314.9 | E101: 1193995 | F101: 675149.5

Sheet инвест
A1: 13. ИНВЕСТИЦИОННАЯ ДЕЯТЕЛЬНОСТЬ
A2: 13.1. Структура инвестиций в нефинансовые активы (миллион сомов)
B4: 2020 | C4: 2021 | D4: 2022 | E4: 2023 | F4: 2024
A6: Всего | B6: 4184.1 | C6: 5331.3 | D6: 7356.9 | E6: 10007.1 | F6: 18942.3
A8: Инвестиции в основной капитал | B8: 3857.1 | C8: 4910.4 | D8: 6875.9 | E8: 9268.5 | F8: 18021.4
A9: Капитальный ремонт основных фондов (средств) | B9: 254.2 | C9: 348.1 | D9: 441.5 | E9: 696.6 | F9: 890.5
A10: Инвестиции в нематериальные активы | B10: 72.8 | C10: 72.8 | D10: 39.5 | E10: 8.8 | F10: -
B11: - | C11: - | D11: - | E11: 33.2 | F11: 30.4
A13: 13.2. Инвестиции в нефинансовые активы по формам собственности (миллион сомов)
B15: 2020 | C15: 2021 | D15: 2022 | E15: 2023 | F15: 2024
A17: Всего | B17: 4184.1 | C17: 5331.3 | D17: 7356.9 | E17: 10007.1 | F17: 18942.3
A19: Государственная | B19: 69.6 | C19: 23.3 | D19: 87.9 | E19: 124.4 | F19: 5907.9
A20: Муниципальная | B20: 1006.7 | C20: 1411.5 | D20: 2585.5 | E20: 3142 | F20: 4728.9
A21: Частная | B21: 3107.8 | C21: 3896.5 | D21: 4683.5 | E21: 6740.7 | F21: 8305.5
A24: 13.3. Инвестиции в нефинансовые активы по источникам финансирования (миллион сомов)
B26: 2020 | C26: 2021 | D26: 2022 | E26: 2023 | F26: 2024
A28: Всего | B28: 4184.1 | C28: 5331.3 | D28: 7356.9 | E28: 10007.1 | F28: 18942.3
A30: Внутренние инвестиции | B30: 3927.3 | C30: 4815.1 | D30: 6458 | E30: 9265 | F30: 15549.9
A31: в том числе финансируемые за счет:
A32: республиканского бюджета | B32: 129.4 | C32: 47.2 | D32: 319.2 | E32: 530.4 | F32: 3171.8
A33: местного бюджета | B33: 354.7 | C33: 682.6 | D33: 807.2 | E33: 906.2 | F33: 1056.2
A34: собственных средств предприятий | B34: 436 | C34: 566.9 | D34: 850 | E34: 513.6 | F34: 1771.8
A35: средств населения и других | B35: 3007.2 | C35: 3518.4 | D35: 4481.6 | E35: 7314.8 | F35: 9515.1
A36: кредита банка | B36: - | C36: - | D36: - | E36: - | F36: 35
A38: Внешние инвестиции | B38: 256.8 | C38: 516.2 | D38: 898.9 | E38: 742.1 | F38: 3392.4
A39: в том числе финансируемые за счет:
A40: иностранного кредита | B40: 66.9 | C40: 17.8 | D40: - | E40: - | F40: -
A41: иностранных грантов и гуманитарной помощи | B41: 189.9 | C41: 468.4 | D41: 898.9 | E41: 742.1 | F41: 1285
F42: 2107.4
A44: 13.4. Инвестиции в основной капитал (капитальные вложения)
A45: по формам собственности и территории (миллион сомов)
B47: 2020 | C47: 2021 | D47: 2022 | E47: 2023 | F47: 2024
A49: Всего по области | B49: 5088.2 | C49: 5481.1 | D49: 11810 | E49: 12863.7 | F49: 23593.5
A50: районы:
A51: Алайский | B51: 493.1 | C51: 614.5 | D51: 887.6 | E51: 1159.4 | F51: 2074.9
A52: Араванский | B52: 479.3 | C52: 515.8 | D52: 1015.6 | E52: 1020.7 | F52: 1235.8
A53: Кара-Кулжинский | B53: 169.6 | C53: 151.6 | D53: 228.1 | E53: 740.1 | F53: 1440.2
A54: Кара-Суйский | B54: 2425.5 | C54: 1922 | D54: 4062.7 | E54: 4952 | F54: 5995.3
A55: в т.ч. г.Кара-Суу | B55: 188.3 | C55: 69.4 | D55: 32.4 | E55: 137.6 | F55: 397.3
A57: Ноокатский | B57: 558.6 | C57: 1005.2 | D57: 2309 | E57: 1419.5 | F57: 5576.1
A58: в т.ч. г. Ноокат | B58: 45.9 | C58: 57.4 | D58: 16.6 | E58: 14.6 | F58: 69.9
A59: Узгенский | B59: 761.7 | C59: 949.3 | D59: 2908.9 | E59: 2755.5 | F59: 6391.8
A60: в т.ч. г.Узген | B60: 34 | C60: 343.9 | D60: 265.8 | E60: 432.6 | F60: 258.6
A61: Чон-Алайский | B61: 200.4 | C61: 322.7 | D61: 398.1 | E61: 816.5 | F61: 879.4
A63: Государственная
A64: по области | B64: 1310.3 | C64: 840.8 | D64: 1266.3 | E64: 3123.6 | F64: 8681
A65: районы:
A66: Алайский | B66: 104.3 | C66: 84.4 | D66: 211.8 | E66: 292.9 | F66: 1403.4
A67: Продолжение
B68: 2020 | C68: 2021 | D68: 2022 | E68: 2023 | F68: 2024
A69: Араванский | B69: 24.3 | C69: 30.5 | D69: 112.7 | E69: 200.3 | F69: 182.5
A70: Кара-Кулжинский | B70: 122.4 | C70: 61 | D70: 66.2 | E70: 273.1 | F70: 551.2
A71: Кара-Суйский | B71: 807.8 | C71: 120 | D71: 330.5 | E71: 682.5 | F71: 734.9
A72: Ноокатский | B72: 80.4 | C72: 87.6 | D72: 135.5 | E72: 560.3 | F72: 11
A73: Узгенский | B73: 112 | C73: 315.5 | D73: 382.2 | E73: 782.8 | F73: 1857.9
A74: в т.ч. г.Узген | B74: - | C74: 277.3 | D74: 159.9 | E74: 219.9 | F74: 3839.7
A75: Чон-Алайский | B75: 59.1 | C75: 141.8 | D75: 27.4 | E75: 331.7 | F75: 111.4
A77: Муниципальная
A78: по области | B78: 798 | C78: 785.9 | D78: 1745.9 | E78: 2187.1 | F78: 3808.5
A79: районы:
A80: Алайский | B80: 100.1 | C80: 109.8 | D80: 116.1 | E80: 237.3 | F80: 33.9
A81: Араванский | B81: 30.9 | C81: 64.5 | D81: 64.8 | E81: 336.6 | F81: 152.1
A82: Кара-Кулжинский | B82: - | C82: 29.9 | D82: 100.5 | E82: 351.7 | F82: 544.7
A83: Кара-Суйский | B83: 189.3 | C83: 201.2 | D83: 562.3 | E83: 238.1 | F83: 684.5
A84: в т.ч. г.Кара-Суу | B84: 28.7 | C84: 6.5 | D84: 11.2 | E84: 20.6 | F84: 156.5
A85: Ноокатский | B85: 30 | C85: - | D85: 10.4 | E85: 18.4 | F85: 731.9
A86: в т.ч. г. Ноокат | B86: 23 | C86: - | D86: - | E86: - | F86: 57.4
A87: Узгенский | B87: 399.2 | C87: 299.4 | D87: 644.2 | E87: 806.5 | F87: 1324.5
A88: Чон-Алайский | B88: 48.5 | C88: 81.1 | D88: 247.6 | E88: 198.5 | F88: 84.6
F89: 336.9
A90: Частная
A91: по области | B91: 2979.9 | C91: 3854.4 | D91: 8797.8 | E91: 7553 | F91: 11104
A92: районы:
A93: Алайский | B93: 288.7 | C93: 420.3 | D93: 559.7 | E93: 629.2 | F93: 637.6
A94: Араванский | B94: 424.1 | C94: 420.8 | D94: 838.1 | E94: 483.8 | F94: 901.2
A95: Кара-Кулжинский | B95: 47.2 | C95: 60.7 | D95: 61.4 | E95: 115.3 | F95: 344.3
A96: Кара-Суйский | B96: 1428.4 | C96: 1600.8 | D96: 3169.9 | E96: 4031.4 | F96: 4575.9
A97: в т.ч. г.Кара-Суу | B97: 159.6 | C97: 62.9 | D97: 21.2 | E97: 117 | F97: 229.8
A98: Ноокатский | B98: 448.2 | C98: 917.6 | D98: 2163.1 | E98: 840.8 | F98: 2986.3
A99: в т.ч. г. Ноокат | B99: 22.9 | C99: 57.4 | D99: 16.6 | E99: 14.6 | F99: 12.5
A100: Узгенский | B100: 250.5 | C100: 334.4 | D100: 1882.5 | E100: 1166.2 | F100: 1227.6
A101: в т.ч. г.Узген | B101: 34 | C101: 66.6 | D101: 105.9 | E101: 212.7 | F101: 174
A102: Чон-Алайский | B102: 92.8 | C102: 99.8 | D102: 123.1 | E102: 286.3 | F102: 431.1
A104: 13.5. Инвестиции в основной капитал (капитальные вложения)
A105: по источникам финансирования и территории
A106: (миллион сомов)
B107: 2020 | C107: 2021 | D107: 2022 | E107: 2023 | F107: 2024
A109: Всего по области | B109: 5088.2 | C109: 5481.1 | D109: 11810 | E109: 12863.7 | F109: 23593.5
A110: районы:
A111: Алайский | B111: 493.1 | C111: 614.5 | D111: 887.6 | E111: 1159.4 | F111: 2074.9
A112: Араванский | B112: 479.3 | C112: 515.8 | D112: 1015.6 | E112: 1020.7 | F112: 1235.8
A113: Кара-Кулжинский | B113: 169.6 | C113: 151.6 | D113: 228.1 | E113: 740.1 | F113: 1440.2
A114: Кара-Суйский | B114: 2425.5 | C114: 1922 | D114: 4062.7 | E114: 4952 | F114: 5995.3
A115: в т.ч. г.Кара-Суу | B115: 188.3 | C115: 69.4 | D115: 32.4 | E115: 137.6 | F115: 397.3
A116: Ноокатский | B116: 558.6 | C116: 1005.2 | D116: 2309 | E116: 1419.5 | F116: 5576.1
A117: в т.ч. г. Ноокат | B117: 45.9 | C117: 57.4 | D117: 16.6 | E117: 14.6 | F117: 69.9
A118: Узгенский | B118: 761.7 | C118: 949.3 | D118: 2908.9 | E118: 2755.5 | F118: 6391.8
A119: в т.ч. г.Узген | B119: 34 | C119: 343.9 | D119: 265.8 | E119: 432.6 | F119: 258.6
A120: Чон-Алайский | B120: 200.4 | C120: 322.7 | D120: 398.1 | E120: 816.5 | F120: 879.4
A121: Республиканского бюджета
...

Sheet внеш1
A1: 14. ВНЕШНЕЭКОНОМИЧЕСКАЯ ДЕЯТЕЛЬНОСТЬ
A2: 14.1. Внешняя и взаимная торговля
B4: 2020 | C4: 2021 | D4: 2022 | E4: 2023 | F4: 2024
A5: Внешнеторговый оборот
A6: млн. сомов | B6: 18995.8 | C6: 36683.4 | D6: 33223.2 | E6: 29764.4 | F6: 430493.6
A7: млн. долларов США | B7: 243.5 | C7: 433.3 | D7: 396.9 | E7: 338.8 | F7: 126.8
A8: со странами СНГ
A9: млн. сомов | B9: 11862.2 | C9: 22908.6 | D9: 22266 | E9: 19769.8 | F9: 1812,01,3
A10: млн. долларов | B10: 151.9 | C10: 270.5 | D10: 266 | E10: 225 | F10: 42.1
A11: со странами вне СНГ
A12: млн. сомов | B12: 7133.6 | C12: 13774.8 | D12: 10957.2 | E12: 9994.6 | F12: 249292.3
A13: млн. долларов | B13: 91.6 | C13: 162.8 | D13: 130.9 | E13: 113.8 | F13: 34.5
A14: Экспорт
A15: млн. сомов | B15: 5027 | C15: 6184.3 | D15: 7967.1 | E15: 8107 | F15: 61914.9
A16: млн. долларов США | B16: 64.2 | C16: 73.1 | D16: 94.5 | E16: 92.3 | F16: 70.6
A17: со странами СНГ
A18: млн. сомов | B18: 4040.2 | C18: 4427.6 | D18: 5724.5 | E18: 5897.8 | F18: 41937.3
A19: млн. долларов | B19: 51.6 | C19: 52.3 | D19: 67.9 | E19: 67.1 | F19: 66.9
A20: со странами вне СНГ
A21: млн. сомов | B21: 986.8 | C21: 1756.7 | D21: 2242.6 | E21: 2209.2 | F21: 19977.6
A22: млн. долларов | B22: 12.5 | C22: 20.7 | D22: 26.6 | E22: 25.2 | F22: 3.7
A23: Импорт
A24: млн. сомов | B24: 13968.7 | C24: 30499.1 | D24: 25256.1 | E24: 21657.4 | F24: 368578.7
A25: млн. долларов США | B25: 179.3 | C25: 360.2 | D25: 302.4 | E25: 246.5 | F25: 146.4
A26: со странами СНГ
A27: млн. сомов | B27: 7822 | C27: 18481 | D27: 16545.1 | E27: 13871.9 | F27: 139264
A28: млн. долларов | B28: 100.3 | C28: 218.2 | D28: 198.1 | E28: 157.9 | F28: 104.3
A29: со странами вне СНГ
A30: млн. сомов | B30: 6146.8 | C30: 12018 | D30: 8711 | E30: 7785.5 | F30: 229314.6
A31: млн. долларов | B31: 79 | C31: 142 | D31: 104.3 | E31: 88.6 | F31: 42.2
A32: Сальдо
A33: млн. сомов | B33: -8941.7 | C33: -24314.8 | D33: -17289 | E33: -13550.4 | F33: -306663.7
A34: млн. долларов США | B34: -115.2 | C34: -287.2 | D34: -207.9 | E34: -154.2 | F34: -76.4
A35: со странами СНГ
A36: млн. сомов | B36: -3781.8 | C36: -14053.4 | D36: -10820.6 | E36: -7974 | F36: -97326.7
A37: млн. долларов | B37: -48.7 | C37: -165.9 | D37: -130.2 | E37: -90.7 | F37: -37.4
A38: со странами вне СНГ
A39: млн. сомов | B39: -5160 | C39: -10261.3 | D39: -6468.4 | E39: -5576.4 | F39: -209337
A40: млн. долларов | B40: -66.5 | C40: -121.2 | D40: -77.7 | E40: -63.5 | F40: -38.5
A42: 14.2. Экспорт товаров по разделам ТН ВЭД 1
A43: (тысяч долларов США)
B44: 2020 | C44: 2021 | D44: 2022 | E44: 2023 | F44: 2024
A46: Всего | B46: 64157.2 | C46: 73066 | D46: 94492 | E46: 92275.7 | F46: 50322.3
A47: Живые животные и продукты животного
A48: происхождения | B48: 4485.7 | C48: 1169.6 | D48: 6962.3 | E48: 4969.6 | F48: 8088.3
A49: Продукты растительного происхождения | B49: 1032.7 | C49: 1011.1 | D49: 5903 | E49: 3648 | F49: 6431.8
A50: Жиры и масла животного или растительного
A51: происхождения, продукты их расщепления - | B51: 1.8 | C51: 0 | D51: 27.4 | F51: 0.82
A52: Готовые пищевые продукты, алкогольные | E52: -
A53: и безалкогольные напитки и уксус, табак | B53: 584.7 | C53: 671.8 | D53: 819.2 | E53: 1334.7 | F53: 1707.5
A54: Минеральные продукты | B54: 35884.9 | C54: 43415.1 | D54: 50358.4 | E54: 51042.7 | F54: 24339.7
A55: Продукция химической и связанных с ней
A56: отраслей промышленности | B56: 525.9 | C56: 386.7 | D56: 26.2 | E56: 306.5 | F56: 317.8
A57: Пластмассы и изделия из них, каучук
A58: и резиновые изделия | B58: 318.3 | C58: 128 | D58: 407.3 | E58: 241.9 | F58: 303.5
A59: Продолжение
B60: 2020 | C60: 2021 | D60: 2022 | E60: 2023 | F60: 2024
A61: Кожевенное сырье, кожа, натуральный мех и
A62: изделия из них, дорожные принадлежности - | B62: 49.9 | C62: 0.6 | D62: 213 | E62: 282.9 | F62: 842.7
A63: Древесина и изделия из древесины;
A64: древесный уголь, пробка | B64: 492 | C64: 1192.6 | D64: 1679.3 | E64: 1233.5 | F64: 828.8
A65: Бумажная масса из древесины или из других
A66: волокнистых растительных материалов
A67: макулатура, бумага, картон и изделия из них - | B67: 47.8 | C67: 0.7 | D67: 19 | E67: 4.7 | F67: -
A68: Текстиль и текстильные изделия | B68: 15234.2 | C68: 21820 | D68: 23749.9 | E68: 22862.1 | F68: 1527.4
A69: Обувь, головные уборы, зонты, трости
A70: складные, хлысты, кнуты | B70: 314.1 | C70: 78.2 | D70: 112.5 | E70: 19.8 | F70: 99.7
A71: Изделия из камня, гипса, цемента, асбеста,
A72: слюды и из подобных материалов, керами-
A73: ческие изделия, стекло и изделия из него | B73: 1865.1 | C73: 2086.6 | D73: 1863 | E73: 3065.5 | F73: 3434.8
A74: Жемчуг природный или культивированный,
A75: драгоценные или полудрагоценные камни,
A76: драгоценные металлы и изделия из них,
A77: бижутерия, монеты | B77: - | C77: - | D77: 2.5 | E77: - | F77: -
A78: Недрагоценные металлы и изделия из них | B78: 127.8 | C78: 138.9 | D78: 1044.6 | E78: 2420.9 | F78: 1790.1
A79: Машины, оборудование и механизмы,
A80: электротехническое оборудование, их части;
A81: аппаратура для записи и воспроизведения
A82: телевизионного изображения и звука,
A83: их части и принадлежности | B83: 3093.3 | C83: 875.4 | D83: 1063.6 | E83: 650.2 | F83: 367.5
A84: Средства наземного
A85: транспорта, их части и принадлежности | B85: 76.4 | C85: 58.7 | D85: 195.9 | E85: 123.4 | F85: 130.2
A86: Приборы и аппараты оптические,
A87: фотографические, кинематографические,
A88: измерительные, контрольные, медицинские,
A89: часы, музыкальные инструменты, их части | B89: - | C89: - | D89: 8.5 | E89: - | F89: 67.5
A90: Разные промышленные товары | B90: 16 | C90: 30.7 | D90: 36.4 | E90: 69.3 | F90: 44.2
A92: 1 Товарная номенклатура внешнеэкономической деятельности СНГ, начиная с 2015г. - ТНВЭД ЕАЭС.
A94: 14.3. Импорт товаров по разделам ТН ВЭД 1
A95: (тысяч долларов США)
B96: 2020 | C96: 2021 | D96: 2022 | E96: 2023 | F96: 2024
A98: Всего | B98: 179319 | C98: 360275.5 | D98: 302372.9 | E98: 246510 | F98: 368578.4
A99: Живые животные и продукты животного
A100: происхождения | B100: 170.7 | C100: 1131.1 | D100: 1442.7 | E100: 1426.4 | F100: 155.5
A101: Продукты растительного происхождения | B101: 15738.9 | C101: 21955.4 | D101: 31663.6 | E101: 37194.8 | F101: 50069.6
A102: Жиры и масла животного или растительного
A103: происхождения, продукты их расщепления | B103: 5744.6 | C103: 6088.5 | D103: 7019.3 | E103: 5122.3 | F103: 6539.7
A104: Готовые пищевые продукты, алкогольные
A105: и безалкогольные напитки и уксус, табак | B105: 1467.8 | C105: 1139.9 | D105: 2433.7 | E105: 4437.3 | F105: 3789.4
A106: Минеральные продукты | B106: 7410.5 | C106: 53753.1 | D106: 6229.1 | E106: 12696.4 | F106: 18923.7
...

Sheet внеш2
A1: 14.6. Экспорт товаров по странам
A2: (тысячу долларов США)
B3: 2020 | C3: 2021 | D3: 2022 | E3: 2023 | F3: 2024
A5: Всего | B5: 64157.2 | C5: 73066 | D5: =SUM(D6,D27,D47) -> 94492 | E5: 92275.7 | F5: 60509.6
A6: Европа | B6: =B14+B16+B19+B20 -> 4458.8 | C6: 2275.3 | D6: =SUM(D8:D26) -> 5351.6 | E6: =SUM(E8:E26) -> 2999.5 | F6: 4502.5
A7: в том числе:
A8: Австрия | B8: - | C8: - | D8: - | E8: - | F8: -
A9: Бельгия | B9: 0.01 | C9: - | D9: - | E9: - | F9: -
A10: Венгрия | B10: - | C10: - | D10: 139.3 | E10: - | F10: 905.3
A11: Молдова | B11: - | C11: - | D11: 82.1 | E11: - | F11: -
A12: Болгария | B12: - | C12: - | D12: 58.9 | E12: - | F12: -
A13: Германия | B13: - | C13: - | D13: - | E13: - | F13: -
A14: Беларусь | B14: 90.9 | C14: - | D14: 2806.9 | E14: 122.7 | F14: 661.2
A15: Греция | B15: - | C15: 51 | D15: - | E15: - | F15: -
A16: Италия | B16: 308.1 | C16: 424 | D16: 58.8 | E16: 264.4 | F16: -
A17: Нидерланды | B17: - | C17: - | D17: - | E17: - | F17: -
A18: Чешская Республика | B18: - | C18: - | D18: - | E18: 981.4 | F18: -
A19: Латвия | B19: 32.5 | C19: - | D19: 82.8 | E19: 41.6 | F19: 62.1
A20: Россия | B20: 4027.3 | C20: 1800.3 | D20: 1061.6 | E20: 1446.6 | F20: 2873.9
A21: Польша | B21: - | C21: - | D21: 608.4 | E21: 33.3 | F21: -
A22: Украина | B22: - | C22: - | D22: 6.9 | E22: 109.5 | F22: -
A23: Румыния | B23: - | C23: - | D23: 302.3 | E23: - | F23: -
A24: Словакия | B24: - | C24: - | D24: 141.1 | E24: - | F24: -
A25: Швейцария | B25: - | C25: - | D25: - | E25: - | F25: -
A26: Эстония | B26: - | C26: - | D26: 2.5 | E26: - | F26: -
A27: Азия | B27: 59698.4 | C27: 70790.7 | D27: =SUM(D29:D46) -> 89112.5 | E27: =SUM(E29:E47) -> 89276.2 | F27: 54076.1
A28: в том числе:
A29: Афганистан | C29: 126 | D29: 4.2 | E29: 73.5 | F29: 15
A30: Вьетнам | B30: 222.9 | C30: - | D30: - | E30: 13.3 | F30: -
A31: Иран | B31: 233.6 | C31: - | D31: 4095.2 | E31: 153.2 | F31: 293.4
A32: Ирак | B32: 48 | C32: - | D32: - | E32: 439.9 | F32: 528.5
A33: Казахстан | B33: 367 | C33: 469.3 | D33: 814.9 | E33: 12 | F33: 4.5
A34: Китай | B34: 832.3 | C34: 3.5 | D34: 3591.5 | E34: 36.7 | F34: 23
A35: Монголия | B35: - | C35: - | D35: - | E35: 9440.7 | F35: 6016.3
A36: Республика Корея | B36: - | C36: - | D36: - | E36: 2858.2 | F36: 709
A37: Таджикистан | B37: 934.3 | C37: 452.8 | D37: - | E37: 7009.7 | F37: 9180.4
A38: Индия | B38: - | C38: - | D38: 8.5 | E38: - | F38: -
A39: Турция | B39: 10833.3 | C39: 19769.5 | D39: 16927.5 | E39: - | F39: 11.5
A40: Япония | B40: 5.6 | C40: 6 | D40: 3.4 | E40: - | F40: 28.5
A41: Туркменистан | B41: 53.7 | C41: 18.6 | D41: 250.8 | E41: - | F41: -
A42: Узбекистан | B42: 46135.1 | C42: 49575 | D42: 62899.2 | E42: - | F42: -
A43: Саудовская Аравия | B43: - | C43: - | D43: 0.2 | E43: - | F43: -
A44: Пакистан | B44: - | C44: - | D44: 1.9 | E44: 175.3 | F44: 7.7
A45: Грузия | B45: - | C45: - | D45: 114.9 | E45: 6486.4 | F45: 1040
A46: Объединенные Арабские Эмираты | B46: 32.6 | C46: 370 | D46: 400.3 | E46: 62577.3 | F46: 36218.3
A47: Америка (США) | B47: - | C47: - | D47: 27.9 | E47: - | F47: 0.8
A48: в том числе:
A49: США | B49: - | C49: - | D49: 27.9 | F49: 0.8

Sheet внеш3
A1: 14.7. Импорт товаров по странам
A2: (тысяч долларов США)
C3: 2020 | D3: 2021 | E3: 2022 | F3: 2023 | G3: 2024
A5: Всего | C5: 179319 | D5: 360275.5 | E5: =SUM(E6,E28,E55,E63) -> 296147.1 | F5: 246510 | G5: 202723.6
A6: Европа | C6: 20605.7 | D6: 68092.6 | E6: =SUM(E9:E12,E13:E27) -> 24271.6 | F6: =SUM(F9:F27) -> 30326.5 | G6: 21846.9
A7: в том числе:
A8: Австрия | C8: - | D8: 1 | E8: - | F8: - | G8: -
A9: Беларусь | C9: 207.4 | D9: 486.3 | E9: 116.7 | F9: 1115.7 | G9: 325
A10: Бельгия | C10: - | D10: 0 | E10: 105 | F10: - | G10: 38.9
A11: Венгрия | C11: - | D11: 16 | E11: 0 | F11: - | G11: -
A12: Германия | C12: 648.9 | D12: 229.3 | E12: 291.3 | F12: 130.3 | G12: 139.1
A13: Италия | C13: 57.2 | D13: 0 | E13: 46.8 | F13: - | G13: 10.5
A14: Латвия | C14: 38.8 | D14: 0 | E14: 0 | F14: 1.5 | G14: -
A15: Литва | C15: 790.9 | D15: 395.3 | E15: 124.3 | F15: 196.6 | G15: 98.7
A16: Молдова | C16: - | D16: 32.5 | E16: - | F16: 48 | G16: -
A17: Нидерланды | C17: 106.8 | D17: 11 | E17: 18.9 | F17: 10.7 | G17: -
A18: Польша | C18: 210.5 | D18: 81.2 | E18: 51.8 | F18: 20.5 | G18: 32.5
A19: Россия | C19: 18027 | D19: 66393.2 | E19: 23426.9 | F19: 27690.3 | G19: 21150.2
A20: Словения | C20: - | D20: 0 | E20: 0 | F20: - | G20: -
A21: Соединённое Королевство (Великобритания) | C21: - | D21: 1.4 | E21: 0 | F21: 46.9 | G21: -
A22: Украина | C22: 113.7 | D22: 408.2 | E22: 89.9 | F22: 138.3 | G22: 3.1
A23: Финляндия | C23: - | D23: - | E23: - | F23: 3.9 | G23: -
A24: Франция | C24: - | D24: 0 | E24: - | F24: 7.5 | G24: 1.5
A25: Чешская Республика | C25: 260.01 | D25: 23 | E25: 0 | F25: 852.9 | G25: 35.9
A26: Швеция | C26: 129.853 | D26: 0 | E26: - | F26: 63.4 | G26: 11.5
A27: Эстония | C27: 14.6 | D27: 14.2 | E27: 0 | F27: - | G27: -
A28: Азия | C28: 157360.8 | D28: =SUM(D30:D51) -> 291474.3 | E28: =SUM(E30:E51) -> 271875.5 | F28: =SUM(F30:F51) -> 213405.8 | G28: 175759
A29: в том числе:
A30: Азербайджан | C30: 28.4 | D30: 178 | E30: 230.2 | F30: 278.3 | G30: 302.1 | CL30: 230.2 | CM30: 278.3
A31: Армения | C31: 2243.8 | D31: 0 | E31: 207.1 | F31: 80 | G31: - | CL31: 207.1 | CM31: 80
A32: Афганистан | C32: 116.7 | D32: 723 | E32: 1990 | F32: 2086.1 | G32: 668.5 | CL32: 1990 | CM32: 2086.1
A33: Вьетнам | C33: 38.5 | D33: 58.2 | E33: 125.8 | F33: 19.4 | G33: 108 | CL33: 125.8 | CM33: 19.4
A34: Грузия | C34: 6.4 | D34: 37.5 | E34: 10.8 | F34: 22.6 | G34: 18.7 | CL34: 10.8 | CM34: 22.6
A35: Индия | C35: 19.985 | D35: 168.5 | E35: 433.4 | F35: 441 | G35: 330.7 | CL35: 433.4 | CM35: 441
A36: Индонезия | C36: - | D36: - | E36: - | F36: - | G36: - | CL36: - | CM36: -
A37: Иран | C37: 1783.7 | D37: 1830.5 | E37: 1992.9 | F37: 3153.6 | G37: 1616.9 | CL37: 1992.9 | CM37: 3153.6
A38: Казахстан | C38: 10284.4 | D38: 9691.5 | E38: 10957.1 | F38: 10163.4 | G38: 9223.2 | CL38: 10957.1 | CM38: 10163.4
A39: Китай | C39: 61611.1 | D39: 104191 | E39: 64792.4 | F39: 66186 | G39: 70323.2 | CL39: 64792.4 | CM39: 66186
A40: Малайзия | C40: - | D40: 0 | E40: - | F40: - | G40: - | CL40: - | CM40: -
A41: Монголия | C41: - | D41: - | E41: 0.4 | F41: - | G41: - | CL41: 0.4 | CM41: -
A42: Объединенные Арабские Эмираты | C42: 389.8 | D42: 83 | E42: 542.9 | F42: 547.4 | G42: 397.3 | CL42: 542.9 | CM42: 547.4
A43: Пакистан | C43: 81.7 | D43: 457 | E43: 733.9 | F43: 1288.8 | G43: 122 | CL43: 733.9 | CM43: 1288.8
A44: Республика Корея | C44: 2629.9 | D44: 1029.5 | E44: 432.1 | F44: 1465.2 | G44: 1389.5 | CL44: 432.1 | CM44: 1465.2
A45: Таджикистан | C45: 2716.7 | D45: 832 | E45: 276.9 | F45: 833.2 | G45: - | CL45: 276.9 | CM45: 833.2
A46: Таиланд | C46: - | D46: 0 | E46: 173.9 | F46: 20.1 | G46: - | CL46: 173.9 | CM46: 20.1
A47: Тайвань, Китайская провинция | C47: 0.7 | D47: 5.2 | E47: 0.2 | F47: 1.8 | G47: 0.4 | CL47: 0.2 | CM47: 1.8
A48: Туркменистан | C48: 358.6 | D48: 1110.4 | E48: 3576.8 | F48: 2785.8 | G48: 1230 | CL48: 3576.8 | CM48: 2785.8
A49: Турция | C49: 8372.8 | D49: 31910 | E49: 25496.8 | F49: 8977.2 | G49: 6491.8 | CL49: 25496.8 | CM49: 8977.2
A50: Узбекистан | C50: 66318.1 | D50: 139107 | E50: 159191.3 | F50: 114760.6 | G50: 82913.2 | CL50: 159191.3 | CM50: 114760.6
A51: Япония | C51: 359.5 | D51: 62 | E51: 710.6 | F51: 295.3 | G51: 623.5 | CL51: 710.6 | CM51: 295.3
A52: Америка | C52: 1352.3 | D52: 609.1 | E52: =SUM(E54:E59) -> 6198.2 | F52: =SUM(F54:F59) -> 2729.9 | G52: 4967.5 | CL52: =SUM(CL54:CL59) -> 6198.2 | CM52: =SUM(CM54:CM59) -> 2729.9
A53: в том числе:
A54: Аргентина | C54: - | D54: - | E54: 120.3 | F54: - | G54: 80.2 | CL54: 120.3 | CM54: -
A55: Гватемала | C55: - | D55: - | E55: - | F55: - | G55: - | CL55: - | CM55: -
A56: Канада | C56: 15.8 | D56: - | E56: - | F56: 20.4 | G56: 20.5 | CL56: - | CM56: 20.4
A57: Мексика | C57: - | D57: - | E57: - | F57: 7.8 | G57: 16.4 | CL57: - | CM57: 7.8
A58: США | C58: 97.5 | D58: 25.3 | E58: 65.2 | F58: 139.7 | G58: 203.4 | CL58: 65.2 | CM58: 139.7
A59: Эквадор | C59: 1239 | D59: 583.8 | E59: 6012.7 | F59: 2562 | G59: 4647 | CL59: 6012.7 | CM59: 2562
A60: Африка | C60: 0.2 | D60: 99.5 | E60: 27.6 | F60: 47.4 | G60: 15.5 | CL60: 27.6 | CM60: 47.4
A61: Кения | C61: 0 | D61: 65 | E61: 27.6 | F61: 47.4 | G61: 15.5 | CL61: 27.6 | CM61: 47.4
A62: Египет | C62: 0.2 | D62: 34.5 | E62: - | F62: - | G62: - | CL62: - | CM62: -
A63: Австралия и океания | C63: - | D63: - | E63: - | F63: 0.5 | G63: - | CL63: - | CM63: 0.5
A64: Австралия | C64: - | D64: - | E64: - | F64: 0.5 | G64: - | CL64: - | CM64: 0.5
A67: 14.8. Экспорт важнейших видов товаров в натуральном выражении
B69: Ед.изм. | C69: 2020 | D69: 2021 | E69: 2022 | F69: 2023 | G69: 2024
A71: Живые животные | B71: шт | C71: 18030 | D71: 2103 | E71: 30312 | F71: 30277 | G71: 66497
A72: Овощи и фрукты | B72: тонн | C72: 1802.1 | D72: 399.5 | E72: 15018.9 | F72: 17436.6 | G72: 39005.5
A73: Рис | B73: тонн | C73: 22.9 | D73: 0 | E73: 0.1 | F73: 100.2 | G73: 0
A74: Алкогольные и безалкогольные напитки и уксус | B74: л | C74: 14407.6 | D74: 4190 | E74: 156725 | F74: 16752 | G74: 45003.4
A75: Табак | B75: тонн | C75: 181 | D75: 225.1 | E75: 143.6 | F75: 316.5 | G75: 309.3
A76: Портландцемент | B76: тонн | C76: 426244.2 | D76: 668381.7 | E76: 625391 | F76: 496394.8 | G76: 278612.5
A77: Уголь | B77: тонн | C77: 426790.1 | D77: 356747 | E77: 636223.8 | F77: 768003.2 | G77: 310864.6
A78: Удобрения | B78: тонн | C78: 2035.5 | D78: 1404 | E78: 26.1 | F78: 0 | G78: 0
A79: Волокно хлопковое | B79: тонн | C79: 10131.8 | D79: 9396.6 | E79: 7907.9 | F79: 12150.9 | G79: 6773.5
A82: 14.9. Импорт важнейших видов товаров в натуральном выражении
B84: Ед.изм. | C84: 2020 | D84: 2021 | E84: 2022 | F84: 2023 | G84: 2024
A85: Овощи и фрукты | B85: тонн | C85: 18337.6 | D85: 29091.5 | E85: 85578.6 | F85: 89849.7 | G85: 35256.5
A86: Пшеница | B86: тонн | C86: 8658.7 | D86: 3624 | E86: 5564.6 | F86: 4813.1 | G86: 6255.1
A87: Рис | B87: тонн | C87: 2.5 | D87: 11.4 | E87: 0 | F87: 67.3 | G87: 43.9
A88: Мука пшеничная | B88: тонн | C88: 679 | D88: 350.1 | E88: 135 | F88: 1073.1 | G88: 831.9
A89: Масло растительное | B89: тонн | C89: 5747.8 | D89: 3615.6 | E89: 4409.6 | F89: 4079.7 | G89: 6497.4
A90: Хлеб, мучные кондитерские изделия | B90: тонн | C90: 439.7 | D90: 40.2 | E90: 409.1 | F90: 623.8 | G90: 1189
A91: Соль | B91: тонн | C91: 999.5 | D91: 1020.1 | E91: 3117.6 | F91: 2886 | G91: 1024
A92: Портландцемент | B92: тонн | C92: 32821 | D92: 2278.6 | E92: 500 | F92: 90.8 | G92: 10672.7
A93: Нефтепродукты (бензин автомобильный) | B93: тыс.л | C93: 2042.1 | D93: 3986.3 | E93: 3064.7 | F93: 3401.5 | G93: 2081.1 | CL93: 3064.7 | CM93: 3401.5
A94: Удобрения | B94: тонн | C94: 19998.6 | D94: 13998.2 | E94: 174.5 | F94: 37.6 | G94: 78919.8
A95: Краски и лаки (включая эмали иполитуры) | B95: тонн | C95: 279.5 | D95: 343.4 | E95: 239.3 | F95: 456.2 | G95: 129.2
A96: Шины и покрышки пневматические резиновые новые | B96: шт | C96: 6834 | D96: 18837 | E96: 41628 | F96: 70636 | G96: 3539
A97: Лесоматериалы | B97: куб.м | C97: 6950.1 | D97: 13982.7 | E97: 1623.8 | F97: 4865.1 | G97: 2065.3
A98: Ковры и прочие текстильные
A99: напольные покрытия | B99: кв.метр | C99: 1024988.9 | D99: 2036589.6 | E99: 2759179.4 | F99: 2754252.5 | G99: 1776053.1
A100: Обувь | B100: тыс.пар | C100: 3227.6 | D100: 9707124 | E100: 6869495 | F100: 3036266 | G100: 3685041

Sheet демогр1
A1: 15. НАСЕЛЕНИЕ
A2: 15.1. Численность постоянного населения по полу, возрастным
A3: группам и месту проживания
A4: (оценка на конец года, человек соответствующей возрастной группы)
B5: 2020 | C5: 2021 | D5: 2022 1 | E5: 2023 | F5: 2024
A6: Все население | B6: 1391649 | C6: 1435476 | D6: 1460425 | E6: 1490054 | F6: 1416714
A7: в том числе в возрасте, лет:
A8: менее 1 | B8: 32527 | C8: 37632 | D8: 29679 | E8: 35072 | F8: 31288
A9: 1 - 6 | B9: 215971 | C9: 239217 | D9: 237519 | E9: 228973 | F9: 209539
A10: 7 - 17 | B10: 312857 | C10: 338196 | D10: 354225 | E10: 368047 | F10: 356625
A11: мужчины и женщины 0-15 | B11: 513296 | C11: 567946 | D11: 572128 | E11: 579137 | F11: 544522
A12: мужчины 16-62 | B12: 411198 | C12: 397575 | D12: 405560 | E12: 414244 | F12: 396474
A13: женщины 16-57 | B13: 372591 | C13: 365920 | D13: 371665 | E13: 378355 | F13: 359247
A14: мужчины 63 и более | B14: 29750 | C14: 33879 | D14: 36647 | E14: 40051 | F14: 40435
A15: женщины 58 и более | B15: 64814 | C15: 70156 | D15: 74425 | E15: 78267 | F15: 76036
A17: Городское население | B17: 107639 | C17: 104338 | D17: 105917 | E17: 108982 | F17: 139182
A18: в том числе в возрасте, лет:
A19: менее 1 | B19: 3141 | C19: 2611 | D19: 1899 | E19: 2597 | F19: 3209
A20: 1 - 6 | B20: 16444 | C20: 17687 | D20: 17342 | E20: 16426 | F20: 20290
A21: 7 - 17 | B21: 23655 | C21: 25476 | D21: 26648 | E21: 27783 | F21: 35625
A22: мужчины и женщины 0-15 | B22: 39603 | C22: 42168 | D22: 42069 | E22: 42713 | F22: 53688
A23: мужчины 16-62 | B23: 31283 | C23: 27651 | D23: 28216 | E23: 29071 | F23: 37535
A24: женщины 16-57 | B24: 29441 | C24: 26867 | D24: 27480 | E24: 28463 | F24: 36436
A25: мужчины 63 и более | B25: 2225 | C25: 2488 | D25: 2713 | E25: 2998 | F25: 3987
A26: женщины 58 и более | B26: 5087 | C26: 5164 | D26: 5439 | E26: 5737 | F26: 7536
A28: Сельское население | B28: 1284010 | C28: 1331138 | D28: 1354508 | E28: 1381072 | F28: 1277532
A29: в том числе в возрасте, лет:
A30: менее 1 | B30: 29386 | C30: 35021 | D30: 27780 | E30: 32475 | F30: 28079
A31: 1 - 6 | B31: 199527 | C31: 221530 | D31: 220177 | E31: 212547 | F31: 189249
A32: 7 - 17 | B32: 289202 | C32: 312720 | D32: 327577 | E32: 340264 | F32: 321000
A33: мужчины и женщины 0-15 | B33: 473693 | C33: 525778 | D33: 530059 | E33: 536424 | F33: 490834
A34: мужчины 16-62 | B34: 379915 | C34: 369924 | D34: 377344 | E34: 385173 | F34: 358939
A35: женщины 16-57 | B35: 343150 | C35: 339053 | D35: 344185 | E35: 349892 | F35: 322811
A36: мужчины 63 и более | B36: 27525 | C36: 31391 | D36: 33934 | E36: 37053 | F36: 36448
A37: женщины 58 и более | B37: 59727 | C37: 64992 | D37: 68986 | E37: 72530 | F37: 68500
A39: 1 С учетом данных переписи населения и жилищного фонда Кыргызской Республики 2022 года.
A40: 15.2 Среднегодовая численность наличного населения по месту проживания
A41: (оценка, тыс.человек)
B42: 2020 | C42: 2021 | D42: 2022 1 | E42: 2023 | F42: 2024
A44: Ошская область | B44: 1275.1 | C44: 1403.2 | D44: 1241.7 | E44: 1268.9 | F44: 1198.9
A45: Все население
A46: Городское население | B46: 101.7 | C46: 108.8 | D46: 88.4 | E46: 90.7 | F46: 121
A47: Сельское население | B47: 1173.4 | C47: 1294.4 | D47: 1153.3 | E47: 1178.2 | F47: 1077.9
A48: Алайский район | B48: 79.5 | C48: 87.7 | D48: 69.6 | E48: 70.4 | F48: 71.4
A49: Сельское население | B49: 79.5 | C49: 87.7 | D49: 69.6 | E49: 70.4 | F49: 71.4
A50: Араванский район | B50: 128.4 | C50: 139.1 | D50: 110.2 | E50: 113.3 | F50: 116.6
A51: Сельское население | B51: 128.4 | C51: 139.1 | D51: 110.2 | E51: 113.3 | F51: 116.6

Sheet демогр2
A1: Продолжение
B2: 2020 | C2: 2021 | D2: 2022 1 | E2: 2023 | F2: 2024
A3: Кара-Кулжинский район | B3: 86.4 | C3: 100.7 | D3: 81.9 | E3: 82.9 | F3: 84.1
A4: Сельское население | B4: 86.4 | C4: 100.7 | D4: 81.9 | E4: 82.9 | F4: 84.1
A5: Кара-Сууский район | B5: 417.8 | C5: 452.8 | D5: 417.6 | E5: 428.5 | F5: 341.4
A6: Городское население | B6: 27.4 | C6: 26.9 | D6: 24.4 | E6: 25.1 | F6: 53.6
A7: Сельское население | B7: 390.4 | C7: 425.9 | D7: 393.2 | E7: 403.4 | F7: 287.8
A8: Ноокатский район | B8: 278 | C8: 305.3 | D8: 280.8 | E8: 286.8 | F8: 292.7
A9: Городское население | B9: 17.2 | C9: 18.5 | D9: 13 | E9: 13.4 | F9: 13.7
A10: Сельское население | B10: 260.8 | C10: 286.8 | D10: 267.8 | E10: 273.4 | F10: 279
A11: Узгенский район | B11: 254.6 | C11: 285.2 | D11: 250.7 | E11: 255.5 | F11: 260.5
A12: Городское население | B12: 57.1 | C12: 63.4 | D12: 51 | E12: 52.2 | F12: 53.7
A13: Сельское население | B13: 197.5 | C13: 221.8 | D13: 199.7 | E13: 203.3 | F13: 206.8
A14: Чон-Алайский район | B14: 30.4 | C14: 32.4 | D14: 30.9 | E14: 31.5 | F14: 32.2
A15: Сельское население | B15: 30.4 | C15: 32.4 | D15: 30.9 | E15: 31.5 | F15: 32.2
A17: 1 С учетом данных переписи населения и жилищного фонда Кыргызской Республики 2022 года. 16.2. Шаардык жана айылдык калк боюнча нак калктын орточо жылдык саны
A18: 15.3. Распределение постаянного населения по отдельным этническим группам
A19: (оценка на конец года, человек)
B20: 2020 | C20: 2021 | D20: 2022 | E20: 2023 | F20: 2024
A22: Все этнические группы | B22: 1391649 | C22: 1435476 | D22: 1460425 | E22: 1490054 | F22: 1416714
A23: в том числе:
A24: кыргызы | B24: 937116 | C24: 985677 | D24: 1003764 | E24: 1021720 | F24: 980519
A25: азербайджанцы | B25: 4227 | C25: 5001 | D25: 5085 | E25: 5189 | F25: 4357
A26: армяне | B26: 9 | C26: 51 | D26: 51 | E26: 51 | F26: 52
A27: белорусы | B27: 4 | C27: 2 | D27: 2 | E27: 2 | F27: 2
A28: грузины | B28: 1 | C28: - | D28: 1 | E28: 1 | F28: 1
A29: дунгане | B29: 981 | C29: 562 | D29: 580 | E29: 597 | F29: 523
A30: евреи | B30: 1 | C30: 1 | D30: 2 | E30: 2 | F30: 2
A31: казахи | B31: 542 | C31: 805 | D31: 823 | E31: 838 | F31: 806
A32: корейцы | B32: 42 | C32: 16 | D32: 21 | E32: 20 | F32: 17
A33: латыши | B33: 1 | C33: - | D33: - | F33: -
A34: литовцы | B34: 5 | C34: - | D34: - | F34: -
A35: молдаване | B35: 3 | C35: - | D35: - | F35: -
A36: немцы | B36: 13 | C36: 1 | D36: 1 | E36: 1 | F36: 2
A37: русские | B37: 1074 | C37: 1272 | D37: 1254 | E37: 1233 | F37: 1170
A38: таджики | B38: 8532 | C38: 8482 | D38: 8626 | E38: 8834 | F38: 7421
A39: татары | B39: 1089 | C39: 489 | D39: 479 | E39: 491 | F39: 444
A40: турки | B40: 13796 | C40: 8404 | D40: 8549 | E40: 8871 | F40: 8710
A41: туркмены | B41: 138 | C41: 935 | D41: 940 | E41: 940 | F41: 877
A42: узбеки | B42: 407270 | C42: 415633 | D42: 421519 | E42: 431934 | F42: 403569
A43: уйгуры | B43: 15354 | C43: 7821 | D43: 8073 | E43: 8483 | F43: 7209
A44: украинцы | B44: 27 | C44: 17 | D44: 14 | E44: 15 | F44: 14
A45: народы Пакистана и Индии | B45: - | C45: - | D45: 2 | E45: 2 | F45: 2
A46: чеченцы | B46: 16 | C46: 64 | D46: 64 | E46: 65 | F46: 52
A47: другие этнические группы | B47: 1409 | C47: 243 | D47: 575 | E47: 765 | F47: 965
A49: 15.4. Ожидаемая продолжительность жизни при рождении
A50: (лет)
B51: 2020 | C51: 2021 | D51: 2022 | E51: 2023 | F51: 2024
A52: Оба пола | B52: 71.7 | C52: 72 | D52: 72.1 | E52: 72.2 | F52: 72.4
A53: Мужчины | B53: 67.8 | C53: 69.1 | D53: 69.2 | E53: 69.4 | F53: 69.6
A54: Женщины | B54: 76 | C54: 75.5 | D54: 75.6 | E54: 75.7 | F54: 75.8

Sheet демогр3
A1: 15.5. Число родившихся и общий коэффициент рождаемости
A2: по территории
B3: 2020 | C3: 2021 | D3: 2022 | E3: 2023 | F3: 2024
A4: Число родившихся, человек
A5: Ошская область | B5: 32716 | C5: 28148 | D5: 29813 | E5: 35125 | F5: 31339
A6: Алайский район | B6: 1657 | C6: 1281 | D6: 1263 | E6: 1913 | F6: 1809
A7: Сельское население | B7: 1657 | C7: 1281 | D7: 1263 | E7: 1913 | F7: 1809
A8: Араванский район | B8: 3790 | C8: 3236 | D8: 3498 | E8: 3717 | F8: 3634
A9: Сельское население | B9: 3790 | C9: 3236 | D9: 3498 | E9: 3717 | F9: 3634
A10: Кара-Кулжинский район | B10: 1866 | C10: 1454 | D10: 1421 | E10: 1886 | F10: 1805
A11: Сельское население | B11: 1866 | C11: 1454 | D11: 1421 | E11: 1886 | F11: 1805
A12: Кара-Сууский район | B12: 10749 | C12: 8918 | D12: 10078 | E12: 12388 | F12: 9391
A13: Городское население | B13: 694 | C13: 727 | D13: 442 | E13: 640 | F13: 1331
A14: Сельское население | B14: 10055 | C14: 8191 | D14: 9636 | E14: 11748 | F14: 8060
A15: Ноокатский район | B15: 7526 | C15: 6810 | D15: 7029 | E15: 7531 | F15: 7484
A16: Городское население | B16: 825 | C16: 676 | D16: 400 | E16: 402 | F16: 382
... A22: Сельское население | B22: 762 | C22: 790 | D22: 721 | E22: 938 | F22: 882
A24: Число родившихся, на 1000 населения
A25: Ошская область | B25: 23.7 | C25: 20.1 | D25: 20.6 | E25: 23.8 | F25: 22.3
A26: Алайский район | B26: 19 | C26: 14.6 | D26: 13.7 | E26: 20.6 | F26: 19.2
A27: Сельское население | B27: 19 | C27: 14.6 | D27: 13.7 | E27: 20.6 | F27: 19.2
A28: Араванский район | B28: 27.8 | C28: 23.3 | D28: 24.5 | E28: 25.5 | F28: 24.4
A29: Сельское население | B29: 27.8 | C29: 23.3 | D29: 24.5 | E29: 25.5 | F29: 24.4
A30: Кара-Кулжинский район | B30: 18.7 | C30: 14.4 | D30: 14.2 | E30: 18.7 | F30: 17.7
A31: Сельское население | B31: 18.7 | C31: 14.4 | D31: 14.2 | E31: 18.7 | F31: 17.7
A32: Кара-Сууский район | B32: 24.2 | C32: 19.7 | D32: 21.4 | E32: 25.7 | F32: 23.8
A33: Городское население | B33: 26.4 | C33: 27 | D33: 16.3 | E33: 23 | F33: 23.6
A34: Сельское население | B34: 24 | C34: 19.2 | D34: 21.7 | E34: 25.9 | F34: 23.8
A35: Ноокатский район | B35: 25.1 | C35: 22.3 | D35: 22.2 | E35: 23.3 | F35: 22.8
A36: Городское население | B36: 46.1 | C36: 36.5 | D36: 25.2 | E36: 24.7 | F36: 22.9
... A42: Сельское население | B42: 23.9 | C42: 24.4 | D42: 19.8 | E42: 25.4 | F42: 23.4
A43: 1 Данные за 2022 год - пересчитаны от итогов переписи населения и жилищного фонда Кыргызской Республики 2022 года. 16.2. Шаардык жана айылдык калк боюнча нак калктын орточо жылдык саны
A45: 15.6. Число умерших и общие коэффициенты смертности
A46: по территории
B47: 2020 | C47: 2021 | D47: 2022 | E47: 2023 | F47: 2024
A49: Число умерших, человек
A50: Ошская область | B50: 7273 | C50: 6179 | D50: 5508 | E50: 5595 | F50: 5114
A51: Алайский район | B51: 544 | C51: 472 | D51: 395 | E51: 402 | F51: 403
A52: Сельское население | B52: 544 | C52: 472 | D52: 395 | E52: 402 | F52: 403
A53: Араванский район | B53: 741 | C53: 657 | D53: 545 | E53: 534 | F53: 553
A54: Сельское население | B54: 741 | C54: 657 | D54: 545 | E54: 534 | F54: 553
A55: Кара-Кулжинский район | B55: 552 | C55: 480 | D55: 438 | E55: 387 | F55: 390
A56: Сельское население | B56: 552 | C56: 480 | D56: 438 | E56: 387 | F56: 390
A57: Кара-Сууский район | B57: 2346 | C57: 1949 | D57: 1859 | E57: 1864 | F57: 1467
A58: Городское население | B58: 151 | C58: 184 | D58: 164 | E58: 127 | F58: 252
A59: Сельское население | B59: 2195 | C59: 1765 | D59: 1695 | E59: 1737 | F59: 1215
A60: Ноокатский район | B60: 1501 | C60: 1265 | D60: 1126 | E60: 1139 | F60: 1113
A61: Городское население | B61: 130 | C61: 108 | D61: 99 | E61: 100 | F61: 101
... A67: Сельское население | B67: 148 | C67: 124 | D67: 117 | E67: 117 | F67: 98
A68: Число умерших, на 1000 населения 1
A69: Ошская область | B69: 5.3 | C69: 4.4 | D69: 3.8 | E69: 3.8 | F69: 3.6
A70: Алайский район | B70: 6.3 | C70: 5.4 | D70: 4.3 | E70: 4.3 | F70: 4.3
A71: Сельское население | B71: 6.3 | C71: 5.4 | D71: 4.3 | E71: 4.3 | F71: 4.3
A72: Араванский район | B72: 5.4 | C72: 4.7 | D72: 3.8 | E72: 3.7 | F72: 3.7
A73: Сельское население | B73: 5.4 | C73: 4.7 | D73: 3.8 | E73: 3.7 | F73: 3.7
A74: Кара-Кулжинский район | B74: 5.5 | C74: 4.8 | D74: 4.4 | E74: 3.8 | F74: 3.8
A75: Сельское население | B75: 5.5 | C75: 4.8 | D75: 4.4 | E75: 3.8 | F75: 3.8
A76: Кара-Сууский район | B76: 5.3 | C76: 4.3 | D76: 3.9 | E76: 3.9 | F76: 3.7
A77: Городское население | B77: 5.7 | C77: 6.8 | D77: 6.1 | E77: 4.6 | F77: 4.5
A78: Сельское население | B78: 5.2 | C78: 4.1 | D78: 3.8 | E78: 3.8 | F78: 3.6
A79: Ноокатский район | B79: 5 | C79: 4.1 | D79: 3.6 | E79: 3.5 | F79: 3.4
A80: Городское население | B80: 7.3 | C80: 5.8 | D80: 6.2 | E80: 6.1 | F80: 6
... A86: Сельское население | B86: 4.6 | C86: 3.8 | D86: 3.2 | E86: 3.2 | F86: 2.6
A88: 1 Данные за 2022 год - пересчитаны от итогов переписи населения и жилищного фонда Кыргызской Республики 2022 года.
A89: 15.7. Число умерших детей в возрасте до 1 года и коэффициент
A90: младенческой смертности по территории
B91: 2020 | C91: 2021 | D91: 2022 | E91: 2023 | F91: 2024
A92: Число умерших детей в возрасте до 1 года, человек
A93: Ошская область | B93: 219 | C93: 218 | D93: 242 | E93: 166 | F93: 164
A94: Алайский район | B94: 14 | C94: 5 | D94: 15 | E94: 12 | F94: 5
A95: Сельское население | B95: 14 | C95: 5 | D95: 15 | E95: 12 | F95: 5
A96: Араванский район | B96: 33 | C96: 26 | D96: 26 | E96: 20 | F96: 23
A97: Сельское население | B97: 33 | C97: 26 | D97: 26 | E97: 20 | F97: 23
A98: Кара-Кулжинский район | B98: 17 | C98: 16 | D98: 21 | E98: 16 | F98: 9
A99: Сельское население | B99: 17 | C99: 16 | D99: 21 | E99: 16 | F99: 9
A100: Кара-Сууский район | B100: 59 | C100: 59 | D100: 71 | E100: 46 | F100: 57
A101: Городское население | B101: 31 | C101: 19 | D101: 27 | E101: 24 | F101: 36
A102: Сельское население | B102: 28 | C102: 40 | D102: 44 | E102: 22 | F102: 21
A103: Ноокатский район | B103: 37 | C103: 56 | D103: 50 | E103: 34 | F103: 39
A104: Городское население | B104: 14 | C104: 18 | D104: 28 | E104: 16 | F104: 24
... A110: Сельское население | B110: 7 | C110: 5 | D110: 10 | E110: 5 | F110: 3
A111: Число умерших детей в возрасте до 1 года, на 1000 родившихся
A112: Ошская область | B112: 6.7 | C112: 7.7 | D112: 8.1 | E112: 4.7 | F112: 5.2
A113: Алайский район | B113: 8.4 | C113: 3.9 | D113: 11.9 | E113: 6.3 | F113: 2.8
A114: Сельское население | B114: 8.4 | C114: 3.9 | D114: 11.9 | E114: 6.3 | F114: 2.8
A115: Араванский район | B115: 8.7 | C115: 8 | D115: 7.4 | E115: 5.4 | F115: 6.3
A116: Сельское население | B116: 8.7 | C116: 8 | D116: 7.4 | E116: 5.4 | F116: 6.3
A117: Кара-Кулжинский район | B117: 9.1 | C117: 11 | D117: 14.8 | E117: 8.5 | F117: 5
A118: Сельское население | B118: 9.1 | C118: 11 | D118: 14.8 | E118: 8.5 | F118: 5
A119: Кара-Сууский район | B119: 5.5 | C119: 6.6 | D119: 7.1 | E119: 3.7 | F119: 6.1
A120: Городское население | B120: 44.7 | C120: 26.1 | D120: 61.1 | E120: 37.5 | F120: 27.1
A121: Сельское население | B121: 2.8 | C121: 4.9 | D121: 4.6 | E121: 1.9 | F121: 2.6
A122: Ноокатский район | B122: 4.9 | C122: 8.2 | D122: 7.1 | E122: 4.5 | F122: 5.2
A123: Городское население | B123: 17 | C123: 26.6 | D123: 70 | E123: 39.8 | F123: 62.8
... A129: Сельское население | B129: 9.2 | C129: 6.3 | D129: 13.9 | E129: 5.3 | F129: 3.4
A131: 15.8. Число браков и общие коэффициенты брачности
A132: по территории
B133: 2020 | C133: 2021 | D133: 2022 | E133: 2023 | F133: 2024
A134: Число браков, единиц
A135: Ошская область | B135: 8515 | C135: 9980 | D135: 10924 | E135: 10097 | F135: 9514
...

Sheet демогр4
A1: 15.11. Число умерших по основным классам причин смерти по полу
B2: 2020 | C2: 2021 | D2: 2022 | E2: 2023 | F2: 2024
A3: Мужчины | B3: 4146 | C3: 3400 | D3: 3179 | E3: 3042 | F3: 2873
A4: из них:
A5: Некоторых инфекционных и паразитарных болезней | B5: 65 | C5: 52 | D5: 68 | E5: 93 | F5: 51
A6: Новообразования | B6: 394 | C6: 357 | D6: 372 | E6: 349 | F6: 413
A7: Болезни системы кровообращения | B7: 2308 | C7: 1839 | D7: 1676 | E7: 1634 | F7: 1509
A8: Болезни органов дыхания | B8: 289 | C8: 215 | D8: 216 | E8: 227 | F8: 189
A9: Болезни органов пищеварения | B9: 211 | C9: 198 | D9: 185 | E9: 151 | F9: 164
A10: Травмы, отравления и некоторые другие
A11: последствия воздействия внешних причин | B11: 281 | C11: 333 | D11: 324 | E11: 266 | F11: 209
A12: COVID-19 | B12: 242 | C12: 94 | D12: 21 | F12: 1
A13: Женщины | B13: 3127 | C13: 2779 | D13: 2329 | E13: 2553 | F13: 2241
A14: из них:
A15: Некоторых инфекционных и паразитарных болезней | B15: 48 | C15: 51 | D15: 54 | E15: 63 | F15: 41
A16: Новообразования | B16: 322 | C16: 287 | D16: 285 | E16: 319 | F16: 258
A17: Болезни системы кровообращения | B17: 1898 | C17: 1643 | D17: 1326 | E17: 1501 | F17: 1372
A18: Болезни органов дыхания | B18: 228 | C18: 185 | D18: 167 | E18: 185 | F18: 146
A19: Болезни органов пищеварения | B19: 104 | C19: 118 | D19: 107 | E19: 107 | F19: 94
A20: Травмы, отравления и некоторые другие
A21: последствия воздействия внешних причин | B21: 65 | C21: 103 | D21: 99 | E21: 103 | F21: 74
A22: COVID-19 | B22: 158 | C22: 87 | D22: 7 | E22: 1
A24: 15.12. Число умерших по основным классам причин смерти,
A25: по основным возрастным группам
B27: 2020 | C27: 2021 | D27: 2022 | E27: 2023 | F27: 2024
A28: Всего умерших, человек | B28: 7273 | C28: 6179 | D28: 5508 | E28: 5595 | F28: 5114
A29: из них от:
A30: Некоторых инфекционных и паразитарных болезней | B30: 113 | C30: 103 | D30: 122 | E30: 156 | F30: 92
A31: Моложе трудоспособного возраста | B31: 21 | C31: 32 | D31: 21 | E31: 32 | F31: 17
A32: В трудоспособном возрасте | B32: 65 | C32: 48 | D32: 62 | E32: 67 | F32: 47
A33: Старше трудоспособного возраста | B33: 27 | C33: 23 | D33: 39 | E33: 57 | F33: 28
A34: Новообразований | B34: 716 | C34: 644 | D34: 657 | E34: 668 | F34: 671
A35: Моложе трудоспособного возраста | B35: 24 | C35: 14 | D35: 19 | E35: 22 | F35: 20
A36: В трудоспособном возрасте | B36: 337 | C36: 297 | D36: 288 | E36: 277 | F36: 256
A37: Старше трудоспособного возраста | B37: 355 | C37: 333 | D37: 350 | E37: 369 | F37: 395
A38: Болезней системы кровообращения | B38: 4206 | C38: 3482 | D38: 3002 | E38: 3135 | F38: 2881
A39: Моложе трудоспособного возраста | B39: =-B39 -> 0 | C39: 2 | D39: 11 | E39: - | F39: 2
A40: В трудоспособном возрасте | B40: 816 | C40: 640 | D40: 680 | E40: 635 | F40: 601
A41: Старше трудоспособного возраста | B41: 3390 | C41: 2840 | D41: 2311 | E41: 2500 | F41: 2278
A42: Болезней органов дыхания | B42: 517 | C42: 400 | D42: 383 | E42: 412 | F42: 335
A43: Моложе трудоспособного возраста | B43: 89 | C43: 69 | D43: 95 | E43: 92 | F43: 71
A44: В трудоспособном возрасте | B44: 91 | C44: 73 | D44: 63 | E44: 66 | F44: 49
A45: Старше трудоспособного возраста | B45: 337 | C45: 258 | D45: 225 | E45: 254 | F45: 215
A46: Болезней органов пищеварения | B46: 315 | C46: 316 | D46: 292 | E46: 258 | F46: 258
A47: Моложе трудоспособного возраста | B47: 4 | C47: 6 | D47: 2 | E47: 3 | F47: 3
A48: В трудоспособном возрасте | B48: 216 | C48: 217 | D48: 165 | E48: 156 | F48: 157
A49: Старше трудоспособного возраста | B49: 95 | C49: 93 | D49: 125 | E49: 99 | F49: 98
A50: Травм, отравлений и некоторых других
A51: последствий воздействия внешних причин | B51: 346 | C51: 436 | D51: 423 | E51: 369 | F51: 283
A52: Моложе трудоспособного возраста | B52: 73 | C52: 107 | D52: 97 | E52: 109 | F52: 69
A53: В трудоспособном возрасте | B53: 246 | C53: 292 | D53: 292 | E53: 233 | F53: 192
A54: Старше трудоспособного возраста | B54: 27 | C54: 87 | D54: 34 | E54: 27 | F54: 22
A55: COVID-19 | B55: 400 | C55: 181 | D55: 28 | E55: 1
A56: Моложе трудоспособного возраста | B56: 3 | C56: 1 | D56: 2 | E56: -
A57: В трудоспособном возрасте | B57: 127 | C57: 39 | D57: 9 | E57: -
A58: Старше трудоспособного возраста | B58: 270 | C58: 141 | D58: 17 | E58: 1
A64: 15.13. Число умерших детей в возрасте до 1 года и коэффициент
A65: младенческой смертности по основным классам причин смерти
B67: 2020 | C67: 2021 | D67: 2022 | E67: 2023 | F67: 2024
A69: Всего умерших детей в возрасте до 1 года, человек | B69: 219 | C69: 218 | D69: 242 | E69: 166 | F69: 164
A70: Болезни органов дыхания | B70: 49 | C70: 34 | D70: 65 | E70: 50 | F70: 38
A71: Отдельные состояния, возникающие
A72: в перинатальный период | B72: 101 | C72: 71 | D72: 57 | E72: 43 | F72: 44
A73: Некоторых инфекционных и паразитарных болезней | B73: 7 | C73: 15 | D73: 15 | E73: 9 | F73: 7
A74: Врожденные аномалии (пороки развития),
A75: деформации и хромосомные нарушения | B75: 45 | C75: 56 | D75: 59 | E75: 28 | F75: 46
A76: Травмы, отравления и некоторые другие
A77: последствия воздействия внешних причин | B77: 10 | C77: 8 | D77: 15 | E77: 19 | F77: 14
A78: Болезни нервной системы | B78: 1 | C78: 2 | D78: 15 | E78: 5 | F78: 6
A79: Болезни органов пищеварения | B79: 1 | C79: 1 | D79: 1 | E79: 1 | F79: 2
A80: COVID-19 | B80: 1 | C80: 1 | D80: 2
E81: 47.3 | F81: 52.3
A82: Всего умерших детей в возрасте до 1 года, на 10000 родившихся | B82: 66.9 | C82: 77.4 | D82: 81.2 | E82: 14.2 | F82: 12.1
A83: Болезни органов дыхания | B83: 15 | C83: 12.1 | D83: 21.8
A84: Отдельные состояния, возникающие | F84: 14
A85: в перинатальный период | B85: 30.9 | C85: 25.2 | D85: 19.1 | E85: 12.2 | F85: 2.2
A86: Некоторых инфекционных и паразитарных болезней | B86: 2.1 | C86: 5.3 | D86: 5 | E86: 2.6
A87: Врожденные аномалии (пороки развития), | F87: 14.7
A88: деформации и хромосомные нарушения | B88: 13.7 | C88: 19.9 | D88: 19.8 | E88: 7.9
A89: Травмы, отравления и некоторые другие | F89: 4.5
A90: последствия воздействия внешних причин | B90: 3.1 | C90: 2.8 | D90: 5 | E90: 5.4 | F90: 1.9
A91: Болезни нервной системы | B91: 0.3 | C91: 0.7 | D91: 5 | E91: 1.4 | F91: 0.6
A92: Болезни органов пищеварения | B92: 0.3 | C92: 0.4 | D92: 0.4 | E92: 0.3
A93: COVID-19 | B93: 0.3 | C93: 0.4 | D93: 0.7 | E93: -
A95: 15.14. Внешняя миграция населения по возрастным группам,
A96: городскому и сельскому населению
A97: (человек)
B98: 2020 | C98: 2021 | D98: 2022 | E98: 2023 | F98: 2024
A99: Все население
A100: Число прибывших - всего | B100: 46 | C100: 2314 | D100: 2782 | E100: =SUM(E102:E106) -> 2776 | F100: 2667
A101: в том числе в возрасте, лет:
A102: Мужчины и женщины 0-15 | B102: 3 | C102: 305 | D102: 427 | E102: 458 | F102: 481
A103: Мужчины 16-62 | B103: 21 | C103: 1050 | D103: 1270 | E103: 1231 | F103: 1141
A104: Женщины 16-57 | B104: 22 | C104: 917 | D104: 1051 | E104: 1021 | F104: 998
A105: Мужчины 63 и более | C105: 8 | D105: 9 | E105: 16 | F105: 15
A106: Женщины 58 и более | C106: 34 | D106: 25 | E106: 50 | F106: 32
A107: Число выбывших - всего | B107: 1186 | C107: 806 | D107: 561 | E107: =SUM(E109:E113) -> 278 | F107: 139
A108: в том числе в возрасте, лет:
A109: Мужчины и женщины 0-15 | B109: 149 | C109: 126 | D109: 53 | E109: 19 | F109: 30
A110: Мужчины 16-62 | B110: 384 | C110: 419 | D110: 221 | E110: 93 | F110: 26
...

Sheet демогр5
A1: 15.15. Внутренняя (межобластная) миграция населения по
A2: возрастным группам, городскому и сельскому населению
A3: (человек)
B4: 2020 | C4: 2021 | D4: 2022 | E4: 2023 | F4: 2024
A6: Все население
A7: Число прибывших - всего | B7: 13497 | C7: 3570 | D7: 3808 | E7: =SUM(E8:E13) -> 4009 | F7: 3051
A8: в том числе в возрасте, лет:
A9: Мужчины и женщины 0-15 | B9: 38 | C9: 204 | D9: 523 | E9: 850 | F9: 617
A10: Мужчины 16-62 | B10: 4921 | C10: 1000 | D10: 953 | E10: 900 | F10: 619
A11: Женщины 16-57 | B11: 7309 | C11: 2095 | D11: 2064 | E11: 1984 | F11: 1589
A12: Мужчины 63 и более | B12: 306 | C12: 67 | D12: 94 | E12: 89 | F12: 85
A13: Женщины 58 и более | B13: 923 | C13: 204 | D13: 174 | E13: 186 | F13: 141
A15: Число выбывших - всего | B15: 14205 | C15: 4026 | D15: 5385 | E15: =SUM(E17:E21) -> 6408 | F15: 8727
A16: в том числе в возрасте, лет:
A17: Мужчины и женщины 0-15 | B17: 87 | C17: 310 | D17: 795 | E17: 1302 | F17: 1925
A18: Мужчины 16-62 | B18: 5337 | C18: 1117 | D18: 1259 | E18: 1367 | F18: 2116
A19: Женщины 16-57 | B19: 7701 | C19: 2413 | D19: 3110 | E19: 3481 | F19: 4089
A20: Мужчины 63 и более | B20: 275 | C20: 61 | D20: 47 | E20: 67 | F20: 195
A21: Женщины 58 и более | B21: 805 | C21: 125 | D21: 174 | E21: 191 | F21: 402
A23: Миграционный прирост, отток (-) | B23: -708 | C23: -456 | D23: -1577 | E23: -2399 | F23: -5676
A24: в том числе в возрасте, лет:
A25: Мужчины и женщины 0-15 | B25: -49 | C25: -106 | D25: -272 | E25: -452 | F25: -1308
A26: Мужчины 16-62 | B26: 942 | C26: -117 | D26: -306 | E26: -467 | F26: -1497
A27: Женщины 16-57 | B27: -392 | C27: -318 | D27: -1046 | E27: -1497 | F27: -2500
A28: Мужчины 63 и более | B28: 31 | C28: 6 | D28: 47 | E28: 22 | F28: -110
A29: Женщины 58 и более | B29: 118 | C29: 79 | D29: - | E29: -5 | F29: -261
A31: Городское население
A32: Число прибывших - всего | B32: 264 | C32: - | D32: 46 | E32: 750 | F32: 91
A33: в том числе в возрасте, лет:
A34: Мужчины и женщины 0-15 | B34: 4 | C34: - | D34: 9 | E34: 147 | F34: 7
A35: Мужчины 16-62 | B35: 84 | C35: - | D35: 11 | E35: 189 | F35: 27
A36: Женщины 16-57 | B36: 148 | C36: - | D36: 20 | E36: 353 | F36: 46
A37: Мужчины 63 и более | B37: 7 | C37: - | D37: 2 | E37: 19 | F37: 2
A38: Женщины 58 и более | B38: 21 | C38: - | D38: 4 | E38: 42 | F38: 9
A40: Число выбывших - всего | B40: 263 | C40: - | D40: 2 | E40: 2 | F40: 0
A41: в том числе в возрасте, лет:
A42: Мужчины и женщины 0-15 | B42: 4 | C42: - | D42: - | E42: 1
A43: Мужчины 16-62 | B43: 99 | C43: - | D43: - | E43: -
A44: Женщины 16-57 | B44: 137 | C44: - | D44: 1 | E44: 1
A45: Мужчины 63 и более | B45: 7 | C45: -
A46: Женщины 58 и более | B46: 16 | C46: - | D46: 1
A48: Миграционный прирост, отток (-) | B48: 1 | C48: - | D48: 44 | E48: 748 | F48: 91
A49: в том числе в возрасте, лет:
A50: Мужчины и женщины 0-15 | B50: - | C50: - | D50: 8 | E50: 146 | F50: 7
A51: Мужчины 16-62 | B51: -15 | C51: - | D51: 11 | E51: 189 | F51: 27
A52: Женщины 16-57 | B52: 11 | C52: - | D52: 20 | E52: 352 | F52: 46
A53: Мужчины 63 и более | B53: - | C53: - | D53: 2 | E53: 19 | F53: 2
A54: Женщины 58 и более | B54: 5 | C54: - | D54: 3 | E54: 42 | F54: 9
A56: Сельское население
A57: Число прибывших - всего | B57: 13233 | C57: 3570 | D57: 3762 | E57: =SUM(E58:E63) -> 3259 | F57: 2960
A58: в том числе в возрасте, лет:
A59: Мужчины и женщины 0-15 | B59: 34 | C59: 204 | D59: 514 | E59: 703 | F59: 610
A60: Мужчины 16-62 | B60: 4837 | C60: 1000 | D60: 942 | E60: 711 | F60: 592
A61: Женщины 16-57 | B61: 7161 | C61: 2095 | D61: 2044 | E61: 1631 | F61: 1543
A62: Мужчины 63 и более | B62: 299 | C62: 67 | D62: 92 | E62: 70 | F62: 83
A63: Женщины 58 и более | B63: 902 | C63: 204 | D63: 170 | E63: 144 | F63: 132
A65: Продолжение
B66: 2020 | C66: 2021 | D66: 2022 | E66: 2023 | F66: 2024
A67: Число выбывших - всего | B67: 13942 | C67: 4026 | D67: 5383 | E67: 6406 | F67: 8727
A68: в том числе в возрасте, лет:
A69: Мужчины и женщины 0-15 | B69: 83 | C69: 310 | D69: 794 | E69: 1301 | F69: 1925
A70: Мужчины 16-62 | B70: 5238 | C70: 1117 | D70: 1259 | E70: 1367 | F70: 2116
A71: Женщины 16-57 | B71: 7564 | C71: 2413 | D71: 3110 | E71: 3480 | F71: 4089
A72: Мужчины 63 и более | B72: 268 | C72: 61 | D72: 47 | E72: 67 | F72: 195
A73: Женщины 58 и более | B73: 789 | C73: 125 | D73: 173 | E73: 191 | F73: 402
A75: Миграционный прирост, отток (-) | B75: -709 | C75: -456 | D75: -1621 | E75: =E57-E67 -> -3147 | F75: -5767
A76: в том числе в возрасте, лет:
A77: Мужчины и женщины 0-15 | B77: -49 | C77: -106 | D77: -280 | E77: =E59-E69 -> -598 | F77: -1315
A78: Мужчины 16-62 | B78: -401 | C78: -117 | D78: -317 | E78: =E60-E70 -> -656 | F78: -1524
A79: Женщины 16-57 | B79: -403 | C79: -318 | D79: -1066 | E79: =E61-E71 -> -1849 | F79: -2546
A80: Мужчины 63 и более | B80: 31 | C80: 6 | D80: 45 | E80: =E62-E72 -> 3 | F80: -112
A81: Женщины 58 и более | B81: 113 | C81: 79 | D81: -3 | E81: =E63-E73 -> -47 | F81: -270
A84: 15.16. Внешняя миграция населения по этническому составу
A85: (человек)
B86: 2020 | C86: 2021 | D86: 2022 | E86: 2023 | F86: 2024
A88: Число прибывших-всего | B88: 46 | C88: 2314 | D88: 2782 | E88: 2776 | F88: 2667
A89: в том числе:
A90: кыргызы | B90: 24 | C90: 1752 | D90: 2150 | E90: 2131 | F90: 2032
A91: азербайджанцы | B91: 1 | C91: - | D91: 6 | E91: 1 | F91: 9
A92: русские | B92: - | C92: 1 | D92: 4 | E92: 2 | F92: 3
A93: таджики | B93: 1 | C93: 13 | D93: 5 | E93: 8 | F93: 8
A94: татары | B94: - | C94: - | D94: - | E94: 3 | F94: 1
A95: турки | C95: 14 | D95: 22 | F95: 17
A96: узбеки | B96: 19 | C96: 510 | D96: 583 | E96: 596 | F96: 575
A97: уйгуры | B97: - | C97: 16 | D97: - | F97: 15
A98: украинцы | B98: - | C98: - | D98: - | F98: 2
A99: другие этнические группы | B99: 1 | C99: 8 | D99: 12 | E99: 3 | F99: 5
A100: Число выбывших-всего | B100: 1186 | C100: 806 | D100: 561 | E100: 278 | F100: 139
A101: в том числе:
A102: кыргызы | B102: 457 | C102: 488 | D102: 792 | E102: 183 | F102: 96 | CN102: 183
A103: азербайджанцы | B103: 3 | C103: 2 | D103: 1 | E103: 6 | CN103: 4
A104: русские | B104: 28 | C104: 4 | D104: 2 | E104: 14 | CN104: 8
A105: таджики | B105: 7 | C105: 4 | D105: 2 | E105: 6 | CN105: 3
A106: татары | B106: 5 | C106: 4 | D106: 3 | E106: 10 | F106: 1 | CN106: -
A107: турки | B107: 3 | C107: 5 | D107: 2 | E107: 6 | CN107: 2
A108: узбеки | B108: 345 | C108: 348 | D108: 372 | E108: 203 | F108: 1 | CN108: 73
A109: уйгуры | B109: 7 | C109: 7 | D109: 7 | E109: 2 | CN109: 3
A110: украинцы | B110: 1 | C110: 1 | D110: 1 | E110: 1 | F110: 2
A111: казахи | B111: 3 | C111: - | D111: 1 | CN111: 2
A112: дунгане | B112: 1 | C112: - | D112: 2 | E112: 1 | F112: 38 | CN112: -
...

Sheet демогр6
A1: Продолжение
B2: 2020 | C2: 2021 | D2: 2022 | E2: 2023 | F2: 2024
A3: турки | B3: 2 | C3: 6 | D3: 1
A4: узбеки | B4: 372 | C4: 203 | D4: 175 | E4: 73 | F4: 38
A5: уйгуры | B5: 7 | C5: 2 | D5: 2
A6: украинцы | B6: 1 | C6: 1 | D6: 1 | E6: -
A7: чеченцы | B7: - | C7: - | D7: -
A8: другие этнические группы | B8: 1 | C8: 1 | D8: 3 | E8: - | F8: -
A10: Миграционный прирост, отток (-) | B10: -1140 | C10: 1508 | D10: 2221 | E10: ='[1]демогр5 '!CM105-'[1]демогр5 '!CM118 -> 2498 | F10: 2528
A11: в том числе:
A12: кыргызы | B12: -768 | C12: 1196 | D12: 1786 | E12: ='[1]демогр5 '!CM107-'[1]демогр5 '!CM120 -> 1948 | F12: 1936
A13: азербайджанцы | B13: -1 | C13: -6 | D13: 3 | E13: ='[1]демогр5 '!CM108-'[1]демогр5 '!CM121 -> -3 | F13: 9
A14: армяне | B14: - | C14: - | D14: -
A15: дунгане | B15: -2 | C15: - | D15: 2 | F15: 2
A16: казахи | B16: -1 | C16: 1 | D16: -1 | E16: ='[1]демогр5 '!CM116-'[1]демогр5 '!CM124 -> 1 | F16: -1
A17: корейцы | E17: -
A18: русские | B18: -1 | C18: -13 | D18: - | E18: -6 | F18: 2
A19: таджики | B19: -1 | C19: 7 | D19: 3 | E19: ='[1]демогр5 '!CM110-'[1]демогр5 '!CM127 -> 5 | F19: 8
A20: татары | B20: -3 | C20: -10 | D20: -5 | E20: ='[1]демогр5 '!CM111-'[1]демогр5 '!CM128 -> 3 | F20: -1
A21: турки | B21: -2 | C21: 8 | D21: 21 | F21: 17
A22: узбеки | B22: -353 | C22: 307 | D22: 408 | E22: ='[1]демогр5 '!CM113-[1]демогр6!F4 -> 523 | F22: 537
A23: уйгуры | B23: -7 | C23: 14 | D23: 7 | F23: 14
A24: украинцы | B24: -1 | C24: -1 | D24: -1 | E24: - | F24: -
A25: чеченцы | B25: - | C25: - | D25: - | E25: - | F25: -
A26: другие этнические группы | B26: 1 | C26: 5 | D26: -2 | E26: 27 | F26: 1
A29: 15.17. Миграционные связи с другими государствами
A30: (человек)
B31: 2020 | C31: 2021 | D31: 2022 | E31: 2023 | F31: 2024
A33: Число прибывших - всего | B33: 46 | C33: 2314 | D33: 2782 | E33: =SUM(E35:E41) -> 2776 | F33: 2667
A34: в том числе проживали на территории стран СНГ: | B34: 46 | C34: 2314 | D34: 2689 | E34: 2664 | F34: 2565
A35: Казахстана | B35: 2 | C35: 108 | D35: 156 | E35: 118 | F35: 105
A36: России | B36: 17 | C36: 1949 | D36: 2416 | E36: 2452 | F36: 2405
A37: Таджикистана | B37: 3 | C37: 13 | D37: 34 | E37: 17 | F37: 6
A38: Узбекистана | B38: 22 | C38: 128 | D38: 75 | E38: 75 | F38: 46
A39: Туркменстан | E39: 1
A40: Украина | E40: 1
A41: Стран Бальтии и вне СНГ | B41: 1 | C41: 111 | D41: 93 | E41: 112 | F41: 105
A42: Число выбывших - всего | B42: 1186 | C42: 806 | D42: 561 | E42: =SUM(E44:E52) -> 278 | F42: 139
A43: в том числе выбыли на территорию стран СНГ: | B43: 1186 | C43: 806 | D43: 549 | E43: 273 | F43: 135
A44: Азербайджана | B44: - | C44: 1 | D44: 2 | E44: 2 | F44: 1
A45: Беларусии | B45: - | C45: - | D45: - | E45: 2
A46: Казахстана | B46: 427 | C46: 393 | D46: 198 | E46: 147 | F46: 35
A47: России | B47: 716 | C47: 372 | D47: 319 | E47: 102 | F47: 89
A48: Таджикистана | B48: 2 | C48: 4 | D48: 4
A49: Туркменистана | B49: - | C49: - | D49: -
A50: Узбекистана | B50: 41 | C50: 24 | D50: 22 | E50: 18 | F50: 10
A51: Украины | B51: - | C51: - | D51: 4 | E51: 2
A52: Стран Бальтии и вне СНГ | B52: - | C52: 12 | D52: 12 | E52: 5 | F52: 4
A54: Продолжение
B55: 2020 | C55: 2021 | D55: 2022 | E55: 2023 | F55: 2024
A57: Миграционный прирост, отток (-) | B57: -1140 | C57: 1508 | D57: 2221 | E57: 2498 | F57: 2528
A58: в том числе со странами СНГ: | B58: -1140 | C58: 1508 | D58: 2140 | E58: 2391 | F58: 2430
A59: Азербайджаном | B59: 1 | C59: -1 | D59: - | E59: -2 | F59: -1
A60: Беларусью | B60: - | C60: - | D60: - | E60: -2
A61: Казахстаном | B61: -425 | C61: -285 | D61: -42 | E61: -29 | F61: 70
A62: Россией | B62: -699 | C62: 1577 | D62: 2097 | E62: 2350 | F62: 2316
A63: Таджикистаном | B63: 1 | C63: 9 | D63: 30 | E63: 17 | F63: 6
A64: Туркменистаном | B64: - | C64: - | D64: 2 | E64: 1 | F64: 0
A65: Узбекистаном | B65: -19 | C65: 104 | D65: 53 | E65: 57 | F65: 36
A66: Украиной | B66: - | C66: 5 | D66: - | E66: -1 | F66: 0
A67: Стран Бальтии и вне СНГ | B67: 1 | C67: 99 | D67: 81 | E67: 107 | F67: 101
A70: 15.18. Внешняя миграция населения по территории
A71: (человек)
B72: 2020 | C72: 2021 | D72: 2022 | E72: 2023 | F72: 2024
A73: Ошская область
A74: Число прибывших-всего | B74: 46 | C74: 2314 | D74: 2782 | E74: =E75+E77+E79+E81+E84+E87+E90 -> 2776 | F74: 2667
A75: Алайский район | B75: 1 | C75: 137 | D75: 106 | E75: 149 | F75: 159
A76: сельское население | B76: 1 | C76: 137 | D76: 106 | E76: 149 | F76: 159
A77: Араванский район | B77: 8 | C77: 243 | D77: 181 | E77: 317 | F77: 263
A78: сельское население | B78: 8 | C78: 243 | D78: 181 | E78: 317 | F78: 263
A79: Кара-Кулжинский район | B79: - | C79: 159 | D79: 264 | E79: 244 | F79: 188
A80: сельское население | B80: - | C80: 159 | D80: 264 | E80: 244 | F80: 188
A81: Кара-Сууский район | B81: 29 | C81: 830 | D81: 1000 | E81: 1037 | F81: 1030
A82: городское население | B82: 4 | C82: - | D82: 4 | E82: 24 | F82: 37
A83: сельское население | B83: 25 | C83: 830 | D83: 996 | E83: 1013 | F83: 993
A84: Ноокатский район | B84: 7 | C84: 454 | D84: 668 | E84: 452 | F84: 476
A85: городское население | B85: 1 | C85: - | D85: 2 | E85: 13 | F85: 31
A86: сельское население | B86: 6 | C86: 454 | D86: 666 | E86: 439 | F86: 445
A87: Узгенский район | B87: - | C87: 488 | D87: 553 | E87: 564 | F87: 543
A88: городское население | B88: - | C88: - | D88: 15 | E88: 52 | F88: 53
A89: сельское население | B89: - | C89: 488 | D89: 538 | E89: 512 | F89: 490
A90: Чон-Алайский район | B90: 1 | C90: 3 | D90: 10 | E90: 13 | F90: 8
A91: сельское население | B91: 1 | C91: 3 | D91: 10 | E91: 13 | F91: 8
A92: Число выбывших-всего | B92: 1186 | C92: 806 | D92: 561 | E92: =E93+E95+E97+E99+E102+[1]демогр7!F7+[1]демогр7!F10 -> 321 | F92: 139
A93: Алайский район | B93: 87 | C93: 77 | D93: 27 | E93: 28 | F93: 4
A94: сельское население | B94: 87 | C94: 77 | D94: 27 | E94: 28 | F94: 4
A95: Араванский район | B95: 80 | C95: 41 | D95: 33 | E95: 16 | F95: 15
A96: сельское население | B96: 80 | C96: 41 | D96: 33 | E96: 16 | F96: 15
A97: Кара-Кулжинский район | B97: 99 | C97: 108 | D97: 37 | E97: 31 | F97: 9
A98: сельское население | B98: 99 | C98: 108 | D98: 37 | E98: 31 | F98: 9
A99: Кара-Сууский район | B99: 309 | C99: 200 | D99: 199 | E99: 82 | F99: 34
A100: городское население | B100: 22 | C100: 3 | D100: -
A101: сельское население | B101: 287 | C101: 197 | D101: 199 | E101: 82 | F101: 34
A102: Ноокатский район | B102: 240 | C102: 162 | D102: 109 | E102: 43 | F102: 32
A103: городское население | B103: 17 | C103: 5 | D103: -
A104: сельское население | B104: 223 | C104: 157 | D104: 109 | E104: 43 | F104: 32

Sheet демогр7
A1: Продолжение
B2: 2020 | C2: 2021 | D2: 2022 | E2: 2023 | F2: 2024
A4: Узгенский район | B4: 369 | C4: 213 | D4: 154 | E4: 74 | F4: 45
A5: городское население | B5: 83 | C5: 8
A6: сельское население | B6: 286 | C6: 205 | D6: 154 | E6: 74 | F6: 45
A7: Чон-Алайский район | B7: 2 | C7: 5 | D7: 2
A8: сельское население | B8: 2 | C8: 5 | D8: 2
A9: Миграционный прирост, отток (-) | B9: -1140 | C9: 1508 | D9: 2221 | E9: =[2]демогр6!F66-[2]демогр6!F84 -> 2502 | F9: 2528
A10: Алайский район | B10: -86 | C10: 60 | D10: 79 | E10: =[2]демогр6!F67-[2]демогр6!F85 -> 121 | F10: 155
A11: сельское население | B11: -86 | C11: 60 | D11: 79 | E11: =[2]демогр6!F68-[2]демогр6!F86 -> 121 | F11: 155
A12: Араванский район | B12: -72 | C12: 202 | D12: 148 | E12: =[2]демогр6!F69-[2]демогр6!F87 -> 301 | F12: 248
A13: сельское население | B13: -72 | C13: 202 | D13: 148 | E13: =[2]демогр6!F70-[2]демогр6!F88 -> 301 | F13: 248
A14: Кара-Кулжинский район | B14: -99 | C14: 51 | D14: 227 | E14: =[2]демогр6!F71-[2]демогр6!F89 -> 213 | F14: 179
A15: сельское население | B15: -99 | C15: 51 | D15: 227 | E15: =[2]демогр6!F72-[2]демогр6!F90 -> 213 | F15: 179
A16: Кара-Сууский район | B16: -280 | C16: 630 | D16: 801 | E16: =[2]демогр6!F73-[2]демогр6!F91 -> 955 | F16: 996
A17: городское население | B17: -18 | C17: -3 | D17: 4 | E17: =[2]демогр6!F74-[2]демогр6!F92 -> 24 | F17: 37
A18: сельское население | B18: -262 | C18: 633 | D18: 797 | E18: =[2]демогр6!F75-[2]демогр6!F93 -> 931 | F18: 959
A19: Ноокатский район | B19: -233 | C19: 292 | D19: 559 | E19: =[2]демогр6!F76-[2]демогр6!F94 -> 409 | F19: 444
A20: городское население | B20: -16 | C20: -5 | D20: 2 | E20: =[2]демогр6!F77-[2]демогр6!F95 -> 13 | F20: 31
A21: сельское население | B21: -217 | C21: 297 | D21: 557 | E21: =[2]демогр6!F78-[2]демогр6!F96 -> 396 | F21: 413
A22: Узгенский район | B22: -369 | C22: 275 | D22: 399 | E22: =[2]демогр6!F79-[2]демогр7!F4 -> 490 | F22: 498
A23: городское население | B23: -83 | C23: -8 | D23: 15 | E23: =[2]демогр6!F80-[2]демогр7!F5 -> 52 | F23: 53
A24: сельское население | B24: -286 | C24: 283 | D24: 384 | E24: =[2]демогр6!F81-[2]демогр7!F6 -> 438 | F24: 445
A25: Чон-Алайский район | B25: -1 | C25: -2 | D25: 8 | E25: =[2]демогр6!F82-[2]демогр7!F7 -> 13 | F25: 8
A26: сельское население | B26: -1 | C26: -2 | D26: 8 | E26: =[2]демогр6!F83-[2]демогр7!F8 -> 13 | F26: 8
A30: 15.19. Внутренняя (межобластная) миграция населения по территории
A31: (человек)
B32: 2020 | C32: 2021 | D32: 2022 | E32: 2023 | F32: 2024
A33: Ошская область
A34: Число прибывших-всего | B34: 13497 | C34: 3570 | D34: 3808 | E34: =E35+E37+E39+E41+E44+E47+E50 -> 4009 | F34: 3051
A35: Алайский район | B35: 1324 | C35: 240 | D35: 186 | E35: 207 | F35: 175
A36: сельское население | B36: 1324 | C36: 240 | D36: 186 | E36: 207 | F36: 175
A37: Араванский район | B37: 1328 | C37: 202 | D37: 191 | E37: 151 | F37: 203
A38: сельское население | B38: 1328 | C38: 202 | D38: 191 | E38: 151 | F38: 203
A39: Кара-Кулжинский район | B39: 692 | C39: 212 | D39: 303 | E39: 281 | F39: 212
A40: сельское население | B40: 692 | C40: 212 | D40: 303 | E40: 281 | F40: 212
A41: Кара-Сууский район | B41: 6139 | C41: 1843 | D41: 2019 | E41: 2307 | F41: 1453
A42: городское население | B42: 110 | D42: 17 | E42: 592 | F42: 30
A43: сельское население | B43: 6029 | C43: 1843 | D43: 2002 | E43: 1715 | F43: 1423
A44: Ноокатский район | B44: 2349 | C44: 517 | D44: 548 | E44: 453 | F44: 489
A45: городское население | B45: 84 | D45: 10 | E45: 55 | F45: 19
A46: сельское население | B46: 2265 | C46: 517 | D46: 538 | E46: 398 | F46: 470
A47: Узгенский район | B47: 1437 | C47: 480 | D47: 489 | E47: 537 | F47: 468
A48: городское население | B48: 70 | D48: 19 | E48: 103 | F48: 42
A49: сельское население | B49: 1367 | C49: 480 | D49: 470 | E49: 434 | F49: 426
A50: Чон-Алайский район | B50: 228 | C50: 76 | D50: 72 | E50: 73 | F50: 51
A51: сельское население | B51: 228 | C51: 76 | D51: 72 | E51: 73 | F51: 51
A52: Продолжение
B53: 2020 | C53: 2021 | D53: 2022 | E53: 2023 | F53: 2024
A54: Число выбывших-всего | B54: 14205 | C54: 4026 | D54: 5385 | E54: =E55+E57+E59+E61+E64+E67+E70 -> 6408 | F54: 8727
A55: Алайский район | B55: 1530 | C55: 400 | D55: 525 | E55: 610 | F55: 623
A56: сельское население | B56: 1530 | C56: 400 | D56: 525 | E56: 610 | F56: 623
A57: Араванский район | B57: 1275 | C57: 198 | D57: 259 | E57: 302 | F57: 329
A58: сельское население | B58: 1275 | C58: 198 | D58: 259 | E58: 302 | F58: 329
A59: Кара-Кулжинский район | B59: 1008 | C59: 405 | D59: 546 | E59: 712 | F59: 806
A60: сельское население | B60: 1008 | C60: 405 | D60: 546 | E60: 712 | F60: 806
A61: Кара-Сууский район | B61: 6190 | C61: 1474 | D61: 1876 | E61: 2162 | F61: 4073
A62: городское население | B62: 100
A63: сельское население | B63: 6090 | C63: 1474 | D63: 1876 | E63: 2162 | F63: 4073
A64: Ноокатский район | B64: 2242 | C64: 733 | D64: 1005 | E64: 1200 | F64: 1344
A65: городское население | B65: 66
A66: сельское население | B66: 2176 | C66: 733 | D66: 1005 | E66: 1200 | F66: 1344
A67: Узгенский район | B67: 1610 | C67: 701 | D67: 1034 | E67: 1270 | F67: 1392
A68: городское население | B68: 2242 | D68: 2 | E68: 2
A69: сельское население | B69: 1513 | C69: 701 | D69: 1032 | E69: 1268 | F69: 1392
A70: Чон-Алайский район | B70: 350 | C70: 115 | D70: 140 | E70: 152 | F70: 160
A71: сельское население | B71: 350 | C71: 115 | D71: 140 | E71: 152 | F71: 160
A72: Миграционный прирост, отток (-) | B72: -708 | C72: -456 | D72: -1577 | E72: =E34-E54 -> -2399 | F72: -5676
A73: Алайский район | B73: -206 | C73: -160 | D73: -339 | E73: =E35-E55 -> -403 | F73: -448
A74: сельское население | B74: -206 | C74: -160 | D74: -339 | E74: =E36-E56 -> -403 | F74: -448
A75: Араванский район | B75: 53 | C75: 4 | D75: -68 | E75: =E37-E57 -> -151 | F75: -126
A76: сельское население | B76: 53 | C76: 4 | D76: -68 | E76: =E38-E58 -> -151 | F76: -126
A77: Кара-Кулжинский район | B77: -316 | C77: -193 | D77: -243 | E77: =E39-E59 -> -431 | F77: -594
A78: сельское население | B78: -316 | C78: -193 | D78: -243 | E78: =E40-E60 -> -431 | F78: -594
A79: Кара-Сууский район | B79: -51 | C79: 369 | D79: 143 | E79: =E41-E61 -> 145 | F79: -2620
A80: городское население | B80: 10 | D80: 17 | E80: =E42-E62 -> 592 | F80: 30
A81: сельское население | B81: -61 | C81: 369 | D81: 126 | E81: =E43-E63 -> -447 | F81: -2650
A82: Ноокатский район | B82: 107 | C82: -218 | D82: -457 | E82: =E44-E64 -> -747 | F82: -855
A83: городское население | B83: 18 | D83: 10 | E83: =E45-E65 -> 55 | F83: 19
A84: сельское население | B84: 89 | C84: -216 | D84: -467 | E84: =E46-E66 -> -802 | F84: -874
A85: Узгенский район | B85: -173 | C85: -221 | D85: -545 | E85: =E47-E67 -> -733 | F85: -924
A86: городское население | B86: -27 | D86: 17 | E86: =E48-E68 -> 101 | F86: 42
A87: сельское население | B87: -146 | C87: -221 | D87: -562 | E87: =E49-E69 -> -834 | F87: -966
A88: Чон-Алайский район | B88: -122 | C88: -39 | D88: -68 | E88: =E50-E70 -> -79 | F88: -109
A89: сельское население | B89: -122 | C89: -39 | D89: -68 | E89: =E51-E71 -> -79 | F89: -109

Sheet здрав
A1: 16. ЗДРАВООХРАНЕНИЕ
A2: 16.1. Число медицинских учреждений
A3: (единиц)
B4: 2020 | C4: 2021 | D4: 2022 | E4: 2023 | F4: 2024
A6: Больничные учреждения | B6: 27 | C6: 26 | D6: 23 | E6: 23 | F6: 21
A7: Фельдшерско-акушерские пункты | B7: 292 | C7: 293 | D7: 296 | E7: 297 | F7: 287
A8: Центры семейных медицин | B8: 7 | C8: 0 | D8: 0 | E8: 2 | F8: 2
A9: в них ГВС | B9: 119 | C9: 119 | D9: 119 | E9: 119 | F9: 117
A11: 16.2. Численность медицинского персонала
A12: (человек)
B13: 2020 | C13: 2021 | D13: 2022 | E13: 2023 | F13: 2024
A14: Всего | B14: 2312 | C14: 2282 | D14: 2246 | E14: 2289 | F14: 2222
A15: Терапевты | B15: 107 | C15: 110 | D15: 150 | E15: 145 | F15: 142
A16: Хирурги | B16: 111 | C16: 111 | D16: 109 | E16: 113 | F16: 124
A17: Акушеры и гинекологи | B17: 159 | C17: 159 | D17: 117 | E17: 124 | F17: 121
A18: Офтальмологи | B18: 36 | C18: 27 | D18: 30 | E18: 27 | F18: 26
A19: Отоларингологи | B19: 37 | C19: 38 | D19: 33 | E19: 24 | F19: 23
A20: Невропатологи | B20: 81 | C20: 81 | D20: 51 | E20: 53 | F20: 59
A21: Психиатры и наркологи | B21: 41 | C21: 39 | D21: 26 | E21: 19 | F21: 21
A22: Фтизиатры | B22: 35 | C22: 32 | D22: 22 | E22: 25 | F22: 23
A23: Дермато-венерологи | B23: 27 | C23: 22 | D23: 18 | E23: 25 | F23: 26
A24: Рентгенологи | B24: 24 | C24: 26 | D24: 16 | E24: 16 | F24: 15
A25: Педиатры | B25: 77 | C25: 76 | D25: 191 | E25: 172 | F25: 175
... A28: Лаборанты | B28: 120 | C28: 115 | D28: 89 | E28: 89 | F28: 63
A29: Прочие | B29: 34 | C29: 44 | D29: - | E29: - | F29: -
A30: Средний медицинский персонал | B30: 7260 | C30: 7228 | D30: 6910 | E30: 7010 | F30: 6823
A31: Акушеры | B31: 662 | C31: 698 | D31: 539 | E31: 521 | F31: 472
A32: Фельдшеры | B32: 281 | C32: 257 | D32: 246 | E32: 269 | F32: 268
A33: Медицинские сестры | B33: 5506 | C33: 5565 | D33: 5105 | E33: 5236 | F33: 5222
A34: Фельдшеры - лаборанты | B34: 327 | C34: 344 | D34: 401 | E34: 398 | F34: 392
A35: Зубные врачи | B35: 129 | C35: 127 | D35: 141 | E35: 146 | F35: 90
A36: Рентгенолаборанты и рентгенотехники | B36: 65 | C36: 53 | D36: 42 | E36: 58 | F36: 64
A38: 16.3. Число больничных коек
B39: 2020 | C39: 2021 | D39: 2022 | E39: 2023 | F39: 2024
A40: Всего | B40: 5268 | C40: 5427 | D40: 5177 | E40: 5100 | F40: 5042
A41: Терапевтических | B41: 1180 | C41: 1183 | D41: 1055 | E41: 1096 | F41: 1185
A42: Педиатрические (соматические) | B42: 366 | C42: 375 | D42: 539 | E42: 559 | F42: 573
A43: Хирургических | B43: 1055 | C43: 1065 | D43: 1000 | E43: 1070 | F43: 933
A44: Онкологических | B44: 110 | C44: 110 | D44: 110 | E44: 110 | F44: 110
A45: Туберкулезных | B45: 488 | C45: 488 | D45: 308 | E45: 290 | F45: 250
A46: Инфекционных | B46: 355 | C46: 335 | D46: 383 | E46: 253 | F46: 237
A47: Офтальмологических | B47: 121 | C47: 121 | D47: 118 | E47: 128 | F47: 123
A48: Отоларингологических | B48: 166 | C48: 166 | D48: 163 | E48: 153 | F48: 153
A49: Дермато-венерологических | B49: 110 | C49: 11 | D49: 105 | E49: 105 | F49: 100
A50: Наркологических | B50: 50 | C50: 50 | D50: 50 | E50: 50 | F50: 50
A51: Неврологических | B51: 249 | C51: 264 | D51: 326 | E51: 338 | F51: 338
... A55: Психиатрических | B55: 170 | C55: 170 | D55: 190 | E55: 190 | F55: 190

Sheet здрав.1 инвалид
A1: 16.4. Число заболеваний по основным группам болезней
A2: (случаев)
B3: 2020 | C3: 2021 | D3: 2022 | E3: 2023 | F3: 2024
A4: Всего Число заболеваний впервые с установленным диагнозом | B4: 104675 | C4: 146510 | D4: 354392 | E4: 298824 | F4: 343803
A5: Инфекционные и паразитарные болезни | B5: 13863 | C5: 9818 | D5: 17392 | E5: 15842 | F5: 21369
A6: Новообразования | B6: 420 | C6: 503 | D6: 1790 | E6: 1455 | F6: 2730
A7: Болезни крови и кроветворных органов питания, нарушения обмена веществ | B7: 5606 | C7: 6696 | D7: 20731 | E7: 15986 | F7: 13903
A8: Психические расстройства и расстройства поведения | B8: 603 | C8: 1377 | D8: 5045 | E8: 4845 | F8: 4173
A9: Болезни нервной системы | B9: 4083 | C9: 9285 | D9: 21252 | E9: 17076 | F9: 19528
A10: Болезни глаза и его придатков | B10: 4020 | C10: 9529 | D10: 20855 | E10: 19049 | F10: 23194
A11: Болезни уха и сосцевидного отростка | B11: 2690 | C11: 3528 | D11: 10126 | E11: 8581 | F11: 11805
A12: Болезни системы кровообращения | B12: 6207 | C12: 4978 | D12: 41798 | E12: 36541 | F12: 41431
A13: Болезни органов дыхания | B13: 34028 | C13: 57763 | D13: 87885 | E13: 71676 | F13: 69147
A14: Болезни органов пищеварения | B14: 4472 | C14: 5499 | D14: 19786 | E14: 13735 | F14: 19791
A15: Болезни кожи и подкожной клетчатки | B15: 4185 | C15: 6804 | D15: 13894 | E15: 12442 | F15: 16014
... A22: Травмы и отравления | B22: 4506 | C22: 4162 | D22: 9127 | E22: 8403 | F22: 9321
A23: 16.5. Заболеваемость по отдельным группам болезней
B25: 2020 | C25: 2021 | D25: 2022 | E25: 2023 | F25: 2024
A26: Ошская область
A27: Инфекционные и паразитарные болезни | B27: 13863 | C27: 9818 | D27: 17392 | E27: 15842 | F27: 21369
A28: Новообразования | B28: 420 | C28: 503 | D28: 1790 | E28: 1455 | F28: 2730
A29: Болезни крови и кроветворных органов | B29: 5606 | C29: 6696 | D29: 20731 | E29: 15986 | F29: 13903
A30: Болезни эндокринной системы, | B30: 2360 | C30: 2487 | D30: 16160 | E30: 17320 | F30: 21886
A31: Болезни системы кровообращения | B31: 6207 | C31: 4978 | D31: 41798 | E31: 36541 | F31: 41431
A32: Болезни органов дыхания | B32: 34028 | C32: 57763 | D32: 87885 | E32: 71676 | F32: 69147
A33: Болезни органов пищеварения | B33: 4472 | C33: 5499 | D33: 19786 | E33: 13735 | F33: 19791
A34: в том числе по районам:
A35: Алайский район
A36: Инфекционные и паразитарные болезни | B36: 1441 | C36: 1081 | D36: 1433 | E36: 1921 | F36: 1233
A37: Новообразования | B37: 76 | C37: 48 | D37: 147 | E37: 158 | F37: 121
A38: Болезни крови и кроветворных органов | B38: 340 | C38: 423 | D38: 1075 | E38: 895 | F38: 885
A39: Болезни эндокринной системы | B39: 157 | C39: 199 | D39: 845 | E39: 877 | F39: 1110
A40: Болезни системы кровообращения | B40: 547 | C40: 702 | D40: 4046 | E40: 3606 | F40: 3058
A41: Болезни органов дыхания | B41: 3685 | C41: 6958 | D41: 8539 | E41: 9566 | F41: 6171
A42: Болезни органов пищеварения | B42: 669 | C42: 829 | D42: 2958 | E42: 2970 | F42: 2318
A43: Араванский район
A44: Инфекционные и паразитарные болезни | B44: 1905 | C44: 1358 | D44: 1576 | E44: 1495 | F44: 2038
